Workbook
Name d: [1]DATOS!$H$4:$H$12
Name dep: [1]DATOS!$D$3:$D$6
Name Deportes1: [2]DATOS!$H$4:$H$12
Name Deportes1: [2]DATOS!$H$4:$H$12
Name Deportes1: [3]DATOS!$H$4:$H$12
Name Deportes2: [2]DATOS!$I$4:$I$11
Name Deportes2: [2]DATOS!$I$4:$I$11
Name Deportes2: [3]DATOS!$I$4:$I$11
Name Deportes3: [2]DATOS!$K$4:$K$8
Name Deportes3: [2]DATOS!$K$4:$K$8
Name Deportes3: [3]DATOS!$K$4:$K$8
Name FF: [4]DATOS!$K$4:$K$8
Name INCLUIYENTE: [5]DATOS!$H$4:$H$12
Name INCLUYENTE: [5]DATOS!$J$4:$J$12
Name JUVENTUD: [6]DATOS!$J$4:$J$12
Name OTRPO: [7]DATOS!$D$3:$D$6
Name Proyecto: [2]DATOS!$D$3:$D$6
Name Proyecto: [2]DATOS!$D$3:$D$6
Name Proyecto: [3]DATOS!$D$3:$D$6
Name Recreacion: [2]DATOS!$J$4:$J$12
Name Recreacion: [2]DATOS!$J$4:$J$12
Name Recreacion: [3]DATOS!$J$4:$J$12
Name TEC: [8]DATOS!$I$4:$I$11

Sheet PLANTILLA
A1: ZONA NORTE
A2: RUTAS CICLOVÍA 40 M3 | I2: LUDICA CICLOVÍA, ESCUELA DE LA BICI, ADICIONALES 25 M3 | R2: CONOS CICLOVÍA 25 M3
A3: CORREDOR | B3: # OPERARIOS | C3: # CAMIONES | D3: MODELO | E3: DISPONIBILIDAD | F3: TIPO DE SERVICIO | G3: $ | I3: ZONA | J3: CORREDOR | K3: # OPERARIOS | L3: # CAMIONES | M3: MODELO | N3: DISPONIBILIDAD | O3: TIPO DE SERVICIO | P3: $ | R3: ZONA | S3: CORREDOR | T3: # OPERARIOS | U3: # CAMIONES | V3: MODELO | W3: DISPONIBILIDAD | X3: TIPO DE SERVICIO | Y3: $
A4: NORTE 1 | B4: =+IF(F4=0,0,MID(F4,LEN(F4)-3,1)) -> 0 | C4: 1 | D4: 2014-2020 | E4: =+IF(F4=0,0,CONCATENATE(MID(F4,FIND("-",F4,1)+1,4),"ORAS")) -> 0 | F4: 0 | G4: =+IF(F4="","",VLOOKUP(F4,$H$139:$I$191,2,FALSE)) -> 0 | I4: CENTRO | J4: CAMIONETA FURGONADA PENDONES CALLE 26 | K4: 0 | L4: 1 | M4: 2014-2020 | N4: =+IF(O4=0,0,CONCATENATE(MID(O4,FIND("-",O4,1)+1,4),"ORAS")) -> 0 | O4: 0 | P4: =+IF(O4="","",VLOOKUP(O4,$H$139:$I$191,2,FALSE)) -> 0 | R4: CENTRO | S4: CENTRO 5 CAMION 1 UNICONOS | T4: =+IF(X4=0,0,MID(X4,LEN(X4)-3,1)) -> 0 | U4: 1 | V4: 2014-2020 | W4: =+IF(X4=0,0,CONCATENATE(MID(X4,FIND("-",X4,1)+1,4),"ORAS")) -> 0 | X4: 0 | Y4: =+IF(X4="","",VLOOKUP(X4,$H$139:$I$191,2,FALSE)) -> 0
A5: NORTE 2 | B5: =+IF(F5=0,0,MID(F5,LEN(F5)-3,1)) -> 0 | C5: 1 | D5: 2014-2020 | E5: =+IF(F5=0,0,CONCATENATE(MID(F5,FIND("-",F5,1)+1,4),"ORAS")) -> 0 | F5: 0 | G5: =+IF(F5="","",VLOOKUP(F5,$H$139:I$191,2,FALSE)) -> 0 | I5: CENTRO | J5: ESCUELA | K5: 3 | L5: 1 | M5: 2014-2020 | N5: =+IF(O5=0,0,CONCATENATE(MID(O5,FIND("-",O5,1)+1,4),"ORAS")) -> 0 | O5: 0 | P5: =+IF(O5="","",VLOOKUP(O5,$H$139:$I$191,2,FALSE)) -> 0 | R5: CENTRO | S5: CENTRO 5 CAMION 2 UNICONOS | T5: =+IF(X5=0,0,MID(X5,LEN(X5)-3,1)) -> 0 | U5: 1 | V5: 2014-2020 | W5: =+IF(X5=0,0,CONCATENATE(MID(X5,FIND("-",X5,1)+1,4),"ORAS")) -> 0 | X5: 0 | Y5: =+IF(X5="","",VLOOKUP(X5,$H$139:$I$191,2,FALSE)) -> 0
A6: NORTE 3 | B6: =+IF(F6=0,0,MID(F6,LEN(F6)-3,1)) -> 0 | C6: 1 | D6: 2014-2020 | E6: =+IF(F6=0,0,CONCATENATE(MID(F6,FIND("-",F6,1)+1,4),"ORAS")) -> 0 | F6: 0 | G6: =+IF(F6="","",VLOOKUP(F6,$H$139:I$191,2,FALSE)) -> 0 | N6: =+IF(O6=0,0,CONCATENATE(MID(O6,FIND("-",O6,1)+1,4),"ORAS")) -> 0 | O6: 0 | P6: =+IF(O6="","",VLOOKUP(O6,$H$139:$I$191,2,FALSE)) -> 0 | R6: CENTRO | S6: CENTRO 4 CAMION 3 UNICONOS | T6: =+IF(X6=0,0,MID(X6,LEN(X6)-3,1)) -> 0 | U6: 1 | V6: 2014-2020 | W6: =+IF(X6=0,0,CONCATENATE(MID(X6,FIND("-",X6,1)+1,4),"ORAS")) -> 0 | X6: 0 | Y6: =+IF(X6="","",VLOOKUP(X6,$H$139:$I$191,2,FALSE)) -> 0
A7: NORTE 4 | B7: =+IF(F7=0,0,MID(F7,LEN(F7)-3,1)) -> 0 | C7: 1 | D7: 2014-2020 | E7: =+IF(F7=0,0,CONCATENATE(MID(F7,FIND("-",F7,1)+1,4),"ORAS")) -> 0 | F7: 0 | G7: =+IF(F7="","",VLOOKUP(F7,$H$139:I$191,2,FALSE)) -> 0 | O7: 0 | P7: =+IF(O7="","",VLOOKUP(O7,$H$139:$I$191,2,FALSE)) -> 0 | X7: 0 | Y7: =+IF(X7="","",VLOOKUP(X7,$H$139:$I$185,2,FALSE)) -> 0
A8: NORTE 5 ZONA 1 | B8: =+IF(F8=0,0,MID(F8,LEN(F8)-3,1)) -> 0 | C8: 1 | D8: 2014-2020 | E8: =+IF(F8=0,0,CONCATENATE(MID(F8,FIND("-",F8,1)+1,4),"ORAS")) -> 0 | F8: 0 | G8: =+IF(F8="","",VLOOKUP(F8,$H$139:I$191,2,FALSE)) -> 0 | O8: 0 | P8: =+IF(O8="","",VLOOKUP(O8,$H$139:$I$191,2,FALSE)) -> 0 | U8: =+U4+U5+U6+U7 -> 3
A9: NORTE 1 MALETINES | B9: =+IF(F9=0,0,MID(F9,LEN(F9)-3,1)) -> 0 | C9: 1 | D9: 2014-2020 | E9: =+IF(F9=0,0,CONCATENATE(MID(F9,FIND("-",F9,1)+1,4),"ORAS")) -> 0 | F9: 0 | G9: =+IF(F9="","",VLOOKUP(F9,$H$139:I$191,2,FALSE)) -> 0
A10: NORTE 1 DIVISORES | B10: =+IF(F10=0,0,MID(F10,LEN(F10)-3,1)) -> 0 | C10: 1 | D10: 2014-2020 | E10: =+IF(F10=0,0,CONCATENATE(MID(F10,FIND("-",F10,1)+1,4),"ORAS")) -> 0 | F10: 0 | G10: =+IF(F10="","",VLOOKUP(F10,$H$139:I$191,2,FALSE)) -> 0
B13: =+B10+B9+B8+B7+B6+B5+B4 -> 0 | C13: =+C10+C9+C8+C7+C6+C5+C4 -> 7 | G13: =SUM(G4:G12) -> 0 | R13: OPERARIOS ADICIONALES
A14: RUTAS CICLOVÍA 25 M3 | R14: ZONA | S14: CORREDOR | T14: # OPERARIOS | U14: # CAMIONES | V14: MODELO | W14: DISPONIBILIDAD | X14: TIPO DE SERVICIO | Y14: $
A15: CORREDOR | B15: # OPERARIOS | C15: # CAMIONES | D15: MODELO | E15: DISPONIBILIDAD | F15: TIPO DE SERVICIO | G15: $ | R15: CENTRO | S15: APOYO CICLOVÍA | T15: 3 | U15: 0 | V15: NA | W15: =+IF(X15=0,0,CONCATENATE(MID(X15,FIND("-",X15,1)+1,4),"ORAS")) -> 0 | X15: 0 | Y15: =+IF(X15="","",VLOOKUP(X15,$H$139:$I$191,2,FALSE)) -> 0
A16: NORTE 5 ZONA 2 | B16: =+IF(F16=0,0,MID(F16,LEN(F16)-3,1)) -> 0 | C16: 1 | D16: 2014-2020 | E16: =+IF(F16=0,0,CONCATENATE(MID(F16,FIND("-",F16,1)+1,4),"ORAS")) -> 0 | F16: 0 | G16: =+IF(F16="","",VLOOKUP(F16,$H$139:I$191,2,FALSE)) -> 0 | I16: ATN CICLOVÍA, ESCUELA DE LA BICI, ADICIONALES 40 M3 | R16: CENTRO | S16: ADICIONALES | T16: 2 | U16: 0 | V16: NA | W16: =+IF(X16=0,0,CONCATENATE(MID(X16,FIND("-",X16,1)+1,4),"ORAS")) -> 0 | X16: 0 | Y16: =+IF(X16="","",VLOOKUP(X16,$H$139:$I$191,2,FALSE)) -> 0
I17: ZONA | J17: CORREDOR | K17: # OPERARIOS | L17: # CAMIONES | M17: MODELO | N17: DISPONIBILIDAD | O17: TIPO DE SERVICIO | P17: $
I18: CENTRO | J18: TRASLADO DE ELEMENTOS | L18: 1 | M18: 2014-2020 | N18: =+IF(O18=0,0,CONCATENATE(MID(O18,FIND("-",O18,1)+1,4),"ORAS")) -> 0 | O18: 0 | P18: =+IF(O18="","",VLOOKUP(O18,$H$139:$I$191,2,FALSE)) -> 0 | R18: CAMIONETA 4 X4 DOBLE CABINA CON PLATON
N19: =+IF(O19=0,0,CONCATENATE(MID(O19,FIND("-",O19,1)+1,4),"ORAS")) -> 0 | O19: 0 | P19: =+IF(O19="","",VLOOKUP(O19,$H$139:$I$191,2,FALSE)) -> 0 | R19: ZONA | S19: CORREDOR | T19: # OPERARIOS | U19: # CAMIONES | V19: MODELO | W19: DISPONIBILIDAD | X19: TIPO DE SERVICIO | Y19: $
R20: NORTE | S20: APOYO CICLOVÍA | T20: NA | U20: NA | V20: 2014-2020 | W20: =+IF(X20=0,0,CONCATENATE(MID(X20,FIND("-",X20,1)+1,4),"ORAS")) -> 0 | X20: 0 | Y20: =+IF(X20="","",VLOOKUP(X20,$H$139:$I$191,2,FALSE)) -> 0
R21: CENTRO | S21: APOYO CICLOVÍA | T21: NA | U21: 1 | V21: 2014-2020 | W21: =+IF(X21=0,0,CONCATENATE(MID(X21,FIND("-",X21,1)+1,4),"ORAS")) -> 0 | X21: 0 | Y21: =+IF(X21="","",VLOOKUP(X21,$H$139:$I$191,2,FALSE)) -> 0
A22: valor total | B22: =SUM(B4:B13)+B16+B17+B18+B19+B20+B21 -> 0 | C22: =+C4+C5+C6+C7+C8+C9+C10+C16 -> 8 | G22: =SUM(G13,G16:G21) -> 0 | R22: CENTRO | S22: APOYO CICLOVÍA | T22: NA | U22: NA | V22: 2014-2020 | W22: =+IF(X22=0,0,CONCATENATE(MID(X22,FIND("-",X22,1)+1,4),"ORAS")) -> 0 | X22: 0 | Y22: =+IF(X22="","",VLOOKUP(X22,$H$139:$I$191,2,FALSE)) -> 0
A23: ZONA CENTRO | R23: SUR | S23: APOYO CICLOVÍA | T23: NA | U23: NA | V23: 2014-2020 | W23: =+IF(X23=0,0,CONCATENATE(MID(X23,FIND("-",X23,1)+1,4),"ORAS")) -> 0 | X23: 0 | Y23: =+IF(X23="","",VLOOKUP(X23,$H$139:$I$191,2,FALSE)) -> 0
A24: RUTAS CICLOVÍA 40 M3
A25: CORREDOR | B25: # OPERARIOS | C25: # CAMIONES | D25: MODELO | E25: DISPONIBILIDAD | F25: TIPO DE SERVICIO | G25: $ | J25: TOTAL | K25: =SUM(K4:K15,K18:K24) -> 3 | L25: =SUM(L4:L24) -> 3 | P25: =SUM(P4:P24) -> 0 | S25: TOTAL | T25: =+T15+T16+T4+T5+T6+T7 -> 5 | U25: =SUM(U4:U7,U21) -> 4 | Y25: =SUM(Y4:Y23) -> 0
A26: CENTRO 1 | B26: =+IF(F26=0,0,MID(F26,LEN(F26)-3,1)) -> 0 | C26: 1 | D26: 2014-2020 | E26: =+IF(F26=0,0,CONCATENATE(MID(F26,FIND("-",F26,1)+1,4),"ORAS")) -> 0 | F26: 0 | G26: =+IF(F26="","",VLOOKUP(F26,$H$139:I$191,2,FALSE)) -> 0
A27: CENTRO 2 | B27: =+IF(F27=0,0,MID(F27,LEN(F27)-3,1)) -> 0 | C27: 1 | D27: 2014-2020 | E27: =+IF(F27=0,0,CONCATENATE(MID(F27,FIND("-",F27,1)+1,4),"ORAS")) -> 0 | F27: 0 | G27: =+IF(F27="","",VLOOKUP(F27,$H$139:I$191,2,FALSE)) -> 0
A28: CENTRO 5 | B28: =+IF(F28=0,0,MID(F28,LEN(F28)-3,1)) -> 0 | C28: 1 | D28: 2014-2020 | E28: =+IF(F28=0,0,CONCATENATE(MID(F28,FIND("-",F28,1)+1,4),"ORAS")) -> 0 | F28: 0 | G28: =+IF(F28="","",VLOOKUP(F28,$H$139:I$191,2,FALSE)) -> 0
A32: RUTAS CICLOVÍA 25 M3
B33: # OPERARIOS | C33: # CAMIONES | D33: MODELO | F33: TIPO DE SERVICIO | G33: $
A34: CENTRO 3 ZONA 1 | B34: =+IF(F34=0,0,MID(F34,LEN(F34)-3,1)) -> 0 | C34: 1 | D34: 2014-2020 | E34: =+IF(F34=0,0,CONCATENATE(MID(F34,FIND("-",F34,1)+1,4),"ORAS")) -> 0 | F34: 0 | G34: =+IF(F34="","",VLOOKUP(F34,$H$139:I$191,2,FALSE)) -> 0
A35: CENTRO 3 ZONA 2 | B35: =+IF(F35=0,0,MID(F35,LEN(F35)-3,1)) -> 0 | C35: 1 | D35: 2014-2020 | E35: =+IF(F35=0,0,CONCATENATE(MID(F35,FIND("-",F35,1)+1,4),"ORAS")) -> 0 | F35: 0 | G35: =+IF(F35="","",VLOOKUP(F35,$H$139:I$191,2,FALSE)) -> 0
A36: CENTRO 4 | B36: =+IF(F36=0,0,MID(F36,LEN(F36)-3,1)) -> 0 | C36: 1 | D36: 2014-2020 | E36: =+IF(F36=0,0,CONCATENATE(MID(F36,FIND("-",F36,1)+1,4),"ORAS")) -> 0 | F36: 0 | G36: =+IF(F36="","",VLOOKUP(F36,$H$139:I$191,2,FALSE)) -> 0
A37: CENTRO 6 ZONA 1 | B37: =+IF(F37=0,0,MID(F37,LEN(F37)-3,1)) -> 0 | C37: 1 | D37: 2014-2020 | E37: =+IF(F37=0,0,CONCATENATE(MID(F37,FIND("-",F37,1)+1,4),"ORAS")) -> 0 | F37: 0 | G37: =+IF(F37="","",VLOOKUP(F37,$H$139:I$191,2,FALSE)) -> 0
A38: CENTRO 6 ZONA 2 | B38: =+IF(F38=0,0,MID(F38,LEN(F38)-3,1)) -> 0 | C38: 1 | D38: 2014-2020 | E38: =+IF(F38=0,0,CONCATENATE(MID(F38,FIND("-",F38,1)+1,4),"ORAS")) -> 0 | F38: 0 | G38: =+IF(F38="","",VLOOKUP(F38,$H$139:I$191,2,FALSE)) -> 0
A40: valor total | B40: =+B26+B27+B28+B34+B35+B36+B37+B38 -> 0 | C40: =SUM(C26:C32)+C34+C35+C36+C37+C38+C39 -> 8 | E40: =+IF(F40=0,0,CONCATENATE(MID(F40,FIND("-",F40,1)+1,3),"ORAS")) -> 0 | G40: =SUM(G26:G31,G34:G39) -> 0
A41: ZONA SUR
A42: RUTAS CICLOVÍA 40 M3
A43: CORREDOR | B43: # OPERARIOS | C43: # CAMIONES | D43: MODELO | E43: DISPONIBILIDAD | F43: TIPO DE SERVICIO | G43: $
A52: RUTAS CICLOVÍA 25 M3
A53: CORREDOR | B53: # OPERARIOS | C53: # CAMIONES | D53: MODELO | E53: DISPONIBILIDAD | F53: TIPO DE SERVICIO | G53: $
A54: SUR 1 ZONA 1 | B54: =+IF(F54=0,0,MID(F54,LEN(F54)-3,1)) -> 0 | C54: 1 | D54: 2014-2020 | E54: =+IF(F54=0,0,CONCATENATE(MID(F54,FIND("-",F54,1)+1,4),"ORAS")) -> 0 | F54: 0 | G54: =+IF(F54="","",VLOOKUP(F54,$H$139:I$191,2,FALSE)) -> 0
A55: SUR 1 ZONA 2 | B55: =+IF(F55=0,0,MID(F55,LEN(F55)-3,1)) -> 0 | C55: 1 | D55: 2014-2020 | E55: =+IF(F55=0,0,CONCATENATE(MID(F55,FIND("-",F55,1)+1,4),"ORAS")) -> 0 | F55: 0 | G55: =+IF(F55="","",VLOOKUP(F55,$H$139:I$191,2,FALSE)) -> 0
A56: SUR 1 MALETINES | B56: =+IF(F56=0,0,MID(F56,LEN(F56)-3,1)) -> 0 | C56: 1 | D56: 2014-2020 | E56: =+IF(F56=0,0,CONCATENATE(MID(F56,FIND("-",F56,1)+1,4),"ORAS")) -> 0 | F56: 0 | G56: =+IF(F56="","",VLOOKUP(F56,$H$139:I$191,2,FALSE)) -> 0
A57: SUR 2 | B57: =+IF(F57=0,0,MID(F57,LEN(F57)-3,1)) -> 0 | C57: 1 | D57: 2014-2020 | E57: =+IF(F57=0,0,CONCATENATE(MID(F57,FIND("-",F57,1)+1,4),"ORAS")) -> 0 | F57: 0 | G57: =+IF(F57="","",VLOOKUP(F57,$H$139:I$191,2,FALSE)) -> 0
A58: SUR 2 CANECAS 1 | B58: =+IF(F58=0,0,MID(F58,LEN(F58)-3,1)) -> 0 | C58: 1 | D58: 2014-2020 | E58: =+IF(F58=0,0,CONCATENATE(MID(F58,FIND("-",F58,1)+1,4),"ORAS")) -> 0 | F58: 0 | G58: =+IF(F58="","",VLOOKUP(F58,$H$139:I$191,2,FALSE)) -> 0
A59: SUR 2 CANECAS 2 | B59: =+IF(F59=0,0,MID(F59,LEN(F59)-3,1)) -> 0 | C59: 1 | D59: 2014-2020 | E59: =+IF(F59=0,0,CONCATENATE(MID(F59,FIND("-",F59,1)+1,4),"ORAS")) -> 0 | F59: 0 | G59: =+IF(F59="","",VLOOKUP(F59,$H$139:I$191,2,FALSE)) -> 0
A60: SUR 2 CANECAS 3 | B60: =+IF(F60=0,0,MID(F60,LEN(F60)-3,1)) -> 0 | C60: 1 | D60: 2014-2020 | E60: =+IF(F60=0,0,CONCATENATE(MID(F60,FIND("-",F60,1)+1,4),"ORAS")) -> 0 | F60: 0 | G60: =+IF(F60="","",VLOOKUP(F60,$H$139:I$191,2,FALSE)) -> 0
A61: SUR 2 CANECAS 4 | B61: =+IF(F61=0,0,MID(F61,LEN(F61)-3,1)) -> 0 | C61: 1 | D61: 2014-2020 | E61: =+IF(F61=0,0,CONCATENATE(MID(F61,FIND("-",F61,1)+1,4),"ORAS")) -> 0 | F61: 0 | G61: =+IF(F61="","",VLOOKUP(F61,$H$139:I$191,2,FALSE)) -> 0
A62: SUR 3 ZONA 1 | B62: =+IF(F62=0,0,MID(F62,LEN(F62)-3,1)) -> 0 | C62: 1 | D62: 2014-2020 | E62: =+IF(F62=0,0,CONCATENATE(MID(F62,FIND("-",F62,1)+1,4),"ORAS")) -> 0 | F62: 0 | G62: =+IF(F62="","",VLOOKUP(F62,$H$139:I$191,2,FALSE)) -> 0
A63: SUR 3 ZONA 2 | B63: =+IF(F63=0,0,MID(F63,LEN(F63)-3,1)) -> 0 | C63: 1 | D63: 2014-2020 | E63: =+IF(F63=0,0,CONCATENATE(MID(F63,FIND("-",F63,1)+1,4),"ORAS")) -> 0 | F63: 0 | G63: =+IF(F63="","",VLOOKUP(F63,$H$139:I$191,2,FALSE)) -> 0
A65: valor total | B65: =+B54+B55+B56+B57+B58+B64+B59+B60+B61+B62+B63+B46+B47+B48+B49+B50+B51 -> 0 | C65: =C59+C60+C61+C62+C63+C46+C47+C48+C49+C50+C54+C55+C56+C57+C58+C64 -> 10 | G65: =SUM(G46:G51,G54:G64) -> 0
A67: TOTAL | B67: =B65+B40+B22 -> 0 | C67: =C65+C40+C22 -> 26 | D67: =D65+D40+D22 -> 0 | G67: =SUM(G22,G40,G65) -> 0
J68: GRAN TOTAL OPERA | K68: =K25+B67+T25+AB25 -> 8
J69: GRAN TOTAL CAMIONES | K69: =L25+C67+U25+AC25 -> 33 | M69: ZONA NORTE | N69: ZONA CENTRO | O69: ZONA SUR
J70: VALOR $ | K70: =SUM(G67,P25,Y25) -> 0 | M70: =SUM(G22,Y20) -> 0 | N70: =SUM(G40,P4:P15,P18:P24,Y4:Y8,Y15:Y16,Y21:Y22) -> 0 | O70: =SUM(G46:G51,G54:G63,Y23) -> 0 | P70: =SUM(M70:O70) -> 0
A72: OTRAS NOVEDADES DE JORNADA
A73: MOVIMIENTOS: * SE REQUIERE QUE LOS DOS OPERARI@S PARA APOYO DE CICLOVÍA LLEGUEN A PLAZA DE LOS ARTESANOS Carrera 60 #63A-52 A LAS 10:00 AM Y ESTEN DISPONIBLES 05 PM. ENCARGADO EDDY CAMACHO 3163678143 * LA CAMIONETA FURGONADA DE PENDONES DE CALLE 26 DEBE LLEGAR A LAS 4:00 AM A LA PLAZA DE ARTESANOS, JUNTO CON LOS DOS OPERARIOS ADICIONALES. CAMIONETA 1: CAMIONETA DEBE LLEGAR A LAS 4:00 AM A CALLE 3 QUEDA DISPONIBLE. ENCARGADO KEVIN SILVA 3214765973 CAMIONETA 2: CAMIONETA DEBE LLEGAR A LAS 4:00 AM A CALLE 3 QUEDA DISPONIBLE. ENCARGADO KEVIN SILVA 3214765973 CAMIONETA 3: CAMIONETA DEBE LLEGAR A LAS 4:00 AM A CALLE 3 QUEDA DISPONIBLE. ENCARGADO KEVIN SILVA 3214765973 FURGONADA: CAMIONETA DEBE LLEGAR A LAS 5:30 AM A CALLE 3 QUEDA DISPONIBLE. ENCARGADO KEVIN SILVA 3214765973 ESCUELA DE LA BICI: EL VEHÍCULO DE ESCUELA. SE ACALARA QUE DEBEN COMUNICARSE CON EL TALENTO HUMANO DE EL PROGRAMA DE ESCUELA DE LA BICICLETA SERGIO PRIETO CEL 3167160204, LO ANTERIOR PARA COORDINAR LOS PUNTOS Y LOS DESPLAZAMIENTOS. DISPONIBLES: SE DEBE DEJAR DOS CAMIONES DE 25m2 CON 3 OPERARIOS LOS CUALES DEBEN REGRESAR A LA CALLE 3 A LAS 8:30 AM, ENCARGADO EDDY CAMACHO 3163678143. 3012802342
A93: Apoyan Guardaines ATN Norte 4, Norte 2 y Norte 3 Apoan Guardianes ATN Norte 1, Centro 1 y Centro 5 Apoyan Guardianes ATN Centro 4, Centro 3 y Sur 3 Apoyan Guardianes ATN Sur 1, Sur 2 y Centro 2
J138: TIPO DE DISPONIBILIDAD | K138: OPERARIOS
F139: 0 | G139: 0 | H139: 0 | I139: 0 | J139: 0 | K139: 0 | L139: 0 | M139: 0 | N139: =+CONCATENATE(G139,"VEHICULO",M139) -> 0VEHICULO0
F140: 40m³-15H-4OP | G140: 1. | H140: 1.CAMION TIPO40m³-15 HORAS-4 OP | I140: 582964 | J140: C | K140: 4 | L140: 1 SENCILLO 15H 4OP | M140: . | N140: =+CONCATENATE(G140,F140) -> 1.40m³-15H-4OP
F141: 40m³-15H-3OP | G141: 2. | H141: 2.CAMION TIPO40m³-15 HORAS-3 OP | I141: 514916 | J141: C | K141: 3 | L141: 2 SENCILLO 15H 3OP | M141: . | N141: =+CONCATENATE(G141,F141) -> 2.40m³-15H-3OP
F142: 40m³-15H-2OP | G142: 3. | H142: 3.CAMION TIPO40m³-15 HORAS-2 OP | I142: 448638 | J142: C | K142: 2 | L142: 3 SENCILLO 15H 2OP | M142: . | N142: =+CONCATENATE(G142,F142) -> 3.40m³-15H-2OP
F143: 40m³-15H-1OP | G143: 4. | H143: 4.CAMION TIPO40m³-15 HORAS-1 OP | I143: 381163 | J143: C | K143: 1 | L143: 4 SENCILLO 15H 1OP | M143: . | N143: =+CONCATENATE(G143,F143) -> 4.40m³-15H-1OP
F144: 40m³-15H-0OP | G144: 5. | H144: 5.CAMION TIPO40m³-15 HORAS-0 OP | I144: 321680 | J144: C | K144: 0 | L144: 5 SENCILLO 15H 0OP | M144: . | N144: =+CONCATENATE(G144,F144) -> 5.40m³-15H-0OP
F145: 40m³-9H-4OP | G145: 6. | H145: 6.CAMION TIPO40m³-09 HORAS-4 OP | I145: 509192 | J145: M | K145: 4 | L145: 6 SENCILLO M 4OP | M145: . | N145: =+CONCATENATE(G145,F145) -> 6.40m³-9H-4OP
F146: 40m³-9H-3OP | G146: 7. | H146: 7.CAMION TIPO40m³-09 HORAS-3 OP | I146: 450204 | J146: M | K146: 3 | L146: 7 SENCILLO M 3OP | M146: . | N146: =+CONCATENATE(G146,F146) -> 7.40m³-9H-3OP
F147: 40m³-9H-2OP | G147: 8. | H147: 8.CAMION TIPO40m³-09 HORAS-2 OP | I147: 392186 | J147: M | K147: 2 | L147: 8 SENCILLO M 2OP | M147: . | N147: =+CONCATENATE(G147,F147) -> 8.40m³-9H-2OP
F148: 40m³-9H-1OP | G148: 9. | H148: 9.CAMION TIPO40m³-09 HORAS-1 OP | I148: 329397 | J148: M | K148: 1 | L148: 9 SENCILLO M 1OP | M148: . | N148: =+CONCATENATE(G148,F148) -> 9.40m³-9H-1OP
F149: 40m³-9H-0OP | G149: 10. | H149: 10.CAMION TIPO40m³-09 HORAS-0 OP | I149: 280919 | J149: M | K149: 0 | L149: 10 SENCILLO M 0OP | M149: . | N149: =+CONCATENATE(G149,F149) -> 10.40m³-9H-0OP
F150: 40m³-4H-4OP | G150: 11. | H150: 11.CAMION TIPO40m³-04 HORAS-4 OP | I150: 420585 | J150: R | K150: 4 | L150: 11 SENCILLO R 4OP | M150: . | N150: =+CONCATENATE(G150,F150) -> 11.40m³-4H-4OP
F151: 40m³-4H-3OP | G151: 12. | H151: 12.CAMION TIPO40m³-04 HORAS-3 OP | I151: 369327 | J151: R | K151: 3 | L151: 12 SENCILLO R 3OP | M151: . | N151: =+CONCATENATE(G151,F151) -> 12.40m³-4H-3OP
... F181: OPERARIO-6-H | G181: 42. | H181: 42.OPERARIO-06 HORAS | I181: 41562 | J181: H | K181: 0 | L181: 42 OPERARIO 6 H | M181: . | N181: =+CONCATENATE(G181,F181) -> 42.OPERARIO-6-H
F182: BOGOTA-REGION-40m³- | G182: 43. | H182: 43.BOGOTA-REGION-40m³-9 HORAS | I182: 628232 | N182: =+CONCATENATE(G182,F182) -> 43.BOGOTA-REGION-40m³-
F183: BOGOTA-REGION-25m³- | G183: 44. | H183: 44.BOGOTA-REGION-25m³-9 HORAS | I183: 562619 | N183: =+CONCATENATE(G183,F183) -> 44.BOGOTA-REGION-25m³-
F184: BOGOTA-REGION-FURGON- | G184: 45. | H184: 45.BOGOTA-REGION-FURGON-9 HORAS | I184: 418264 | N184: =+CONCATENATE(G184,F184) -> 45.BOGOTA-REGION-FURGON-
F185: BOGOTA-REGION-4X4 | G185: 46. | H185: 46.BOGOTA-REGION-4X4-9 HORAS | I185: 288714 | N185: =+CONCATENATE(G185,F185) -> 46.BOGOTA-REGION-4X4
H186: 47. 6 OPERARIO-06 HORAS | I186: =41562*6 -> 249372 | J186: H | N186: =+CONCATENATE(G186,F186)
H187: 48. 8 OPERARIO-06 HORAS | I187: =41562*8 -> 332496 | J187: H
H188: 49. 10 OPERARIO-06 HORAS | I188: =41562*8 -> 332496 | J188: H
H189: 50. 6 OPERARIO-08 HORAS | I189: =53577*10 -> 535770 | J189: H
H190: 51. 8 OPERARIO-08 HORAS | I190: =53577*8 -> 428616 | J190: H
H191: 52. 10 OPERARIO-08 HORAS | I191: =53577*10 -> 535770 | J191: H

Sheet 12 FEBRERO 
A1: ZONA NORTE
A2: RUTAS CICLOVÍA 40 M3 | I2: LUDICA CICLOVÍA, ESCUELA DE LA BICI, ADICIONALES 25 M3 | R2: CONOS CICLOVÍA 25 M3
A3: CORREDOR | B3: # OPERARIOS | C3: # CAMIONES | D3: MODELO | E3: DISPONIBILIDAD | F3: TIPO DE SERVICIO | G3: $ | I3: ZONA | J3: CORREDOR | K3: # OPERARIOS | L3: # CAMIONES | M3: MODELO | N3: DISPONIBILIDAD | O3: TIPO DE SERVICIO | P3: $ | R3: ZONA | S3: CORREDOR | T3: # OPERARIOS | U3: # CAMIONES | V3: MODELO | W3: DISPONIBILIDAD | X3: TIPO DE SERVICIO | Y3: $
A4: NORTE 1 | B4: =+IF(F4=0,0,MID(F4,LEN(F4)-3,1)) -> 4 | C4: 1 | D4: 2014-2020 | E4: =+IF(F4=0,0,CONCATENATE(MID(F4,FIND("-",F4,1)+1,4),"ORAS")) -> 15 HORAS | F4: 1.CAMION TIPO40m³-15 HORAS-4 OP | G4: =+IF(F4="","",VLOOKUP(F4,$H$140:$I$192,2,FALSE)) -> 582964 | I4: CENTRO | J4: CAMIONETA FURGONADA PENDONES CALLE 26 | K4: 0 | L4: 1 | M4: 2014-2020 | N4: =+IF(O4=0,0,CONCATENATE(MID(O4,FIND("-",O4,1)+1,4),"ORAS")) -> 15 HORAS | O4: 31.CAMION TIPOFURGON-15 HORAS | P4: =+IF(O4="","",VLOOKUP(O4,$H$140:$I$192,2,FALSE)) -> 239262 | R4: CENTRO | S4: CENTRO 5 CAMION 1 UNICONOS | T4: =+IF(X4=0,0,MID(X4,LEN(X4)-3,1)) -> 4 | U4: 1 | V4: 2014-2020 | W4: =+IF(X4=0,0,CONCATENATE(MID(X4,FIND("-",X4,1)+1,4),"ORAS")) -> 15 HORAS | X4: 16.CAMION TIPO25m³-15 HORAS-4 OP | Y4: =+IF(X4="","",VLOOKUP(X4,$H$140:$I$192,2,FALSE)) -> 501739
A5: NORTE 2 | B5: =+IF(F5=0,0,MID(F5,LEN(F5)-3,1)) -> 3 | C5: 1 | D5: 2014-2020 | E5: =+IF(F5=0,0,CONCATENATE(MID(F5,FIND("-",F5,1)+1,4),"ORAS")) -> 15 HORAS | F5: 2.CAMION TIPO40m³-15 HORAS-3 OP | G5: =+IF(F5="","",VLOOKUP(F5,$H$140:I$192,2,FALSE)) -> 514916 | I5: CENTRO | J5: ESCUELA | K5: 3 | L5: 1 | M5: 2014-2020 | N5: =+IF(O5=0,0,CONCATENATE(MID(O5,FIND("-",O5,1)+1,4),"ORAS")) -> 15 HORAS | O5: 18.CAMION TIPO25m³-15 HORAS-2 OP | P5: =+IF(O5="","",VLOOKUP(O5,$H$140:$I$192,2,FALSE)) -> 388652 | R5: CENTRO | S5: CENTRO 5 CAMION 2 UNICONOS | T5: =+IF(X5=0,0,MID(X5,LEN(X5)-3,1)) -> 4 | U5: 1 | V5: 2014-2020 | W5: =+IF(X5=0,0,CONCATENATE(MID(X5,FIND("-",X5,1)+1,4),"ORAS")) -> 15 HORAS | X5: 16.CAMION TIPO25m³-15 HORAS-4 OP | Y5: =+IF(X5="","",VLOOKUP(X5,$H$140:$I$192,2,FALSE)) -> 501739
A6: NORTE 3 | B6: =+IF(F6=0,0,MID(F6,LEN(F6)-3,1)) -> 3 | C6: 1 | D6: 2014-2020 | E6: =+IF(F6=0,0,CONCATENATE(MID(F6,FIND("-",F6,1)+1,4),"ORAS")) -> 15 HORAS | F6: 2.CAMION TIPO40m³-15 HORAS-3 OP | G6: =+IF(F6="","",VLOOKUP(F6,$H$140:I$192,2,FALSE)) -> 514916 | I6: CENTRO | J6: TRASLADO DE ELEMENTOS | K6: 4 | L6: 1 | M6: 2014-2020 | N6: =+IF(O6=0,0,CONCATENATE(MID(O6,FIND("-",O6,1)+1,4),"ORAS")) -> 09 HORAS | O6: 21.CAMION TIPO25m³-09 HORAS-4 OP | P6: =+IF(O6="","",VLOOKUP(O6,$H$140:$I$192,2,FALSE)) -> 433978 | R6: CENTRO | S6: CENTRO 4 CAMION 3 UNICONOS | T6: =+IF(X6=0,0,MID(X6,LEN(X6)-3,1)) -> 3 | U6: 1 | V6: 2014-2020 | W6: =+IF(X6=0,0,CONCATENATE(MID(X6,FIND("-",X6,1)+1,4),"ORAS")) -> 15 HORAS | X6: 17.CAMION TIPO25m³-15 HORAS-3 OP | Y6: =+IF(X6="","",VLOOKUP(X6,$H$140:$I$192,2,FALSE)) -> 443323
A7: NORTE 4 | B7: =+IF(F7=0,0,MID(F7,LEN(F7)-3,1)) -> 3 | C7: 1 | D7: 2014-2020 | E7: =+IF(F7=0,0,CONCATENATE(MID(F7,FIND("-",F7,1)+1,4),"ORAS")) -> 15 HORAS | F7: 2.CAMION TIPO40m³-15 HORAS-3 OP | G7: =+IF(F7="","",VLOOKUP(F7,$H$140:I$192,2,FALSE)) -> 514916 | O7: 0 | P7: =+IF(O7="","",VLOOKUP(O7,$H$140:$I$192,2,FALSE)) -> 0 | X7: 0 | Y7: =+IF(X7="","",VLOOKUP(X7,$H$140:$I$186,2,FALSE)) -> 0
A8: NORTE 5 ZONA 1 | B8: =+IF(F8=0,0,MID(F8,LEN(F8)-3,1)) -> 3 | C8: 1 | D8: 2014-2020 | E8: =+IF(F8=0,0,CONCATENATE(MID(F8,FIND("-",F8,1)+1,4),"ORAS")) -> 15 HORAS | F8: 2.CAMION TIPO40m³-15 HORAS-3 OP | G8: =+IF(F8="","",VLOOKUP(F8,$H$140:I$192,2,FALSE)) -> 514916 | O8: 0 | P8: =+IF(O8="","",VLOOKUP(O8,$H$140:$I$192,2,FALSE)) -> 0 | U8: =+U4+U5+U6+U7 -> 3
A9: NORTE 1 MALETINES | B9: =+IF(F9=0,0,MID(F9,LEN(F9)-3,1)) -> 4 | C9: 1 | D9: 2014-2020 | E9: =+IF(F9=0,0,CONCATENATE(MID(F9,FIND("-",F9,1)+1,4),"ORAS")) -> 15 HORAS | F9: 1.CAMION TIPO40m³-15 HORAS-4 OP | G9: =+IF(F9="","",VLOOKUP(F9,$H$140:I$192,2,FALSE)) -> 582964
A10: NORTE 1 DIVISORES | B10: =+IF(F10=0,0,MID(F10,LEN(F10)-3,1)) -> 4 | C10: 1 | D10: 2014-2020 | E10: =+IF(F10=0,0,CONCATENATE(MID(F10,FIND("-",F10,1)+1,4),"ORAS")) -> 15 HORAS | F10: 1.CAMION TIPO40m³-15 HORAS-4 OP | G10: =+IF(F10="","",VLOOKUP(F10,$H$140:I$192,2,FALSE)) -> 582964
B13: =+B10+B9+B8+B7+B6+B5+B4 -> 24 | C13: =+C10+C9+C8+C7+C6+C5+C4 -> 7 | G13: =SUM(G4:G12) -> 3808556 | R13: OPERARIOS ADICIONALES
A14: RUTAS CICLOVÍA 25 M3 | R14: ZONA | S14: CORREDOR | T14: # OPERARIOS | U14: # CAMIONES | V14: MODELO | W14: DISPONIBILIDAD | X14: TIPO DE SERVICIO | Y14: $
A15: CORREDOR | B15: # OPERARIOS | C15: # CAMIONES | D15: MODELO | E15: DISPONIBILIDAD | F15: TIPO DE SERVICIO | G15: $ | R15: CENTRO | S15: APOYO CICLOVÍA | T15: 3 | U15: 0 | V15: NA | W15: =+IF(X15=0,0,CONCATENATE(MID(X15,FIND("-",X15,1)+1,4),"ORAS")) -> 08 HORAS | X15: 41.OPERARIO-08 HORAS | Y15: =+(IF(X15="","",VLOOKUP(X15,$H$140:$I$192,2,FALSE)))*T15 -> 160731
A16: NORTE 5 ZONA 2 | B16: =+IF(F16=0,0,MID(F16,LEN(F16)-3,1)) -> 3 | C16: 1 | D16: 2014-2020 | E16: =+IF(F16=0,0,CONCATENATE(MID(F16,FIND("-",F16,1)+1,4),"ORAS")) -> 15 HORAS | F16: 17.CAMION TIPO25m³-15 HORAS-3 OP | G16: =+IF(F16="","",VLOOKUP(F16,$H$140:I$192,2,FALSE)) -> 443323 | I16: ATN CICLOVÍA, ESCUELA DE LA BICI, ADICIONALES 40 M3 | R16: CENTRO | S16: ADICIONALES | T16: 2 | U16: 0 | V16: NA | W16: =+IF(X16=0,0,CONCATENATE(MID(X16,FIND("-",X16,1)+1,4),"ORAS")) -> 08 HORAS | X16: 41.OPERARIO-08 HORAS | Y16: =+(IF(X16="","",VLOOKUP(X16,$H$140:$I$192,2,FALSE)))*T16 -> 107154
I17: ZONA | J17: CORREDOR | K17: # OPERARIOS | L17: # CAMIONES | M17: MODELO | N17: DISPONIBILIDAD | O17: TIPO DE SERVICIO | P17: $
N18: =+IF(O18=0,0,CONCATENATE(MID(O18,FIND("-",O18,1)+1,4),"ORAS")) -> 0 | O18: 0 | P18: =+IF(O18="","",VLOOKUP(O18,$H$140:$I$192,2,FALSE)) -> 0 | R18: CAMIONETA 4 X4 DOBLE CABINA CON PLATON
N19: =+IF(O19=0,0,CONCATENATE(MID(O19,FIND("-",O19,1)+1,4),"ORAS")) -> 0 | O19: 0 | P19: =+IF(O19="","",VLOOKUP(O19,$H$140:$I$192,2,FALSE)) -> 0 | R19: ZONA | S19: CORREDOR | T19: # OPERARIOS | U19: # CAMIONES | V19: MODELO | W19: DISPONIBILIDAD | X19: TIPO DE SERVICIO | Y19: $
R20: NORTE | S20: APOYO CICLOVÍA | T20: NA | U20: NA | V20: 2014-2020 | W20: =+IF(X20=0,0,CONCATENATE(MID(X20,FIND("-",X20,1)+1,4),"ORAS")) -> 15 HORAS | X20: 34.4X4-15 HORAS | Y20: =+IF(X20="","",VLOOKUP(X20,$H$140:$I$192,2,FALSE)) -> 373234
R21: NORTE | S21: APOYO CICLOVÍA | T21: NA | U21: NA | V21: 2014-2020 | W21: =+IF(X21=0,0,CONCATENATE(MID(X21,FIND("-",X21,1)+1,4),"ORAS")) -> 15 HORAS | X21: 34.4X4-15 HORAS | Y21: =+IF(X21="","",VLOOKUP(X21,$H$140:$I$192,2,FALSE)) -> 373234
R22: CENTRO | S22: APOYO CICLOVÍA | T22: NA | U22: 1 | V22: 2014-2020 | W22: =+IF(X22=0,0,CONCATENATE(MID(X22,FIND("-",X22,1)+1,4),"ORAS")) -> 15 HORAS | X22: 31.CAMION TIPOFURGON-15 HORAS | Y22: =+IF(X22="","",VLOOKUP(X22,$H$140:$I$192,2,FALSE)) -> 239262
A23: valor total | B23: =SUM(B4:B13)+B16+B17+B18+B19+B20+B22 -> 27 | C23: =+C4+C5+C6+C7+C8+C9+C10+C16 -> 8 | G23: =SUM(G13,G16:G22) -> 4251879 | R23: CENTRO | S23: APOYO CICLOVÍA | T23: NA | U23: NA | V23: 2014-2020 | W23: =+IF(X23=0,0,CONCATENATE(MID(X23,FIND("-",X23,1)+1,4),"ORAS")) -> 15 HORAS | X23: 34.4X4-15 HORAS | Y23: =+IF(X23="","",VLOOKUP(X23,$H$140:$I$192,2,FALSE)) -> 373234
A24: ZONA CENTRO | R24: SUR | S24: APOYO CICLOVÍA | T24: NA | U24: NA | V24: 2014-2020 | W24: =+IF(X24=0,0,CONCATENATE(MID(X24,FIND("-",X24,1)+1,4),"ORAS")) -> 15 HORAS | X24: 34.4X4-15 HORAS | Y24: =+IF(X24="","",VLOOKUP(X24,$H$140:$I$192,2,FALSE)) -> 373234
A25: RUTAS CICLOVÍA 40 M3
A26: CORREDOR | B26: # OPERARIOS | C26: # CAMIONES | D26: MODELO | E26: DISPONIBILIDAD | F26: TIPO DE SERVICIO | G26: $ | J26: TOTAL | K26: =SUM(K4:K15,K18:K25) -> 7 | L26: =SUM(L4:L25) -> 3 | P26: =SUM(P4:P25) -> 1061892 | S26: TOTAL | T26: =T4+T5+T6+T15+T16 -> 16 | U26: =SUM(U4:U7,U22) -> 4 | Y26: =SUM(Y4:Y24) -> 3446884
A27: CENTRO 1 | B27: =+IF(F27=0,0,MID(F27,LEN(F27)-3,1)) -> 3 | C27: 1 | D27: 2014-2020 | E27: =+IF(F27=0,0,CONCATENATE(MID(F27,FIND("-",F27,1)+1,4),"ORAS")) -> 15 HORAS | F27: 2.CAMION TIPO40m³-15 HORAS-3 OP | G27: =+IF(F27="","",VLOOKUP(F27,$H$140:I$192,2,FALSE)) -> 514916
A28: CENTRO 2 | B28: =+IF(F28=0,0,MID(F28,LEN(F28)-3,1)) -> 4 | C28: 1 | D28: 2014-2020 | E28: =+IF(F28=0,0,CONCATENATE(MID(F28,FIND("-",F28,1)+1,4),"ORAS")) -> 15 HORAS | F28: 1.CAMION TIPO40m³-15 HORAS-4 OP | G28: =+IF(F28="","",VLOOKUP(F28,$H$140:I$192,2,FALSE)) -> 582964
A29: CENTRO 4 | B29: =+IF(F29=0,0,MID(F29,LEN(F29)-3,1)) -> 3 | C29: 1 | D29: 2014-2020 | E29: =+IF(F29=0,0,CONCATENATE(MID(F29,FIND("-",F29,1)+1,4),"ORAS")) -> 15 HORAS | F29: 2.CAMION TIPO40m³-15 HORAS-3 OP | G29: =+IF(F29="","",VLOOKUP(F29,$H$140:I$192,2,FALSE)) -> 514916
A30: CENTRO 5 | B30: 3 | C30: 1 | D30: 2014-2020 | E30: =+IF(F30=0,0,CONCATENATE(MID(F30,FIND("-",F30,1)+1,4),"ORAS")) -> 15 HORAS | F30: 2.CAMION TIPO40m³-15 HORAS-3 OP | G30: =+IF(F30="","",VLOOKUP(F30,$H$140:I$192,2,FALSE)) -> 514916
A33: RUTAS CICLOVÍA 25 M3
B34: # OPERARIOS | C34: # CAMIONES | D34: MODELO | F34: TIPO DE SERVICIO | G34: $
A35: CENTRO 3 ZONA 1 | B35: =+IF(F35=0,0,MID(F35,LEN(F35)-3,1)) -> 3 | C35: 1 | D35: 2014-2020 | E35: =+IF(F35=0,0,CONCATENATE(MID(F35,FIND("-",F35,1)+1,4),"ORAS")) -> 15 HORAS | F35: 17.CAMION TIPO25m³-15 HORAS-3 OP | G35: =+IF(F35="","",VLOOKUP(F35,$H$140:I$192,2,FALSE)) -> 443323
A36: CENTRO 3 ZONA 2 | B36: =+IF(F36=0,0,MID(F36,LEN(F36)-3,1)) -> 3 | C36: 1 | D36: 2014-2020 | E36: =+IF(F36=0,0,CONCATENATE(MID(F36,FIND("-",F36,1)+1,4),"ORAS")) -> 15 HORAS | F36: 17.CAMION TIPO25m³-15 HORAS-3 OP | G36: =+IF(F36="","",VLOOKUP(F36,$H$140:I$192,2,FALSE)) -> 443323
A37: CENTRO 6 ZONA 1 | B37: =+IF(F37=0,0,MID(F37,LEN(F37)-3,1)) -> 3 | C37: 1 | D37: 2014-2020 | E37: =+IF(F37=0,0,CONCATENATE(MID(F37,FIND("-",F37,1)+1,4),"ORAS")) -> 15 HORAS | F37: 17.CAMION TIPO25m³-15 HORAS-3 OP | G37: =+IF(F37="","",VLOOKUP(F37,$H$140:I$192,2,FALSE)) -> 443323
A38: CENTRO 6 ZONA 2 | B38: =+IF(F38=0,0,MID(F38,LEN(F38)-3,1)) -> 3 | C38: 1 | D38: 2014-2020 | E38: =+IF(F38=0,0,CONCATENATE(MID(F38,FIND("-",F38,1)+1,4),"ORAS")) -> 15 HORAS | F38: 17.CAMION TIPO25m³-15 HORAS-3 OP | G38: =+IF(F38="","",VLOOKUP(F38,$H$140:I$192,2,FALSE)) -> 443323
E39: =+IF(F39=0,0,CONCATENATE(MID(F39,FIND("-",F39,1)+1,4),"ORAS")) -> 0 | F39: 0 | G39: =+IF(F39="","",VLOOKUP(F39,$H$140:I$192,2,FALSE)) -> 0
A41: valor total | B41: =+B27+B28+B29+B35+B36+B37+B38+B39+B30 -> 25 | C41: =SUM(C27:C32)+C35+C36+C37+C38+C39+C40 -> 8 | E41: =+IF(F41=0,0,CONCATENATE(MID(F41,FIND("-",F41,1)+1,3),"ORAS")) -> 0 | G41: =SUM(G27:G32,G35:G40) -> 3901004
A42: ZONA SUR
A43: RUTAS CICLOVÍA 40 M3
A44: CORREDOR | B44: # OPERARIOS | C44: # CAMIONES | D44: MODELO | E44: DISPONIBILIDAD | F44: TIPO DE SERVICIO | G44: $
A53: RUTAS CICLOVÍA 25 M3
A54: CORREDOR | B54: # OPERARIOS | C54: # CAMIONES | D54: MODELO | E54: DISPONIBILIDAD | F54: TIPO DE SERVICIO | G54: $
A55: SUR 1 ZONA 1 | B55: =+IF(F55=0,0,MID(F55,LEN(F55)-3,1)) -> 3 | C55: 1 | D55: 2014-2020 | E55: =+IF(F55=0,0,CONCATENATE(MID(F55,FIND("-",F55,1)+1,4),"ORAS")) -> 15 HORAS | F55: 17.CAMION TIPO25m³-15 HORAS-3 OP | G55: =+IF(F55="","",VLOOKUP(F55,$H$140:I$192,2,FALSE)) -> 443323
A56: SUR 1 ZONA 2 | B56: =+IF(F56=0,0,MID(F56,LEN(F56)-3,1)) -> 3 | C56: 1 | D56: 2014-2020 | E56: =+IF(F56=0,0,CONCATENATE(MID(F56,FIND("-",F56,1)+1,4),"ORAS")) -> 15 HORAS | F56: 17.CAMION TIPO25m³-15 HORAS-3 OP | G56: =+IF(F56="","",VLOOKUP(F56,$H$140:I$192,2,FALSE)) -> 443323
A57: SUR 1 MALETINES | B57: =+IF(F57=0,0,MID(F57,LEN(F57)-3,1)) -> 3 | C57: 1 | D57: 2014-2020 | E57: =+IF(F57=0,0,CONCATENATE(MID(F57,FIND("-",F57,1)+1,4),"ORAS")) -> 15 HORAS | F57: 17.CAMION TIPO25m³-15 HORAS-3 OP | G57: =+IF(F57="","",VLOOKUP(F57,$H$140:I$192,2,FALSE)) -> 443323
A58: SUR 2 | B58: =+IF(F58=0,0,MID(F58,LEN(F58)-3,1)) -> 3 | C58: 1 | D58: 2014-2020 | E58: =+IF(F58=0,0,CONCATENATE(MID(F58,FIND("-",F58,1)+1,4),"ORAS")) -> 15 HORAS | F58: 17.CAMION TIPO25m³-15 HORAS-3 OP | G58: =+IF(F58="","",VLOOKUP(F58,$H$140:I$192,2,FALSE)) -> 443323
A59: SUR 2 CANECAS 1 | B59: =+IF(F59=0,0,MID(F59,LEN(F59)-3,1)) -> 3 | C59: 1 | D59: 2014-2020 | E59: =+IF(F59=0,0,CONCATENATE(MID(F59,FIND("-",F59,1)+1,4),"ORAS")) -> 15 HORAS | F59: 17.CAMION TIPO25m³-15 HORAS-3 OP | G59: =+IF(F59="","",VLOOKUP(F59,$H$140:I$192,2,FALSE)) -> 443323
A60: SUR 2 CANECAS 2 | B60: =+IF(F60=0,0,MID(F60,LEN(F60)-3,1)) -> 3 | C60: 1 | D60: 2014-2020 | E60: =+IF(F60=0,0,CONCATENATE(MID(F60,FIND("-",F60,1)+1,4),"ORAS")) -> 15 HORAS | F60: 17.CAMION TIPO25m³-15 HORAS-3 OP | G60: =+IF(F60="","",VLOOKUP(F60,$H$140:I$192,2,FALSE)) -> 443323
A61: SUR 2 CANECAS 3 | B61: =+IF(F61=0,0,MID(F61,LEN(F61)-3,1)) -> 3 | C61: 1 | D61: 2014-2020 | E61: =+IF(F61=0,0,CONCATENATE(MID(F61,FIND("-",F61,1)+1,4),"ORAS")) -> 15 HORAS | F61: 17.CAMION TIPO25m³-15 HORAS-3 OP | G61: =+IF(F61="","",VLOOKUP(F61,$H$140:I$192,2,FALSE)) -> 443323
A62: SUR 2 CANECAS 4 | B62: =+IF(F62=0,0,MID(F62,LEN(F62)-3,1)) -> 3 | C62: 1 | D62: 2014-2020 | E62: =+IF(F62=0,0,CONCATENATE(MID(F62,FIND("-",F62,1)+1,4),"ORAS")) -> 15 HORAS | F62: 17.CAMION TIPO25m³-15 HORAS-3 OP | G62: =+IF(F62="","",VLOOKUP(F62,$H$140:I$192,2,FALSE)) -> 443323
A63: SUR 3 ZONA 1 | B63: =+IF(F63=0,0,MID(F63,LEN(F63)-3,1)) -> 3 | C63: 1 | D63: 2014-2020 | E63: =+IF(F63=0,0,CONCATENATE(MID(F63,FIND("-",F63,1)+1,4),"ORAS")) -> 15 HORAS | F63: 17.CAMION TIPO25m³-15 HORAS-3 OP | G63: =+IF(F63="","",VLOOKUP(F63,$H$140:I$192,2,FALSE)) -> 443323
A64: SUR 3 ZONA 2 | B64: =+IF(F64=0,0,MID(F64,LEN(F64)-3,1)) -> 3 | C64: 1 | D64: 2014-2020 | E64: =+IF(F64=0,0,CONCATENATE(MID(F64,FIND("-",F64,1)+1,4),"ORAS")) -> 15 HORAS | F64: 17.CAMION TIPO25m³-15 HORAS-3 OP | G64: =+IF(F64="","",VLOOKUP(F64,$H$140:I$192,2,FALSE)) -> 443323
A66: valor total | B66: =B47+B48+B49+B50+B51+B52+B55+B56+B57+B58+B59+B60+B61+B62+B63+B64 -> 30 | C66: =SUM(C47:C52,C55:C65) -> 10 | G66: =SUM(G47:G52,G55:G65) -> 4433230
A68: TOTAL | B68: =B66+B41+B23 -> 82 | C68: =C66+C41+C23 -> 26 | D68: =D66+D41+D23 -> 0 | G68: =SUM(G23,G41,G66) -> 12586113
J69: GRAN TOTAL OPERA | K69: =K26+B68+T26+AB26 -> 105
J70: GRAN TOTAL CAMIONES | K70: =L26+C68+U26+AC26 -> 33 | M70: ZONA NORTE | N70: ZONA CENTRO | O70: ZONA SUR
J71: VALOR $ | K71: =SUM(G68,P26,Y26) -> 17094889 | M71: =SUM(G4:G12,G16:G22,Y20:Y21) -> 4998347 | N71: =SUM(G27:G32,G35:G40,P4:P15,P18:P25,Y4:Y7,Y15:Y16,Y22:Y23) -> 7290078 | O71: =SUM(G47:G52,G55:G64,Y24) -> 4806464 | P71: =SUM(M71:O71) -> 17094889
A73: OTRAS NOVEDADES DE JORNADA
A74: MOVIMIENTOS: * SE REQUIERE QUE LOS DOS OPERARI@S PARA APOYO DE CICLOVÍA LLEGUEN A PLAZA DE LOS ARTESANOS Carrera 60 #63A-52 A LAS 10:00 AM Y ESTEN DISPONIBLES 05 PM. ENCARGADO EDDY CAMACHO 3163678143 * LA CAMIONETA FURGONADA DE PENDONES DE CALLE 26 DEBE LLEGAR A LAS 4:00 AM A LA PLAZA DE ARTESANOS, JUNTO CON LOS DOS OPERARIOS ADICIONALES. CAMIONETA 1: CAMIONETA DEBE LLEGAR A LAS 4:00 AM A PLAZA DE LOS ARTESANOS QUEDA DISPONIBLE. ENCARGADO KEVIN SILVA 3214765973 CAMIONETA 2: CAMIONETA DEBE LLEGAR A LAS 10:00 AM A PLAZA DE LOS ARTESANOS QUEDA DISPONIBLE. ENCARGADO KEVIN SILVA 3214765973 CAMIONETA 3: CAMIONETA DEBE LLEGAR A LAS 4:00 AM A PLAZA DE LOS ARTESANOS QUEDA DISPONIBLE. ENCARGADO KEVIN SILVA 3214765973 CAMIONETA 4: CAMIONETA DEBE LLEGAR A LAS 4:00 AM A PLAZA DE LOS ARTESANOS QUEDA DISPONIBLE. ENVARGADO LUIS MARTÍNEZ 3124158470 FURGONADA: CAMIONETA DEBE LLEGAR A LAS 5:30 AM A PLAZA DE LOS ARTESANOS, QUEDA DISPONIBLE. ENCARGADO KEVIN SILVA 3214765973 ESCUELA DE LA BICI: EL VEHÍCULO DE ESCUELA. SE ACALARA QUE DEBEN COMUNICARSE CON EL TALENTO HUMANO DE EL PROGRAMA DE ESCUELA DE LA BICICLETA SERGIO PRIETO CEL 3167160204, LO ANTERIOR PARA COORDINAR LOS PUNTOS Y LOS DESPLAZAMIENTOS. DISPONIBLES: SE DEBE DEJAR DOS CAMIONES DE 25m2 CON 3 OPERARIOS LOS CUALES DEBEN REGRESAR A LA CALLE 3 A LAS 8:30 AM, ENCARGADO EDDY CAMACHO 3163678143. 3012802342
A94: Apoyan Guardaines ATN Norte 4, Norte 2 y Norte 3 Apoan Guardianes ATN Norte 1, Centro 1 y Centro 5 Apoyan Guardianes ATN Centro 4, Centro 3 y Sur 3 Apoyan Guardianes ATN Sur 1, Sur 2 y Centro 2
J139: TIPO DE DISPONIBILIDAD | K139: OPERARIOS
F140: 0 | G140: 0 | H140: 0 | I140: 0 | J140: 0 | K140: 0 | L140: 0 | M140: 0 | N140: =+CONCATENATE(G140,"VEHICULO",M140) -> 0VEHICULO0
F141: 40m³-15H-4OP | G141: 1. | H141: 1.CAMION TIPO40m³-15 HORAS-4 OP | I141: 582964 | J141: C | K141: 4 | L141: 1 SENCILLO 15H 4OP | M141: . | N141: =+CONCATENATE(G141,F141) -> 1.40m³-15H-4OP
F142: 40m³-15H-3OP | G142: 2. | H142: 2.CAMION TIPO40m³-15 HORAS-3 OP | I142: 514916 | J142: C | K142: 3 | L142: 2 SENCILLO 15H 3OP | M142: . | N142: =+CONCATENATE(G142,F142) -> 2.40m³-15H-3OP
F143: 40m³-15H-2OP | G143: 3. | H143: 3.CAMION TIPO40m³-15 HORAS-2 OP | I143: 448638 | J143: C | K143: 2 | L143: 3 SENCILLO 15H 2OP | M143: . | N143: =+CONCATENATE(G143,F143) -> 3.40m³-15H-2OP
F144: 40m³-15H-1OP | G144: 4. | H144: 4.CAMION TIPO40m³-15 HORAS-1 OP | I144: 381163 | J144: C | K144: 1 | L144: 4 SENCILLO 15H 1OP | M144: . | N144: =+CONCATENATE(G144,F144) -> 4.40m³-15H-1OP
F145: 40m³-15H-0OP | G145: 5. | H145: 5.CAMION TIPO40m³-15 HORAS-0 OP | I145: 321680 | J145: C | K145: 0 | L145: 5 SENCILLO 15H 0OP | M145: . | N145: =+CONCATENATE(G145,F145) -> 5.40m³-15H-0OP
F146: 40m³-9H-4OP | G146: 6. | H146: 6.CAMION TIPO40m³-09 HORAS-4 OP | I146: 509192 | J146: M | K146: 4 | L146: 6 SENCILLO M 4OP | M146: . | N146: =+CONCATENATE(G146,F146) -> 6.40m³-9H-4OP
F147: 40m³-9H-3OP | G147: 7. | H147: 7.CAMION TIPO40m³-09 HORAS-3 OP | I147: 450204 | J147: M | K147: 3 | L147: 7 SENCILLO M 3OP | M147: . | N147: =+CONCATENATE(G147,F147) -> 7.40m³-9H-3OP
F148: 40m³-9H-2OP | G148: 8. | H148: 8.CAMION TIPO40m³-09 HORAS-2 OP | I148: 392186 | J148: M | K148: 2 | L148: 8 SENCILLO M 2OP | M148: . | N148: =+CONCATENATE(G148,F148) -> 8.40m³-9H-2OP
F149: 40m³-9H-1OP | G149: 9. | H149: 9.CAMION TIPO40m³-09 HORAS-1 OP | I149: 329397 | J149: M | K149: 1 | L149: 9 SENCILLO M 1OP | M149: . | N149: =+CONCATENATE(G149,F149) -> 9.40m³-9H-1OP
F150: 40m³-9H-0OP | G150: 10. | H150: 10.CAMION TIPO40m³-09 HORAS-0 OP | I150: 280919 | J150: M | K150: 0 | L150: 10 SENCILLO M 0OP | M150: . | N150: =+CONCATENATE(G150,F150) -> 10.40m³-9H-0OP
F151: 40m³-4H-4OP | G151: 11. | H151: 11.CAMION TIPO40m³-04 HORAS-4 OP | I151: 420585 | J151: R | K151: 4 | L151: 11 SENCILLO R 4OP | M151: . | N151: =+CONCATENATE(G151,F151) -> 11.40m³-4H-4OP
F152: 40m³-4H-3OP | G152: 12. | H152: 12.CAMION TIPO40m³-04 HORAS-3 OP | I152: 369327 | J152: R | K152: 3 | L152: 12 SENCILLO R 3OP | M152: . | N152: =+CONCATENATE(G152,F152) -> 12.40m³-4H-3OP
... F182: OPERARIO-6-H | G182: 42. | H182: 42.OPERARIO-06 HORAS | I182: 41562 | J182: H | K182: 0 | L182: 42 OPERARIO 6 H | M182: . | N182: =+CONCATENATE(G182,F182) -> 42.OPERARIO-6-H
F183: BOGOTA-REGION-40m³- | G183: 43. | H183: 43.BOGOTA-REGION-40m³-9 HORAS | I183: 628232 | N183: =+CONCATENATE(G183,F183) -> 43.BOGOTA-REGION-40m³-
F184: BOGOTA-REGION-25m³- | G184: 44. | H184: 44.BOGOTA-REGION-25m³-9 HORAS | I184: 562619 | N184: =+CONCATENATE(G184,F184) -> 44.BOGOTA-REGION-25m³-
F185: BOGOTA-REGION-FURGON- | G185: 45. | H185: 45.BOGOTA-REGION-FURGON-9 HORAS | I185: 418264 | N185: =+CONCATENATE(G185,F185) -> 45.BOGOTA-REGION-FURGON-
F186: BOGOTA-REGION-4X4 | G186: 46. | H186: 46.BOGOTA-REGION-4X4-9 HORAS | I186: 288714 | N186: =+CONCATENATE(G186,F186) -> 46.BOGOTA-REGION-4X4
H187: 47. 6 OPERARIO-06 HORAS | I187: =41562*6 -> 249372 | J187: H | N187: =+CONCATENATE(G187,F187)
H188: 48. 8 OPERARIO-06 HORAS | I188: =41562*8 -> 332496 | J188: H
H189: 49. 10 OPERARIO-06 HORAS | I189: =41562*8 -> 332496 | J189: H
H190: 50. 6 OPERARIO-08 HORAS | I190: =53577*10 -> 535770 | J190: H
H191: 51. 8 OPERARIO-08 HORAS | I191: =53577*8 -> 428616 | J191: H
H192: 52. 10 OPERARIO-08 HORAS | I192: =53577*10 -> 535770 | J192: H

Sheet 19 FEBRERO
A1: ZONA NORTE
A2: RUTAS CICLOVÍA 40 M3 | I2: LUDICA CICLOVÍA, ESCUELA DE LA BICI, ADICIONALES 25 M3 | R2: CONOS CICLOVÍA 25 M3
A3: CORREDOR | B3: # OPERARIOS | C3: # CAMIONES | D3: MODELO | E3: DISPONIBILIDAD | F3: TIPO DE SERVICIO | G3: $ | I3: ZONA | J3: CORREDOR | K3: # OPERARIOS | L3: # CAMIONES | M3: MODELO | N3: DISPONIBILIDAD | O3: TIPO DE SERVICIO | P3: $ | R3: ZONA | S3: CORREDOR | T3: # OPERARIOS | U3: # CAMIONES | V3: MODELO | W3: DISPONIBILIDAD | X3: TIPO DE SERVICIO | Y3: $
A4: NORTE 1 | B4: =+IF(F4=0,0,MID(F4,LEN(F4)-3,1)) -> 4 | C4: 1 | D4: 2014-2020 | E4: =+IF(F4=0,0,CONCATENATE(MID(F4,FIND("-",F4,1)+1,4),"ORAS")) -> 15 HORAS | F4: 1.CAMION TIPO40m³-15 HORAS-4 OP | G4: =+IF(F4="","",VLOOKUP(F4,$H$140:$I$192,2,FALSE)) -> 582964 | I4: CENTRO | J4: CAMIONETA FURGONADA PENDONES CALLE 26 | K4: 0 | L4: 1 | M4: 2014-2020 | N4: =+IF(O4=0,0,CONCATENATE(MID(O4,FIND("-",O4,1)+1,4),"ORAS")) -> 15 HORAS | O4: 31.CAMION TIPOFURGON-15 HORAS | P4: =+IF(O4="","",VLOOKUP(O4,$H$140:$I$192,2,FALSE)) -> 239262 | R4: CENTRO | S4: CENTRO 5 CAMION 1 UNICONOS | T4: =+IF(X4=0,0,MID(X4,LEN(X4)-3,1)) -> 4 | U4: 1 | V4: 2014-2020 | W4: =+IF(X4=0,0,CONCATENATE(MID(X4,FIND("-",X4,1)+1,4),"ORAS")) -> 15 HORAS | X4: 16.CAMION TIPO25m³-15 HORAS-4 OP | Y4: =+IF(X4="","",VLOOKUP(X4,$H$140:$I$192,2,FALSE)) -> 501739
A5: NORTE 2 | B5: =+IF(F5=0,0,MID(F5,LEN(F5)-3,1)) -> 3 | C5: 1 | D5: 2014-2020 | E5: =+IF(F5=0,0,CONCATENATE(MID(F5,FIND("-",F5,1)+1,4),"ORAS")) -> 15 HORAS | F5: 2.CAMION TIPO40m³-15 HORAS-3 OP | G5: =+IF(F5="","",VLOOKUP(F5,$H$140:I$192,2,FALSE)) -> 514916 | I5: CENTRO | J5: ESCUELA | K5: 3 | L5: 1 | M5: 2014-2020 | N5: =+IF(O5=0,0,CONCATENATE(MID(O5,FIND("-",O5,1)+1,4),"ORAS")) -> 15 HORAS | O5: 17.CAMION TIPO25m³-15 HORAS-3 OP | P5: =+IF(O5="","",VLOOKUP(O5,$H$140:$I$192,2,FALSE)) -> 443323 | R5: CENTRO | S5: CENTRO 5 CAMION 2 UNICONOS | T5: =+IF(X5=0,0,MID(X5,LEN(X5)-3,1)) -> 4 | U5: 1 | V5: 2014-2020 | W5: =+IF(X5=0,0,CONCATENATE(MID(X5,FIND("-",X5,1)+1,4),"ORAS")) -> 15 HORAS | X5: 16.CAMION TIPO25m³-15 HORAS-4 OP | Y5: =+IF(X5="","",VLOOKUP(X5,$H$140:$I$192,2,FALSE)) -> 501739
A6: NORTE 3 | B6: =+IF(F6=0,0,MID(F6,LEN(F6)-3,1)) -> 3 | C6: 1 | D6: 2014-2020 | E6: =+IF(F6=0,0,CONCATENATE(MID(F6,FIND("-",F6,1)+1,4),"ORAS")) -> 15 HORAS | F6: 2.CAMION TIPO40m³-15 HORAS-3 OP | G6: =+IF(F6="","",VLOOKUP(F6,$H$140:I$192,2,FALSE)) -> 514916 | I6: CENTRO | J6: TRASLADO ELEMENTOS - SERVICIO SOCIAL | K6: 4 | L6: 1 | M6: 2014-2020 | N6: =+IF(O6=0,0,CONCATENATE(MID(O6,FIND("-",O6,1)+1,4),"ORAS")) -> 09 HORAS | O6: 23.CAMION TIPO25m³-09 HORAS-2 OP | P6: =+IF(O6="","",VLOOKUP(O6,$H$140:$I$192,2,FALSE)) -> 345928 | R6: CENTRO | S6: CENTRO 4 CAMION 3 UNICONOS | T6: =+IF(X6=0,0,MID(X6,LEN(X6)-3,1)) -> 4 | U6: 1 | V6: 2014-2020 | W6: =+IF(X6=0,0,CONCATENATE(MID(X6,FIND("-",X6,1)+1,4),"ORAS")) -> 15 HORAS | X6: 16.CAMION TIPO25m³-15 HORAS-4 OP | Y6: =+IF(X6="","",VLOOKUP(X6,$H$140:$I$192,2,FALSE)) -> 501739
A7: NORTE 4 | B7: =+IF(F7=0,0,MID(F7,LEN(F7)-3,1)) -> 2 | C7: 1 | D7: 2014-2020 | E7: =+IF(F7=0,0,CONCATENATE(MID(F7,FIND("-",F7,1)+1,4),"ORAS")) -> 15 HORAS | F7: 3.CAMION TIPO40m³-15 HORAS-2 OP | G7: =+IF(F7="","",VLOOKUP(F7,$H$140:I$192,2,FALSE)) -> 448638 | O7: 0 | P7: =+IF(O7="","",VLOOKUP(O7,$H$140:$I$192,2,FALSE)) -> 0 | X7: 0 | Y7: =+IF(X7="","",VLOOKUP(X7,$H$140:$I$186,2,FALSE)) -> 0
A8: NORTE 5 ZONA 1 | B8: =+IF(F8=0,0,MID(F8,LEN(F8)-3,1)) -> 2 | C8: 1 | D8: 2014-2020 | E8: =+IF(F8=0,0,CONCATENATE(MID(F8,FIND("-",F8,1)+1,4),"ORAS")) -> 15 HORAS | F8: 3.CAMION TIPO40m³-15 HORAS-2 OP | G8: =+IF(F8="","",VLOOKUP(F8,$H$140:I$192,2,FALSE)) -> 448638 | O8: 0 | P8: =+IF(O8="","",VLOOKUP(O8,$H$140:$I$192,2,FALSE)) -> 0 | U8: =+U4+U5+U6+U7 -> 3
A9: NORTE 1 MALETINES | B9: =+IF(F9=0,0,MID(F9,LEN(F9)-3,1)) -> 3 | C9: 1 | D9: 2014-2020 | E9: =+IF(F9=0,0,CONCATENATE(MID(F9,FIND("-",F9,1)+1,4),"ORAS")) -> 15 HORAS | F9: 2.CAMION TIPO40m³-15 HORAS-3 OP | G9: =+IF(F9="","",VLOOKUP(F9,$H$140:I$192,2,FALSE)) -> 514916
A10: NORTE 1 DIVISORES | B10: =+IF(F10=0,0,MID(F10,LEN(F10)-3,1)) -> 4 | C10: 1 | D10: 2014-2020 | E10: =+IF(F10=0,0,CONCATENATE(MID(F10,FIND("-",F10,1)+1,4),"ORAS")) -> 15 HORAS | F10: 1.CAMION TIPO40m³-15 HORAS-4 OP | G10: =+IF(F10="","",VLOOKUP(F10,$H$140:I$192,2,FALSE)) -> 582964
B13: =+B10+B9+B8+B7+B6+B5+B4 -> 21 | C13: =+C10+C9+C8+C7+C6+C5+C4 -> 7 | G13: =SUM(G4:G12) -> 3607952 | R13: OPERARIOS ADICIONALES
A14: RUTAS CICLOVÍA 25 M3 | R14: ZONA | S14: CORREDOR | T14: # OPERARIOS | U14: # CAMIONES | V14: MODELO | W14: DISPONIBILIDAD | X14: TIPO DE SERVICIO | Y14: $
A15: CORREDOR | B15: # OPERARIOS | C15: # CAMIONES | D15: MODELO | E15: DISPONIBILIDAD | F15: TIPO DE SERVICIO | G15: $ | R15: CENTRO | S15: APOYO CICLOVÍA | T15: 3 | U15: 0 | V15: NA | W15: =+IF(X15=0,0,CONCATENATE(MID(X15,FIND("-",X15,1)+1,4),"ORAS")) -> 08 HORAS | X15: 41.OPERARIO-08 HORAS | Y15: =+(IF(X15="","",VLOOKUP(X15,$H$140:$I$192,2,FALSE)))*T15 -> 160731
A16: NORTE 5 ZONA 2 | B16: =+IF(F16=0,0,MID(F16,LEN(F16)-3,1)) -> 3 | C16: 1 | D16: 2014-2020 | E16: =+IF(F16=0,0,CONCATENATE(MID(F16,FIND("-",F16,1)+1,4),"ORAS")) -> 15 HORAS | F16: 17.CAMION TIPO25m³-15 HORAS-3 OP | G16: =+IF(F16="","",VLOOKUP(F16,$H$140:I$192,2,FALSE)) -> 443323 | I16: ATN CICLOVÍA, ESCUELA DE LA BICI, ADICIONALES 40 M3 | R16: CENTRO | S16: ADICIONALES | T16: 2 | U16: 0 | V16: NA | W16: =+IF(X16=0,0,CONCATENATE(MID(X16,FIND("-",X16,1)+1,4),"ORAS")) -> 08 HORAS | X16: 41.OPERARIO-08 HORAS | Y16: =+(IF(X16="","",VLOOKUP(X16,$H$140:$I$192,2,FALSE)))*T16 -> 107154
I17: ZONA | J17: CORREDOR | K17: # OPERARIOS | L17: # CAMIONES | M17: MODELO | N17: DISPONIBILIDAD | O17: TIPO DE SERVICIO | P17: $
I18: CENTRO | J18: CICLOPASEO POLICÍA NACIONAL | K18: 2 | L18: 1 | M18: 2014-2020 | N18: =+IF(O18=0,0,CONCATENATE(MID(O18,FIND("-",O18,1)+1,4),"ORAS")) -> 09 HORAS | O18: 8.CAMION TIPO40m³-09 HORAS-2 OP | P18: =+IF(O18="","",VLOOKUP(O18,$H$140:$I$192,2,FALSE)) -> 392186 | R18: CAMIONETA 4 X4 DOBLE CABINA CON PLATON
N19: =+IF(O19=0,0,CONCATENATE(MID(O19,FIND("-",O19,1)+1,4),"ORAS")) -> 0 | O19: 0 | P19: =+IF(O19="","",VLOOKUP(O19,$H$140:$I$192,2,FALSE)) -> 0 | R19: ZONA | S19: CORREDOR | T19: # OPERARIOS | U19: # CAMIONES | V19: MODELO | W19: DISPONIBILIDAD | X19: TIPO DE SERVICIO | Y19: $
R20: NORTE | S20: APOYO CICLOVÍA | T20: NA | U20: NA | V20: 2014-2020 | W20: =+IF(X20=0,0,CONCATENATE(MID(X20,FIND("-",X20,1)+1,4),"ORAS")) -> 15 HORAS | X20: 34.4X4-15 HORAS | Y20: =+IF(X20="","",VLOOKUP(X20,$H$140:$I$192,2,FALSE)) -> 373234
R21: NORTE | S21: APOYO CICLOVÍA | T21: NA | U21: NA | V21: 2014-2020 | W21: =+IF(X21=0,0,CONCATENATE(MID(X21,FIND("-",X21,1)+1,4),"ORAS")) -> 15 HORAS | X21: 34.4X4-15 HORAS | Y21: =+IF(X21="","",VLOOKUP(X21,$H$140:$I$192,2,FALSE)) -> 373234
R22: CENTRO | S22: APOYO CICLOVÍA | T22: NA | U22: 1 | V22: 2014-2020 | W22: =+IF(X22=0,0,CONCATENATE(MID(X22,FIND("-",X22,1)+1,4),"ORAS")) -> 15 HORAS | X22: 31.CAMION TIPOFURGON-15 HORAS | Y22: =+IF(X22="","",VLOOKUP(X22,$H$140:$I$192,2,FALSE)) -> 239262
A23: valor total | B23: =SUM(B4:B13)+B16+B17+B18+B19+B20+B22 -> 24 | C23: =+C4+C5+C6+C7+C8+C9+C10+C16 -> 8 | G23: =SUM(G13,G16:G22) -> 4051275 | R23: CENTRO | S23: APOYO CICLOVÍA | T23: NA | U23: NA | V23: 2014-2020 | W23: =+IF(X23=0,0,CONCATENATE(MID(X23,FIND("-",X23,1)+1,4),"ORAS")) -> 15 HORAS | X23: 34.4X4-15 HORAS | Y23: =+IF(X23="","",VLOOKUP(X23,$H$140:$I$192,2,FALSE)) -> 373234
A24: ZONA CENTRO | R24: SUR | S24: APOYO CICLOVÍA | T24: NA | U24: NA | V24: 2014-2020 | W24: =+IF(X24=0,0,CONCATENATE(MID(X24,FIND("-",X24,1)+1,4),"ORAS")) -> 15 HORAS | X24: 34.4X4-15 HORAS | Y24: =+IF(X24="","",VLOOKUP(X24,$H$140:$I$192,2,FALSE)) -> 373234
A25: RUTAS CICLOVÍA 40 M3
A26: CORREDOR | B26: # OPERARIOS | C26: # CAMIONES | D26: MODELO | E26: DISPONIBILIDAD | F26: TIPO DE SERVICIO | G26: $ | J26: TOTAL | K26: =SUM(K4:K15,K18:K25) -> 9 | L26: =SUM(L4:L25) -> 4 | P26: =SUM(P4:P25) -> 1420699 | S26: TOTAL | T26: =T4+T5+T6+T15+T16 -> 17 | U26: =SUM(U4:U7,U22) -> 4 | Y26: =SUM(Y4:Y24) -> 3505300
A27: CENTRO 1 | B27: =+IF(F27=0,0,MID(F27,LEN(F27)-3,1)) -> 3 | C27: 1 | D27: 2014-2020 | E27: =+IF(F27=0,0,CONCATENATE(MID(F27,FIND("-",F27,1)+1,4),"ORAS")) -> 15 HORAS | F27: 2.CAMION TIPO40m³-15 HORAS-3 OP | G27: =+IF(F27="","",VLOOKUP(F27,$H$140:I$192,2,FALSE)) -> 514916
A28: CENTRO 2 | B28: =+IF(F28=0,0,MID(F28,LEN(F28)-3,1)) -> 3 | C28: 1 | D28: 2014-2020 | E28: =+IF(F28=0,0,CONCATENATE(MID(F28,FIND("-",F28,1)+1,4),"ORAS")) -> 15 HORAS | F28: 2.CAMION TIPO40m³-15 HORAS-3 OP | G28: =+IF(F28="","",VLOOKUP(F28,$H$140:I$192,2,FALSE)) -> 514916
A29: CENTRO 4 | B29: =+IF(F29=0,0,MID(F29,LEN(F29)-3,1)) -> 3 | C29: 1 | D29: 2014-2020 | E29: =+IF(F29=0,0,CONCATENATE(MID(F29,FIND("-",F29,1)+1,4),"ORAS")) -> 15 HORAS | F29: 2.CAMION TIPO40m³-15 HORAS-3 OP | G29: =+IF(F29="","",VLOOKUP(F29,$H$140:I$192,2,FALSE)) -> 514916
A30: CENTRO 5 | B30: 3 | C30: 1 | D30: 2014-2020 | E30: =+IF(F30=0,0,CONCATENATE(MID(F30,FIND("-",F30,1)+1,4),"ORAS")) -> 15 HORAS | F30: 2.CAMION TIPO40m³-15 HORAS-3 OP | G30: =+IF(F30="","",VLOOKUP(F30,$H$140:I$192,2,FALSE)) -> 514916
A33: RUTAS CICLOVÍA 25 M3
B34: # OPERARIOS | C34: # CAMIONES | D34: MODELO | F34: TIPO DE SERVICIO | G34: $
A35: CENTRO 3 ZONA 1 | B35: =+IF(F35=0,0,MID(F35,LEN(F35)-3,1)) -> 2 | C35: 1 | D35: 2014-2020 | E35: =+IF(F35=0,0,CONCATENATE(MID(F35,FIND("-",F35,1)+1,4),"ORAS")) -> 15 HORAS | F35: 18.CAMION TIPO25m³-15 HORAS-2 OP | G35: =+IF(F35="","",VLOOKUP(F35,$H$140:I$192,2,FALSE)) -> 388652
A36: CENTRO 3 ZONA 2 | B36: =+IF(F36=0,0,MID(F36,LEN(F36)-3,1)) -> 2 | C36: 1 | D36: 2014-2020 | E36: =+IF(F36=0,0,CONCATENATE(MID(F36,FIND("-",F36,1)+1,4),"ORAS")) -> 15 HORAS | F36: 18.CAMION TIPO25m³-15 HORAS-2 OP | G36: =+IF(F36="","",VLOOKUP(F36,$H$140:I$192,2,FALSE)) -> 388652
A37: CENTRO 6 ZONA 1 | B37: =+IF(F37=0,0,MID(F37,LEN(F37)-3,1)) -> 2 | C37: 1 | D37: 2014-2020 | E37: =+IF(F37=0,0,CONCATENATE(MID(F37,FIND("-",F37,1)+1,4),"ORAS")) -> 15 HORAS | F37: 18.CAMION TIPO25m³-15 HORAS-2 OP | G37: =+IF(F37="","",VLOOKUP(F37,$H$140:I$192,2,FALSE)) -> 388652
A38: CENTRO 6 ZONA 2 | B38: =+IF(F38=0,0,MID(F38,LEN(F38)-3,1)) -> 3 | C38: 1 | D38: 2014-2020 | E38: =+IF(F38=0,0,CONCATENATE(MID(F38,FIND("-",F38,1)+1,4),"ORAS")) -> 15 HORAS | F38: 17.CAMION TIPO25m³-15 HORAS-3 OP | G38: =+IF(F38="","",VLOOKUP(F38,$H$140:I$192,2,FALSE)) -> 443323
E39: =+IF(F39=0,0,CONCATENATE(MID(F39,FIND("-",F39,1)+1,4),"ORAS")) -> 0 | F39: 0 | G39: =+IF(F39="","",VLOOKUP(F39,$H$140:I$192,2,FALSE)) -> 0
A41: valor total | B41: =+B27+B28+B29+B35+B36+B37+B38+B39+B30 -> 21 | C41: =SUM(C27:C32)+C35+C36+C37+C38+C39+C40 -> 8 | E41: =+IF(F41=0,0,CONCATENATE(MID(F41,FIND("-",F41,1)+1,3),"ORAS")) -> 0 | G41: =SUM(G27:G32,G35:G40) -> 3668943
A42: ZONA SUR
A43: RUTAS CICLOVÍA 40 M3
A44: CORREDOR | B44: # OPERARIOS | C44: # CAMIONES | D44: MODELO | E44: DISPONIBILIDAD | F44: TIPO DE SERVICIO | G44: $
A53: RUTAS CICLOVÍA 25 M3
A54: CORREDOR | B54: # OPERARIOS | C54: # CAMIONES | D54: MODELO | E54: DISPONIBILIDAD | F54: TIPO DE SERVICIO | G54: $
A55: SUR 1 ZONA 1 | B55: =+IF(F55=0,0,MID(F55,LEN(F55)-3,1)) -> 3 | C55: 1 | D55: 2014-2020 | E55: =+IF(F55=0,0,CONCATENATE(MID(F55,FIND("-",F55,1)+1,4),"ORAS")) -> 15 HORAS | F55: 17.CAMION TIPO25m³-15 HORAS-3 OP | G55: =+IF(F55="","",VLOOKUP(F55,$H$140:I$192,2,FALSE)) -> 443323
A56: SUR 1 ZONA 2 | B56: =+IF(F56=0,0,MID(F56,LEN(F56)-3,1)) -> 3 | C56: 1 | D56: 2014-2020 | E56: =+IF(F56=0,0,CONCATENATE(MID(F56,FIND("-",F56,1)+1,4),"ORAS")) -> 15 HORAS | F56: 17.CAMION TIPO25m³-15 HORAS-3 OP | G56: =+IF(F56="","",VLOOKUP(F56,$H$140:I$192,2,FALSE)) -> 443323
A57: SUR 1 MALETINES | B57: =+IF(F57=0,0,MID(F57,LEN(F57)-3,1)) -> 3 | C57: 1 | D57: 2014-2020 | E57: =+IF(F57=0,0,CONCATENATE(MID(F57,FIND("-",F57,1)+1,4),"ORAS")) -> 15 HORAS | F57: 17.CAMION TIPO25m³-15 HORAS-3 OP | G57: =+IF(F57="","",VLOOKUP(F57,$H$140:I$192,2,FALSE)) -> 443323
A58: SUR 2 | B58: =+IF(F58=0,0,MID(F58,LEN(F58)-3,1)) -> 2 | C58: 1 | D58: 2014-2020 | E58: =+IF(F58=0,0,CONCATENATE(MID(F58,FIND("-",F58,1)+1,4),"ORAS")) -> 15 HORAS | F58: 18.CAMION TIPO25m³-15 HORAS-2 OP | G58: =+IF(F58="","",VLOOKUP(F58,$H$140:I$192,2,FALSE)) -> 388652
A59: SUR 2 CANECAS 1 | B59: =+IF(F59=0,0,MID(F59,LEN(F59)-3,1)) -> 3 | C59: 1 | D59: 2014-2020 | E59: =+IF(F59=0,0,CONCATENATE(MID(F59,FIND("-",F59,1)+1,4),"ORAS")) -> 15 HORAS | F59: 17.CAMION TIPO25m³-15 HORAS-3 OP | G59: =+IF(F59="","",VLOOKUP(F59,$H$140:I$192,2,FALSE)) -> 443323
A60: SUR 2 CANECAS 2 | B60: =+IF(F60=0,0,MID(F60,LEN(F60)-3,1)) -> 3 | C60: 1 | D60: 2014-2020 | E60: =+IF(F60=0,0,CONCATENATE(MID(F60,FIND("-",F60,1)+1,4),"ORAS")) -> 15 HORAS | F60: 17.CAMION TIPO25m³-15 HORAS-3 OP | G60: =+IF(F60="","",VLOOKUP(F60,$H$140:I$192,2,FALSE)) -> 443323
A61: SUR 2 CANECAS 3 | B61: =+IF(F61=0,0,MID(F61,LEN(F61)-3,1)) -> 3 | C61: 1 | D61: 2014-2020 | E61: =+IF(F61=0,0,CONCATENATE(MID(F61,FIND("-",F61,1)+1,4),"ORAS")) -> 15 HORAS | F61: 17.CAMION TIPO25m³-15 HORAS-3 OP | G61: =+IF(F61="","",VLOOKUP(F61,$H$140:I$192,2,FALSE)) -> 443323
A62: SUR 2 CANECAS 4 | B62: =+IF(F62=0,0,MID(F62,LEN(F62)-3,1)) -> 3 | C62: 1 | D62: 2014-2020 | E62: =+IF(F62=0,0,CONCATENATE(MID(F62,FIND("-",F62,1)+1,4),"ORAS")) -> 15 HORAS | F62: 17.CAMION TIPO25m³-15 HORAS-3 OP | G62: =+IF(F62="","",VLOOKUP(F62,$H$140:I$192,2,FALSE)) -> 443323
A63: SUR 3 ZONA 1 | B63: =+IF(F63=0,0,MID(F63,LEN(F63)-3,1)) -> 3 | C63: 1 | D63: 2014-2020 | E63: =+IF(F63=0,0,CONCATENATE(MID(F63,FIND("-",F63,1)+1,4),"ORAS")) -> 15 HORAS | F63: 17.CAMION TIPO25m³-15 HORAS-3 OP | G63: =+IF(F63="","",VLOOKUP(F63,$H$140:I$192,2,FALSE)) -> 443323
A64: SUR 3 ZONA 2 | B64: =+IF(F64=0,0,MID(F64,LEN(F64)-3,1)) -> 3 | C64: 1 | D64: 2014-2020 | E64: =+IF(F64=0,0,CONCATENATE(MID(F64,FIND("-",F64,1)+1,4),"ORAS")) -> 15 HORAS | F64: 17.CAMION TIPO25m³-15 HORAS-3 OP | G64: =+IF(F64="","",VLOOKUP(F64,$H$140:I$192,2,FALSE)) -> 443323
A66: valor total | B66: =B47+B48+B49+B50+B51+B52+B55+B56+B57+B58+B59+B60+B61+B62+B63+B64 -> 29 | C66: =SUM(C47:C52,C55:C65) -> 10 | G66: =SUM(G47:G52,G55:G65) -> 4378559
A68: TOTAL | B68: =B66+B41+B23 -> 74 | C68: =C66+C41+C23 -> 26 | D68: =D66+D41+D23 -> 0 | G68: =SUM(G23,G41,G66) -> 12098777
J69: GRAN TOTAL OPERA | K69: =K26+B68+T26+AB26 -> 100
J70: GRAN TOTAL CAMIONES | K70: =L26+C68+U26+AC26 -> 34 | M70: ZONA NORTE | N70: ZONA CENTRO | O70: ZONA SUR
J71: VALOR $ | K71: =SUM(G68,P26,Y26) -> 17024776 | M71: =SUM(G4:G12,G16:G22,Y20:Y21) -> 4797743 | N71: =SUM(G27:G32,G35:G40,P4:P15,P18:P25,Y4:Y7,Y15:Y16,Y22:Y23) -> 7475240 | O71: =SUM(G47:G52,G55:G64,Y24) -> 4751793 | P71: =SUM(M71:O71) -> 17024776
A73: OTRAS NOVEDADES DE JORNADA
A74: MOVIMIENTOS: * SE REQUIERE QUE LOS DOS OPERARI@S PARA APOYO DE CICLOVÍA LLEGUEN A PLAZA DE LOS ARTESANOS Carrera 60 #63A-52 A LAS 10:00 AM Y ESTEN DISPONIBLES 05:00 PM. ENCARGADO EDDY CAMACHO 3163678143 * LA CAMIONETA FURGONADA DE PENDONES DE CALLE 26 DEBE LLEGAR A LAS 4:00 AM A LA PLAZA DE ARTESANOS, JUNTO CON LOS DOS OPERARIOS ADICIONALES. CAMIONETA 1: CAMIONETA DEBE LLEGAR A LAS 4:00 AM A PLAZA DE LOS ARTESANOS QUEDA DISPONIBLE. ENCARGADO KEVIN SILVA 3214765973 CAMIONETA 2: CAMIONETA DEBE LLEGAR A LAS 10:00 AM A PLAZA DE LOS ARTESANOS QUEDA DISPONIBLE. ENCARGADO KEVIN SILVA 3214765973 CAMIONETA 3: CAMIONETA DEBE LLEGAR A LAS 4:00 AM A PLAZA DE LOS ARTESANOS QUEDA DISPONIBLE. ENCARGADO KEVIN SILVA 3214765973 CAMIONETA 4: CAMIONETA DEBE LLEGAR A LAS 4:00 AM A PLAZA DE LOS ARTESANOS QUEDA DISPONIBLE. ENVARGADO LUIS MARTÍNEZ 3124158470 FURGONADA: CAMIONETA DEBE LLEGAR A LAS 5:30 AM A PLAZA DE LOS ARTESANOS, QUEDA DISPONIBLE. ENCARGADO KEVIN SILVA 3214765973 ESCUELA DE LA BICI: EL VEHÍCULO DE ESCUELA. SE ACALARA QUE DEBEN COMUNICARSE CON EL TALENTO HUMANO DE EL PROGRAMA DE ESCUELA DE LA BICICLETA SERGIO PRIETO CEL 3167160204, LO ANTERIOR PARA COORDINAR LOS PUNTOS Y LOS DESPLAZAMIENTOS. TRASLADO DE ELEMENTOS - SERVICIO SOCIAL : EL CAMIÓN DEBE LLEGAR A PLAZA DE LOS ARTESANOS, A LAS 5:00 AM, CARGAR Y DIRIGIRSE AL IDRD, POSTERIORMENTE DEBE IR A ENTREGAR DOS MODULOS DE VENDEDORES, A LA AV BOYACA CON CALLE 80 Y CARRERA 7 CON CALLE 53. DISPONIBILIDAD 9 HORAS. CICLOPASEO POLICÍA NACIONAL: EL CAMIÓN DEBE ESTAR A LAS 6:00 AM EN LA PLAZA DE LOS ARTESANOS, DIRIGIRESE A PLAZA DE BOLIVAR LA DISPONIBILIDAD SERÁ DE 9 HORAS DISPONIBLES: SE DEBE DEJAR DOS CAMIONES DE 25m2 CON 3 OPERARIOS LOS CUALES DEBEN REGRESAR A LA PLAZA DE LOS ARTESANOS A LAS 8:30 AM, ENCARGADO EDDY CAMACHO 3163678143. 3012802342
A94: Apoyan Guardaines ATN Norte 4, Norte 2 y Norte 3 Apoan Guardianes ATN Norte 1, Centro 1 y Centro 5 Apoyan Guardianes ATN Centro 4, Centro 3 y Sur 3 Apoyan Guardianes ATN Sur 1, Sur 2 y Centro 2
J139: TIPO DE DISPONIBILIDAD | K139: OPERARIOS
F140: 0 | G140: 0 | H140: 0 | I140: 0 | J140: 0 | K140: 0 | L140: 0 | M140: 0 | N140: =+CONCATENATE(G140,"VEHICULO",M140) -> 0VEHICULO0
F141: 40m³-15H-4OP | G141: 1. | H141: 1.CAMION TIPO40m³-15 HORAS-4 OP | I141: 582964 | J141: C | K141: 4 | L141: 1 SENCILLO 15H 4OP | M141: . | N141: =+CONCATENATE(G141,F141) -> 1.40m³-15H-4OP
F142: 40m³-15H-3OP | G142: 2. | H142: 2.CAMION TIPO40m³-15 HORAS-3 OP | I142: 514916 | J142: C | K142: 3 | L142: 2 SENCILLO 15H 3OP | M142: . | N142: =+CONCATENATE(G142,F142) -> 2.40m³-15H-3OP
F143: 40m³-15H-2OP | G143: 3. | H143: 3.CAMION TIPO40m³-15 HORAS-2 OP | I143: 448638 | J143: C | K143: 2 | L143: 3 SENCILLO 15H 2OP | M143: . | N143: =+CONCATENATE(G143,F143) -> 3.40m³-15H-2OP
F144: 40m³-15H-1OP | G144: 4. | H144: 4.CAMION TIPO40m³-15 HORAS-1 OP | I144: 381163 | J144: C | K144: 1 | L144: 4 SENCILLO 15H 1OP | M144: . | N144: =+CONCATENATE(G144,F144) -> 4.40m³-15H-1OP
F145: 40m³-15H-0OP | G145: 5. | H145: 5.CAMION TIPO40m³-15 HORAS-0 OP | I145: 321680 | J145: C | K145: 0 | L145: 5 SENCILLO 15H 0OP | M145: . | N145: =+CONCATENATE(G145,F145) -> 5.40m³-15H-0OP
F146: 40m³-9H-4OP | G146: 6. | H146: 6.CAMION TIPO40m³-09 HORAS-4 OP | I146: 509192 | J146: M | K146: 4 | L146: 6 SENCILLO M 4OP | M146: . | N146: =+CONCATENATE(G146,F146) -> 6.40m³-9H-4OP
F147: 40m³-9H-3OP | G147: 7. | H147: 7.CAMION TIPO40m³-09 HORAS-3 OP | I147: 450204 | J147: M | K147: 3 | L147: 7 SENCILLO M 3OP | M147: . | N147: =+CONCATENATE(G147,F147) -> 7.40m³-9H-3OP
F148: 40m³-9H-2OP | G148: 8. | H148: 8.CAMION TIPO40m³-09 HORAS-2 OP | I148: 392186 | J148: M | K148: 2 | L148: 8 SENCILLO M 2OP | M148: . | N148: =+CONCATENATE(G148,F148) -> 8.40m³-9H-2OP
F149: 40m³-9H-1OP | G149: 9. | H149: 9.CAMION TIPO40m³-09 HORAS-1 OP | I149: 329397 | J149: M | K149: 1 | L149: 9 SENCILLO M 1OP | M149: . | N149: =+CONCATENATE(G149,F149) -> 9.40m³-9H-1OP
F150: 40m³-9H-0OP | G150: 10. | H150: 10.CAMION TIPO40m³-09 HORAS-0 OP | I150: 280919 | J150: M | K150: 0 | L150: 10 SENCILLO M 0OP | M150: . | N150: =+CONCATENATE(G150,F150) -> 10.40m³-9H-0OP
F151: 40m³-4H-4OP | G151: 11. | H151: 11.CAMION TIPO40m³-04 HORAS-4 OP | I151: 420585 | J151: R | K151: 4 | L151: 11 SENCILLO R 4OP | M151: . | N151: =+CONCATENATE(G151,F151) -> 11.40m³-4H-4OP
F152: 40m³-4H-3OP | G152: 12. | H152: 12.CAMION TIPO40m³-04 HORAS-3 OP | I152: 369327 | J152: R | K152: 3 | L152: 12 SENCILLO R 3OP | M152: . | N152: =+CONCATENATE(G152,F152) -> 12.40m³-4H-3OP
... F182: OPERARIO-6-H | G182: 42. | H182: 42.OPERARIO-06 HORAS | I182: 41562 | J182: H | K182: 0 | L182: 42 OPERARIO 6 H | M182: . | N182: =+CONCATENATE(G182,F182) -> 42.OPERARIO-6-H
F183: BOGOTA-REGION-40m³- | G183: 43. | H183: 43.BOGOTA-REGION-40m³-9 HORAS | I183: 628232 | N183: =+CONCATENATE(G183,F183) -> 43.BOGOTA-REGION-40m³-
F184: BOGOTA-REGION-25m³- | G184: 44. | H184: 44.BOGOTA-REGION-25m³-9 HORAS | I184: 562619 | N184: =+CONCATENATE(G184,F184) -> 44.BOGOTA-REGION-25m³-
F185: BOGOTA-REGION-FURGON- | G185: 45. | H185: 45.BOGOTA-REGION-FURGON-9 HORAS | I185: 418264 | N185: =+CONCATENATE(G185,F185) -> 45.BOGOTA-REGION-FURGON-
F186: BOGOTA-REGION-4X4 | G186: 46. | H186: 46.BOGOTA-REGION-4X4-9 HORAS | I186: 288714 | N186: =+CONCATENATE(G186,F186) -> 46.BOGOTA-REGION-4X4
H187: 47. 6 OPERARIO-06 HORAS | I187: =41562*6 -> 249372 | J187: H | N187: =+CONCATENATE(G187,F187)
H188: 48. 8 OPERARIO-06 HORAS | I188: =41562*8 -> 332496 | J188: H
H189: 49. 10 OPERARIO-06 HORAS | I189: =41562*8 -> 332496 | J189: H
H190: 50. 6 OPERARIO-08 HORAS | I190: =53577*10 -> 535770 | J190: H
H191: 51. 8 OPERARIO-08 HORAS | I191: =53577*8 -> 428616 | J191: H
H192: 52. 10 OPERARIO-08 HORAS | I192: =53577*10 -> 535770 | J192: H

Sheet 26 FEBRERO
A1: ZONA NORTE
A2: RUTAS CICLOVÍA 40 M3 | I2: LUDICA CICLOVÍA, ESCUELA DE LA BICI, ADICIONALES 25 M3 | R2: CONOS CICLOVÍA 25 M3
A3: CORREDOR | B3: # OPERARIOS | C3: # CAMIONES | D3: MODELO | E3: DISPONIBILIDAD | F3: TIPO DE SERVICIO | G3: $ | I3: ZONA | J3: CORREDOR | K3: # OPERARIOS | L3: # CAMIONES | M3: MODELO | N3: DISPONIBILIDAD | O3: TIPO DE SERVICIO | P3: $ | R3: ZONA | S3: CORREDOR | T3: # OPERARIOS | U3: # CAMIONES | V3: MODELO | W3: DISPONIBILIDAD | X3: TIPO DE SERVICIO | Y3: $
A4: NORTE 1 | B4: =+IF(F4=0,0,MID(F4,LEN(F4)-3,1)) -> 4 | C4: 1 | D4: 2014-2020 | E4: =+IF(F4=0,0,CONCATENATE(MID(F4,FIND("-",F4,1)+1,4),"ORAS")) -> 15 HORAS | F4: 1.CAMION TIPO40m³-15 HORAS-4 OP | G4: =+IF(F4="","",VLOOKUP(F4,$H$140:$I$192,2,FALSE)) -> 582964 | I4: CENTRO | J4: CAMIONETA FURGONADA PENDONES CALLE 26 | K4: 0 | L4: 1 | M4: 2014-2020 | N4: =+IF(O4=0,0,CONCATENATE(MID(O4,FIND("-",O4,1)+1,4),"ORAS")) -> 15 HORAS | O4: 31.CAMION TIPOFURGON-15 HORAS | P4: =+IF(O4="","",VLOOKUP(O4,$H$140:$I$192,2,FALSE)) -> 239262 | R4: CENTRO | S4: CENTRO 5 CAMION 1 UNICONOS | T4: =+IF(X4=0,0,MID(X4,LEN(X4)-3,1)) -> 4 | U4: 1 | V4: 2014-2020 | W4: =+IF(X4=0,0,CONCATENATE(MID(X4,FIND("-",X4,1)+1,4),"ORAS")) -> 15 HORAS | X4: 16.CAMION TIPO25m³-15 HORAS-4 OP | Y4: =+IF(X4="","",VLOOKUP(X4,$H$140:$I$192,2,FALSE)) -> 501739
A5: NORTE 2 | B5: =+IF(F5=0,0,MID(F5,LEN(F5)-3,1)) -> 3 | C5: 1 | D5: 2014-2020 | E5: =+IF(F5=0,0,CONCATENATE(MID(F5,FIND("-",F5,1)+1,4),"ORAS")) -> 15 HORAS | F5: 2.CAMION TIPO40m³-15 HORAS-3 OP | G5: =+IF(F5="","",VLOOKUP(F5,$H$140:I$192,2,FALSE)) -> 514916 | I5: CENTRO | J5: ESCUELA | K5: 3 | L5: 1 | M5: 2014-2020 | N5: =+IF(O5=0,0,CONCATENATE(MID(O5,FIND("-",O5,1)+1,4),"ORAS")) -> 15 HORAS | O5: 17.CAMION TIPO25m³-15 HORAS-3 OP | P5: =+IF(O5="","",VLOOKUP(O5,$H$140:$I$192,2,FALSE)) -> 443323 | R5: CENTRO | S5: CENTRO 5 CAMION 2 UNICONOS | T5: =+IF(X5=0,0,MID(X5,LEN(X5)-3,1)) -> 4 | U5: 1 | V5: 2014-2020 | W5: =+IF(X5=0,0,CONCATENATE(MID(X5,FIND("-",X5,1)+1,4),"ORAS")) -> 15 HORAS | X5: 16.CAMION TIPO25m³-15 HORAS-4 OP | Y5: =+IF(X5="","",VLOOKUP(X5,$H$140:$I$192,2,FALSE)) -> 501739
A6: NORTE 3 | B6: =+IF(F6=0,0,MID(F6,LEN(F6)-3,1)) -> 3 | C6: 1 | D6: 2014-2020 | E6: =+IF(F6=0,0,CONCATENATE(MID(F6,FIND("-",F6,1)+1,4),"ORAS")) -> 15 HORAS | F6: 2.CAMION TIPO40m³-15 HORAS-3 OP | G6: =+IF(F6="","",VLOOKUP(F6,$H$140:I$192,2,FALSE)) -> 514916 | N6: =+IF(O6=0,0,CONCATENATE(MID(O6,FIND("-",O6,1)+1,4),"ORAS")) -> 0 | O6: 0 | P6: =+IF(O6="","",VLOOKUP(O6,$H$140:$I$192,2,FALSE)) -> 0 | R6: CENTRO | S6: CENTRO 4 CAMION 3 UNICONOS | T6: =+IF(X6=0,0,MID(X6,LEN(X6)-3,1)) -> 4 | U6: 1 | V6: 2014-2020 | W6: =+IF(X6=0,0,CONCATENATE(MID(X6,FIND("-",X6,1)+1,4),"ORAS")) -> 15 HORAS | X6: 16.CAMION TIPO25m³-15 HORAS-4 OP | Y6: =+IF(X6="","",VLOOKUP(X6,$H$140:$I$192,2,FALSE)) -> 501739
A7: NORTE 4 | B7: =+IF(F7=0,0,MID(F7,LEN(F7)-3,1)) -> 3 | C7: 1 | D7: 2014-2020 | E7: =+IF(F7=0,0,CONCATENATE(MID(F7,FIND("-",F7,1)+1,4),"ORAS")) -> 15 HORAS | F7: 2.CAMION TIPO40m³-15 HORAS-3 OP | G7: =+IF(F7="","",VLOOKUP(F7,$H$140:I$192,2,FALSE)) -> 514916 | O7: 0 | P7: =+IF(O7="","",VLOOKUP(O7,$H$140:$I$192,2,FALSE)) -> 0 | X7: 0 | Y7: =+IF(X7="","",VLOOKUP(X7,$H$140:$I$186,2,FALSE)) -> 0
A8: NORTE 5 ZONA 1 | B8: =+IF(F8=0,0,MID(F8,LEN(F8)-3,1)) -> 3 | C8: 1 | D8: 2014-2020 | E8: =+IF(F8=0,0,CONCATENATE(MID(F8,FIND("-",F8,1)+1,4),"ORAS")) -> 15 HORAS | F8: 2.CAMION TIPO40m³-15 HORAS-3 OP | G8: =+IF(F8="","",VLOOKUP(F8,$H$140:I$192,2,FALSE)) -> 514916 | O8: 0 | P8: =+IF(O8="","",VLOOKUP(O8,$H$140:$I$192,2,FALSE)) -> 0 | U8: =+U4+U5+U6+U7 -> 3
A9: NORTE 1 MALETINES | B9: =+IF(F9=0,0,MID(F9,LEN(F9)-3,1)) -> 4 | C9: 1 | D9: 2014-2020 | E9: =+IF(F9=0,0,CONCATENATE(MID(F9,FIND("-",F9,1)+1,4),"ORAS")) -> 15 HORAS | F9: 1.CAMION TIPO40m³-15 HORAS-4 OP | G9: =+IF(F9="","",VLOOKUP(F9,$H$140:I$192,2,FALSE)) -> 582964
A10: NORTE 1 DIVISORES | B10: =+IF(F10=0,0,MID(F10,LEN(F10)-3,1)) -> 4 | C10: 1 | D10: 2014-2020 | E10: =+IF(F10=0,0,CONCATENATE(MID(F10,FIND("-",F10,1)+1,4),"ORAS")) -> 15 HORAS | F10: 1.CAMION TIPO40m³-15 HORAS-4 OP | G10: =+IF(F10="","",VLOOKUP(F10,$H$140:I$192,2,FALSE)) -> 582964
B13: =+B10+B9+B8+B7+B6+B5+B4 -> 24 | C13: =+C10+C9+C8+C7+C6+C5+C4 -> 7 | G13: =SUM(G4:G12) -> 3808556 | R13: OPERARIOS ADICIONALES
A14: RUTAS CICLOVÍA 25 M3 | R14: ZONA | S14: CORREDOR | T14: # OPERARIOS | U14: # CAMIONES | V14: MODELO | W14: DISPONIBILIDAD | X14: TIPO DE SERVICIO | Y14: $
A15: CORREDOR | B15: # OPERARIOS | C15: # CAMIONES | D15: MODELO | E15: DISPONIBILIDAD | F15: TIPO DE SERVICIO | G15: $ | R15: CENTRO | S15: APOYO CICLOVÍA | T15: 3 | U15: 0 | V15: NA | W15: =+IF(X15=0,0,CONCATENATE(MID(X15,FIND("-",X15,1)+1,4),"ORAS")) -> 08 HORAS | X15: 41.OPERARIO-08 HORAS | Y15: =+(IF(X15="","",VLOOKUP(X15,$H$140:$I$192,2,FALSE)))*T15 -> 160731
A16: NORTE 5 ZONA 2 | B16: =+IF(F16=0,0,MID(F16,LEN(F16)-3,1)) -> 3 | C16: 1 | D16: 2014-2020 | E16: =+IF(F16=0,0,CONCATENATE(MID(F16,FIND("-",F16,1)+1,4),"ORAS")) -> 15 HORAS | F16: 17.CAMION TIPO25m³-15 HORAS-3 OP | G16: =+IF(F16="","",VLOOKUP(F16,$H$140:I$192,2,FALSE)) -> 443323 | I16: ATN CICLOVÍA, ESCUELA DE LA BICI, ADICIONALES 40 M3 | R16: CENTRO | S16: ADICIONALES | T16: 3 | U16: 0 | V16: NA | W16: =+IF(X16=0,0,CONCATENATE(MID(X16,FIND("-",X16,1)+1,4),"ORAS")) -> 08 HORAS | X16: 41.OPERARIO-08 HORAS | Y16: =+(IF(X16="","",VLOOKUP(X16,$H$140:$I$192,2,FALSE)))*T16 -> 160731
I17: ZONA | J17: CORREDOR | K17: # OPERARIOS | L17: # CAMIONES | M17: MODELO | N17: DISPONIBILIDAD | O17: TIPO DE SERVICIO | P17: $
I18: CENTRO | J18: CICLOPASEO POLICÍA NACIONAL | K18: 2 | L18: 1 | M18: 2014-2020 | N18: =+IF(O18=0,0,CONCATENATE(MID(O18,FIND("-",O18,1)+1,4),"ORAS")) -> 09 HORAS | O18: 7.CAMION TIPO40m³-09 HORAS-3 OP | P18: =+IF(O18="","",VLOOKUP(O18,$H$140:$I$192,2,FALSE)) -> 450204 | R18: CAMIONETA 4 X4 DOBLE CABINA CON PLATON
I19: CENTRO | J19: CICLOVÍA INTERNACIONAL | K19: 3 | L19: 1 | M19: 2014-2020 | N19: =+IF(O19=0,0,CONCATENATE(MID(O19,FIND("-",O19,1)+1,4),"ORAS")) -> 09 HORAS | O19: 7.CAMION TIPO40m³-09 HORAS-3 OP | P19: =+IF(O19="","",VLOOKUP(O19,$H$140:$I$192,2,FALSE)) -> 450204 | R19: ZONA | S19: CORREDOR | T19: # OPERARIOS | U19: # CAMIONES | V19: MODELO | W19: DISPONIBILIDAD | X19: TIPO DE SERVICIO | Y19: $
R20: NORTE | S20: APOYO CICLOVÍA | T20: NA | U20: NA | V20: 2014-2020 | W20: =+IF(X20=0,0,CONCATENATE(MID(X20,FIND("-",X20,1)+1,4),"ORAS")) -> 15 HORAS | X20: 34.4X4-15 HORAS | Y20: =+IF(X20="","",VLOOKUP(X20,$H$140:$I$192,2,FALSE)) -> 373234
R21: NORTE | S21: APOYO CICLOVÍA | T21: NA | U21: NA | V21: 2014-2020 | W21: =+IF(X21=0,0,CONCATENATE(MID(X21,FIND("-",X21,1)+1,4),"ORAS")) -> 15 HORAS | X21: 34.4X4-15 HORAS | Y21: =+IF(X21="","",VLOOKUP(X21,$H$140:$I$192,2,FALSE)) -> 373234
R22: CENTRO | S22: APOYO CICLOVÍA | T22: NA | U22: 1 | V22: 2014-2020 | W22: =+IF(X22=0,0,CONCATENATE(MID(X22,FIND("-",X22,1)+1,4),"ORAS")) -> 15 HORAS | X22: 31.CAMION TIPOFURGON-15 HORAS | Y22: =+IF(X22="","",VLOOKUP(X22,$H$140:$I$192,2,FALSE)) -> 239262
A23: valor total | B23: =SUM(B4:B13)+B16+B17+B18+B19+B20+B22 -> 27 | C23: =+C4+C5+C6+C7+C8+C9+C10+C16 -> 8 | G23: =SUM(G13,G16:G22) -> 4251879 | R23: CENTRO | S23: APOYO CICLOVÍA | T23: NA | U23: NA | V23: 2014-2020 | W23: =+IF(X23=0,0,CONCATENATE(MID(X23,FIND("-",X23,1)+1,4),"ORAS")) -> 15 HORAS | X23: 34.4X4-15 HORAS | Y23: =+IF(X23="","",VLOOKUP(X23,$H$140:$I$192,2,FALSE)) -> 373234
A24: ZONA CENTRO | R24: SUR | S24: APOYO CICLOVÍA | T24: NA | U24: NA | V24: 2014-2020 | W24: =+IF(X24=0,0,CONCATENATE(MID(X24,FIND("-",X24,1)+1,4),"ORAS")) -> 15 HORAS | X24: 34.4X4-15 HORAS | Y24: =+IF(X24="","",VLOOKUP(X24,$H$140:$I$192,2,FALSE)) -> 373234
A25: RUTAS CICLOVÍA 40 M3
A26: CORREDOR | B26: # OPERARIOS | C26: # CAMIONES | D26: MODELO | E26: DISPONIBILIDAD | F26: TIPO DE SERVICIO | G26: $ | J26: TOTAL | K26: =SUM(K4:K15,K18:K25) -> 8 | L26: =SUM(L4:L25) -> 4 | P26: =SUM(P4:P25) -> 1582993 | S26: TOTAL | T26: =T4+T5+T6+T15+T16 -> 18 | U26: =SUM(U4:U7,U22) -> 4 | Y26: =SUM(Y4:Y24) -> 3558877
A27: CENTRO 1 | B27: =+IF(F27=0,0,MID(F27,LEN(F27)-3,1)) -> 3 | C27: 1 | D27: 2014-2020 | E27: =+IF(F27=0,0,CONCATENATE(MID(F27,FIND("-",F27,1)+1,4),"ORAS")) -> 15 HORAS | F27: 2.CAMION TIPO40m³-15 HORAS-3 OP | G27: =+IF(F27="","",VLOOKUP(F27,$H$140:I$192,2,FALSE)) -> 514916
A28: CENTRO 2 | B28: =+IF(F28=0,0,MID(F28,LEN(F28)-3,1)) -> 3 | C28: 1 | D28: 2014-2020 | E28: =+IF(F28=0,0,CONCATENATE(MID(F28,FIND("-",F28,1)+1,4),"ORAS")) -> 15 HORAS | F28: 2.CAMION TIPO40m³-15 HORAS-3 OP | G28: =+IF(F28="","",VLOOKUP(F28,$H$140:I$192,2,FALSE)) -> 514916
A29: CENTRO 4 | B29: =+IF(F29=0,0,MID(F29,LEN(F29)-3,1)) -> 3 | C29: 1 | D29: 2014-2020 | E29: =+IF(F29=0,0,CONCATENATE(MID(F29,FIND("-",F29,1)+1,4),"ORAS")) -> 15 HORAS | F29: 2.CAMION TIPO40m³-15 HORAS-3 OP | G29: =+IF(F29="","",VLOOKUP(F29,$H$140:I$192,2,FALSE)) -> 514916
A30: CENTRO 5 | B30: 3 | C30: 1 | D30: 2014-2020 | E30: =+IF(F30=0,0,CONCATENATE(MID(F30,FIND("-",F30,1)+1,4),"ORAS")) -> 15 HORAS | F30: 2.CAMION TIPO40m³-15 HORAS-3 OP | G30: =+IF(F30="","",VLOOKUP(F30,$H$140:I$192,2,FALSE)) -> 514916
A33: RUTAS CICLOVÍA 25 M3
B34: # OPERARIOS | C34: # CAMIONES | D34: MODELO | F34: TIPO DE SERVICIO | G34: $
A35: CENTRO 3 ZONA 1 | B35: =+IF(F35=0,0,MID(F35,LEN(F35)-3,1)) -> 3 | C35: 1 | D35: 2014-2020 | E35: =+IF(F35=0,0,CONCATENATE(MID(F35,FIND("-",F35,1)+1,4),"ORAS")) -> 15 HORAS | F35: 17.CAMION TIPO25m³-15 HORAS-3 OP | G35: =+IF(F35="","",VLOOKUP(F35,$H$140:I$192,2,FALSE)) -> 443323
A36: CENTRO 3 ZONA 2 | B36: =+IF(F36=0,0,MID(F36,LEN(F36)-3,1)) -> 3 | C36: 1 | D36: 2014-2020 | E36: =+IF(F36=0,0,CONCATENATE(MID(F36,FIND("-",F36,1)+1,4),"ORAS")) -> 15 HORAS | F36: 17.CAMION TIPO25m³-15 HORAS-3 OP | G36: =+IF(F36="","",VLOOKUP(F36,$H$140:I$192,2,FALSE)) -> 443323
A37: CENTRO 6 ZONA 1 | B37: =+IF(F37=0,0,MID(F37,LEN(F37)-3,1)) -> 3 | C37: 1 | D37: 2014-2020 | E37: =+IF(F37=0,0,CONCATENATE(MID(F37,FIND("-",F37,1)+1,4),"ORAS")) -> 15 HORAS | F37: 17.CAMION TIPO25m³-15 HORAS-3 OP | G37: =+IF(F37="","",VLOOKUP(F37,$H$140:I$192,2,FALSE)) -> 443323
A38: CENTRO 6 ZONA 2 | B38: =+IF(F38=0,0,MID(F38,LEN(F38)-3,1)) -> 3 | C38: 1 | D38: 2014-2020 | E38: =+IF(F38=0,0,CONCATENATE(MID(F38,FIND("-",F38,1)+1,4),"ORAS")) -> 15 HORAS | F38: 17.CAMION TIPO25m³-15 HORAS-3 OP | G38: =+IF(F38="","",VLOOKUP(F38,$H$140:I$192,2,FALSE)) -> 443323
E39: =+IF(F39=0,0,CONCATENATE(MID(F39,FIND("-",F39,1)+1,4),"ORAS")) -> 0 | F39: 0 | G39: =+IF(F39="","",VLOOKUP(F39,$H$140:I$192,2,FALSE)) -> 0
A41: valor total | B41: =+B27+B28+B29+B35+B36+B37+B38+B39+B30 -> 24 | C41: =SUM(C27:C32)+C35+C36+C37+C38+C39+C40 -> 8 | E41: =+IF(F41=0,0,CONCATENATE(MID(F41,FIND("-",F41,1)+1,3),"ORAS")) -> 0 | G41: =SUM(G27:G32,G35:G40) -> 3832956
A42: ZONA SUR
A43: RUTAS CICLOVÍA 40 M3
A44: CORREDOR | B44: # OPERARIOS | C44: # CAMIONES | D44: MODELO | E44: DISPONIBILIDAD | F44: TIPO DE SERVICIO | G44: $
A53: RUTAS CICLOVÍA 25 M3
A54: CORREDOR | B54: # OPERARIOS | C54: # CAMIONES | D54: MODELO | E54: DISPONIBILIDAD | F54: TIPO DE SERVICIO | G54: $
A55: SUR 1 ZONA 1 | B55: =+IF(F55=0,0,MID(F55,LEN(F55)-3,1)) -> 3 | C55: 1 | D55: 2014-2020 | E55: =+IF(F55=0,0,CONCATENATE(MID(F55,FIND("-",F55,1)+1,4),"ORAS")) -> 15 HORAS | F55: 17.CAMION TIPO25m³-15 HORAS-3 OP | G55: =+IF(F55="","",VLOOKUP(F55,$H$140:I$192,2,FALSE)) -> 443323
A56: SUR 1 ZONA 2 | B56: =+IF(F56=0,0,MID(F56,LEN(F56)-3,1)) -> 3 | C56: 1 | D56: 2014-2020 | E56: =+IF(F56=0,0,CONCATENATE(MID(F56,FIND("-",F56,1)+1,4),"ORAS")) -> 15 HORAS | F56: 17.CAMION TIPO25m³-15 HORAS-3 OP | G56: =+IF(F56="","",VLOOKUP(F56,$H$140:I$192,2,FALSE)) -> 443323
A57: SUR 1 MALETINES | B57: =+IF(F57=0,0,MID(F57,LEN(F57)-3,1)) -> 3 | C57: 1 | D57: 2014-2020 | E57: =+IF(F57=0,0,CONCATENATE(MID(F57,FIND("-",F57,1)+1,4),"ORAS")) -> 15 HORAS | F57: 17.CAMION TIPO25m³-15 HORAS-3 OP | G57: =+IF(F57="","",VLOOKUP(F57,$H$140:I$192,2,FALSE)) -> 443323
A58: SUR 2 | B58: =+IF(F58=0,0,MID(F58,LEN(F58)-3,1)) -> 3 | C58: 1 | D58: 2014-2020 | E58: =+IF(F58=0,0,CONCATENATE(MID(F58,FIND("-",F58,1)+1,4),"ORAS")) -> 15 HORAS | F58: 17.CAMION TIPO25m³-15 HORAS-3 OP | G58: =+IF(F58="","",VLOOKUP(F58,$H$140:I$192,2,FALSE)) -> 443323
A59: SUR 2 CANECAS 1 | B59: =+IF(F59=0,0,MID(F59,LEN(F59)-3,1)) -> 3 | C59: 1 | D59: 2014-2020 | E59: =+IF(F59=0,0,CONCATENATE(MID(F59,FIND("-",F59,1)+1,4),"ORAS")) -> 15 HORAS | F59: 17.CAMION TIPO25m³-15 HORAS-3 OP | G59: =+IF(F59="","",VLOOKUP(F59,$H$140:I$192,2,FALSE)) -> 443323
A60: SUR 2 CANECAS 2 | B60: =+IF(F60=0,0,MID(F60,LEN(F60)-3,1)) -> 3 | C60: 1 | D60: 2014-2020 | E60: =+IF(F60=0,0,CONCATENATE(MID(F60,FIND("-",F60,1)+1,4),"ORAS")) -> 15 HORAS | F60: 17.CAMION TIPO25m³-15 HORAS-3 OP | G60: =+IF(F60="","",VLOOKUP(F60,$H$140:I$192,2,FALSE)) -> 443323
A61: SUR 2 CANECAS 3 | B61: =+IF(F61=0,0,MID(F61,LEN(F61)-3,1)) -> 3 | C61: 1 | D61: 2014-2020 | E61: =+IF(F61=0,0,CONCATENATE(MID(F61,FIND("-",F61,1)+1,4),"ORAS")) -> 15 HORAS | F61: 17.CAMION TIPO25m³-15 HORAS-3 OP | G61: =+IF(F61="","",VLOOKUP(F61,$H$140:I$192,2,FALSE)) -> 443323
A62: SUR 2 CANECAS 4 | B62: =+IF(F62=0,0,MID(F62,LEN(F62)-3,1)) -> 3 | C62: 1 | D62: 2014-2020 | E62: =+IF(F62=0,0,CONCATENATE(MID(F62,FIND("-",F62,1)+1,4),"ORAS")) -> 15 HORAS | F62: 17.CAMION TIPO25m³-15 HORAS-3 OP | G62: =+IF(F62="","",VLOOKUP(F62,$H$140:I$192,2,FALSE)) -> 443323
A63: SUR 3 ZONA 1 | B63: =+IF(F63=0,0,MID(F63,LEN(F63)-3,1)) -> 3 | C63: 1 | D63: 2014-2020 | E63: =+IF(F63=0,0,CONCATENATE(MID(F63,FIND("-",F63,1)+1,4),"ORAS")) -> 15 HORAS | F63: 17.CAMION TIPO25m³-15 HORAS-3 OP | G63: =+IF(F63="","",VLOOKUP(F63,$H$140:I$192,2,FALSE)) -> 443323
A64: SUR 3 ZONA 2 | B64: =+IF(F64=0,0,MID(F64,LEN(F64)-3,1)) -> 3 | C64: 1 | D64: 2014-2020 | E64: =+IF(F64=0,0,CONCATENATE(MID(F64,FIND("-",F64,1)+1,4),"ORAS")) -> 15 HORAS | F64: 17.CAMION TIPO25m³-15 HORAS-3 OP | G64: =+IF(F64="","",VLOOKUP(F64,$H$140:I$192,2,FALSE)) -> 443323
A66: valor total | B66: =B47+B48+B49+B50+B51+B52+B55+B56+B57+B58+B59+B60+B61+B62+B63+B64 -> 30 | C66: =SUM(C47:C52,C55:C65) -> 10 | G66: =SUM(G47:G52,G55:G65) -> 4433230
A68: TOTAL | B68: =B66+B41+B23 -> 81 | C68: =C66+C41+C23 -> 26 | D68: =D66+D41+D23 -> 0 | G68: =SUM(G23,G41,G66) -> 12518065
J69: GRAN TOTAL OPERA | K69: =K26+B68+T26+AB26 -> 107
J70: GRAN TOTAL CAMIONES | K70: =L26+C68+U26+AC26 -> 34 | M70: ZONA NORTE | N70: ZONA CENTRO | O70: ZONA SUR
J71: VALOR $ | K71: =SUM(G68,P26,Y26) -> 17659935 | M71: =SUM(G4:G12,G16:G22,Y20:Y21) -> 4998347 | N71: =SUM(G27:G32,G35:G40,P4:P15,P18:P25,Y4:Y7,Y15:Y16,Y22:Y23) -> 7855124 | O71: =SUM(G47:G52,G55:G64,Y24) -> 4806464 | P71: =SUM(M71:O71) -> 17659935
A73: OTRAS NOVEDADES DE JORNADA
A74: MOVIMIENTOS: * SE REQUIERE QUE LOS DOS OPERARI@S PARA APOYO DE CICLOVÍA LLEGUEN A PLAZA DE LOS ARTESANOS Carrera 60 #63A-52 A LAS 10:00 AM Y ESTEN DISPONIBLES 05:00 PM. ENCARGADO LUIS MARTINEZ 3124158470 * LA CAMIONETA FURGONADA DE PENDONES DE CALLE 26 DEBE LLEGAR A LAS 4:00 AM A LA PLAZA DE ARTESANOS, JUNTO CON LOS DOS OPERARIOS ADICIONALES. CAMIONETA 1: CAMIONETA DEBE LLEGAR A LAS 4:00 AM A PLAZA DE LOS ARTESANOS QUEDA DISPONIBLE. ENCARGADO KEVIN SILVA 3214765973 CAMIONETA 2: CAMIONETA DEBE LLEGAR A LAS 10:00 AM A PLAZA DE LOS ARTESANOS QUEDA DISPONIBLE. ENCARGADO KEVIN SILVA 3214765973 CAMIONETA 3: CAMIONETA DEBE LLEGAR A LAS 4:00 AM A PLAZA DE LOS ARTESANOS QUEDA DISPONIBLE. ENCARGADO KEVIN SILVA 3214765973 CAMIONETA 4: CAMIONETA DEBE LLEGAR A LAS 4:00 AM A PLAZA DE LOS ARTESANOS QUEDA DISPONIBLE. ENVARGADO LUIS MARTÍNEZ 3124158470 FURGONADA: CAMIONETA DEBE LLEGAR A LAS 5:30 AM A PLAZA DE LOS ARTESANOS, QUEDA DISPONIBLE. ENCARGADO KEVIN SILVA 3214765973 ESCUELA DE LA BICI: EL VEHÍCULO DE ESCUELA. SE ACALARA QUE DEBEN COMUNICARSE CON EL TALENTO HUMANO DE EL PROGRAMA DE ESCUELA DE LA BICICLETA SERGIO PRIETO CEL 3167160204, LO ANTERIOR PARA COORDINAR LOS PUNTOS Y LOS DESPLAZAMIENTOS. CICLOVÍA INTERNACIONAL : EL CAMIÓN DEBE LLEGAR A PLAZA DE LOS ARTESANOS, A LAS 7:00 AM, CARGAR Y DIRIGIRSE AL IDRD, POSTERIORMENTE SE DIRIGE A PLAZOLETA DEL GORDO, EN EL AEROPUERTO EL DORADO, Y REALIZAR LA RECOLECCIÓN DE LOS ELEMENTOS A LAS 2:00 PM / CONTACTO ENCARGADO CAMILO MORA 3212165044, LA DISPONIBILIDAD SERÁ DE 9 HORAS CICLOPASEO POLICÍA NACIONAL: EL CAMIÓN DEBE ESTAR A LAS 6:00 AM EN LA PLAZA DE LOS ARTESANOS, DIRIGIRESE A MUESO NACIONAL Y POSTERIORMENTE AL PARQUE SIMÓN BOLIVAR LA DISPONIBILIDAD SERÁ DE 9 HORAS, EL ENLACE CAMILO MORA 3212165044 DISPONIBLES: SE DEBE DEJAR DOS CAMIONES DE 25m2 CON 3 OPERARIOS LOS CUALES DEBEN REGRESAR A LA PLAZA DE LOS ARTESANOS A LAS 8:30 AM, ENCARGADO EDDY CAMACHO 3163678143. 3012802342
A94: Apoyan Guardaines ATN Norte 4, Norte 2 y Norte 3 Apoan Guardianes ATN Norte 1, Centro 1 y Centro 5 Apoyan Guardianes ATN Centro 4, Centro 3 y Sur 3 Apoyan Guardianes ATN Sur 1, Sur 2 y Centro 2
J139: TIPO DE DISPONIBILIDAD | K139: OPERARIOS
F140: 0 | G140: 0 | H140: 0 | I140: 0 | J140: 0 | K140: 0 | L140: 0 | M140: 0 | N140: =+CONCATENATE(G140,"VEHICULO",M140) -> 0VEHICULO0
F141: 40m³-15H-4OP | G141: 1. | H141: 1.CAMION TIPO40m³-15 HORAS-4 OP | I141: 582964 | J141: C | K141: 4 | L141: 1 SENCILLO 15H 4OP | M141: . | N141: =+CONCATENATE(G141,F141) -> 1.40m³-15H-4OP
F142: 40m³-15H-3OP | G142: 2. | H142: 2.CAMION TIPO40m³-15 HORAS-3 OP | I142: 514916 | J142: C | K142: 3 | L142: 2 SENCILLO 15H 3OP | M142: . | N142: =+CONCATENATE(G142,F142) -> 2.40m³-15H-3OP
F143: 40m³-15H-2OP | G143: 3. | H143: 3.CAMION TIPO40m³-15 HORAS-2 OP | I143: 448638 | J143: C | K143: 2 | L143: 3 SENCILLO 15H 2OP | M143: . | N143: =+CONCATENATE(G143,F143) -> 3.40m³-15H-2OP
F144: 40m³-15H-1OP | G144: 4. | H144: 4.CAMION TIPO40m³-15 HORAS-1 OP | I144: 381163 | J144: C | K144: 1 | L144: 4 SENCILLO 15H 1OP | M144: . | N144: =+CONCATENATE(G144,F144) -> 4.40m³-15H-1OP
F145: 40m³-15H-0OP | G145: 5. | H145: 5.CAMION TIPO40m³-15 HORAS-0 OP | I145: 321680 | J145: C | K145: 0 | L145: 5 SENCILLO 15H 0OP | M145: . | N145: =+CONCATENATE(G145,F145) -> 5.40m³-15H-0OP
F146: 40m³-9H-4OP | G146: 6. | H146: 6.CAMION TIPO40m³-09 HORAS-4 OP | I146: 509192 | J146: M | K146: 4 | L146: 6 SENCILLO M 4OP | M146: . | N146: =+CONCATENATE(G146,F146) -> 6.40m³-9H-4OP
F147: 40m³-9H-3OP | G147: 7. | H147: 7.CAMION TIPO40m³-09 HORAS-3 OP | I147: 450204 | J147: M | K147: 3 | L147: 7 SENCILLO M 3OP | M147: . | N147: =+CONCATENATE(G147,F147) -> 7.40m³-9H-3OP
F148: 40m³-9H-2OP | G148: 8. | H148: 8.CAMION TIPO40m³-09 HORAS-2 OP | I148: 392186 | J148: M | K148: 2 | L148: 8 SENCILLO M 2OP | M148: . | N148: =+CONCATENATE(G148,F148) -> 8.40m³-9H-2OP
F149: 40m³-9H-1OP | G149: 9. | H149: 9.CAMION TIPO40m³-09 HORAS-1 OP | I149: 329397 | J149: M | K149: 1 | L149: 9 SENCILLO M 1OP | M149: . | N149: =+CONCATENATE(G149,F149) -> 9.40m³-9H-1OP
F150: 40m³-9H-0OP | G150: 10. | H150: 10.CAMION TIPO40m³-09 HORAS-0 OP | I150: 280919 | J150: M | K150: 0 | L150: 10 SENCILLO M 0OP | M150: . | N150: =+CONCATENATE(G150,F150) -> 10.40m³-9H-0OP
F151: 40m³-4H-4OP | G151: 11. | H151: 11.CAMION TIPO40m³-04 HORAS-4 OP | I151: 420585 | J151: R | K151: 4 | L151: 11 SENCILLO R 4OP | M151: . | N151: =+CONCATENATE(G151,F151) -> 11.40m³-4H-4OP
F152: 40m³-4H-3OP | G152: 12. | H152: 12.CAMION TIPO40m³-04 HORAS-3 OP | I152: 369327 | J152: R | K152: 3 | L152: 12 SENCILLO R 3OP | M152: . | N152: =+CONCATENATE(G152,F152) -> 12.40m³-4H-3OP
... F182: OPERARIO-6-H | G182: 42. | H182: 42.OPERARIO-06 HORAS | I182: 41562 | J182: H | K182: 0 | L182: 42 OPERARIO 6 H | M182: . | N182: =+CONCATENATE(G182,F182) -> 42.OPERARIO-6-H
F183: BOGOTA-REGION-40m³- | G183: 43. | H183: 43.BOGOTA-REGION-40m³-9 HORAS | I183: 628232 | N183: =+CONCATENATE(G183,F183) -> 43.BOGOTA-REGION-40m³-
F184: BOGOTA-REGION-25m³- | G184: 44. | H184: 44.BOGOTA-REGION-25m³-9 HORAS | I184: 562619 | N184: =+CONCATENATE(G184,F184) -> 44.BOGOTA-REGION-25m³-
F185: BOGOTA-REGION-FURGON- | G185: 45. | H185: 45.BOGOTA-REGION-FURGON-9 HORAS | I185: 418264 | N185: =+CONCATENATE(G185,F185) -> 45.BOGOTA-REGION-FURGON-
F186: BOGOTA-REGION-4X4 | G186: 46. | H186: 46.BOGOTA-REGION-4X4-9 HORAS | I186: 288714 | N186: =+CONCATENATE(G186,F186) -> 46.BOGOTA-REGION-4X4
H187: 47. 6 OPERARIO-06 HORAS | I187: =41562*6 -> 249372 | J187: H | N187: =+CONCATENATE(G187,F187)
H188: 48. 8 OPERARIO-06 HORAS | I188: =41562*8 -> 332496 | J188: H
H189: 49. 10 OPERARIO-06 HORAS | I189: =41562*8 -> 332496 | J189: H
H190: 50. 6 OPERARIO-08 HORAS | I190: =53577*10 -> 535770 | J190: H
H191: 51. 8 OPERARIO-08 HORAS | I191: =53577*8 -> 428616 | J191: H
H192: 52. 10 OPERARIO-08 HORAS | I192: =53577*10 -> 535770 | J192: H

Sheet INFORME FINAL FEB2
B1: LOGISTICA Y REDES DE DISTRIBUCION S.A.S- IDRD 2022 ZONA NORTE-CENTRO-SUR | Z1: 504881
B2: CONTRATO 1916 DE 2022 - CORTE DEL 1 ENERO DE 2023 AL 05 DE FEBRERO DE 2023 | Z2: 53564
B3: FECHA | C3: CAMIONES | D3: OPERARIOS | E3: OPERARIOS ADICIONALES | F3: JORNADA | G3: DESCRIPCION DEL DESCUENTO | H3: VALOR TOTAL CAMIONES | I3: VALOR OPERARIOS ADICIONALES | J3: VALOR DESCUENTOS | K3: RECREOVÍA | L3: .
B5: ZONA NORTE- CENTRO - SUR | K5: MES ENERO Y FEBRERO RECREOVIA: CAMIONES CON 4 OPERARIOS (15 HORAS) 0 - CAMIONES CON 3 OPERARIOS (15 HORAS) 8 - CAMIONES CON 2 OPERARIOS (15 HORAS) 1 - CAMIONES CON 4 OPERARIOS (9 HORAS) 0 - OPERARIOS (8 HORAS) 115 - OPERARIOS (6 HORAS) 220
B6: 44969 | C6: ='12 FEBRERO '!C68 -> 26 | D6: ='12 FEBRERO '!B68 -> 82 | F6: DOMINGO - CICLOVIA RUTA | H6: ='12 FEBRERO '!G68 -> 12586113
B7: 44969 | C7: ='12 FEBRERO '!U26 -> 4 | D7: ='12 FEBRERO '!T26 -> 16 | F7: DOMINGO - CAMIONES DE CONOS | H7: ='12 FEBRERO '!Y26 -> 3446884
B8: 44969 | C8: ='12 FEBRERO '!L26 -> 3 | D8: ='12 FEBRERO '!K26 -> 7 | F8: DOMINGO- ESCUELA DE LA BICICLETA | H8: ='12 FEBRERO '!P26 -> 1061892
K9: 13754047
L10: CICLOVÍA | M10: CICLOVÍA + RECREOVÍA
L11: =SUM(H6:I11) -> 17094889 | M11: =L11+K9+L19+L28+L55+L37+L46+L64 -> 65533647
B12: TOTAL | C12: =SUM(C6:C8) -> 33 | D12: =SUM(D6:D8) -> 105 | E12: =SUM(E6:E11) -> 0 | H12: =SUM(H6:H11) -> 17094889 | I12: =SUM(I11) -> 0 | J12: 0
J13: ,
B14: ZONA NORTE- CENTRO - SUR
B15: 44976 | C15: ='19 FEBRERO'!C68 -> 26 | D15: ='19 FEBRERO'!B68 -> 74 | F15: DOMINGO - CICLOVIA RUTA | H15: ='19 FEBRERO'!G68 -> 12098777
B16: 44976 | C16: ='19 FEBRERO'!U26 -> 4 | D16: ='19 FEBRERO'!T26 -> 17 | F16: DOMINGO - CAMIONES DE CONOS | H16: ='19 FEBRERO'!Y26 -> 3505300
B17: 44976 | C17: ='19 FEBRERO'!L26 -> 4 | D17: ='19 FEBRERO'!K26 -> 9 | F17: DOMINGO- ESCUELA DE LA BICICLETA | H17: ='19 FEBRERO'!P26 -> 1420699
L18: CICLOVÍA | M18: CICLOVÍA + RECREOVÍA
L19: =SUM(H15:I20) -> 17024776
B21: TOTAL | C21: =SUM(C15:C20) -> 34 | D21: =SUM(D15:D20) -> 100 | E21: =SUM(E15:E20) -> 0 | H21: =SUM(H15:H20) -> 17024776 | J21: 0
B23: ZONA NORTE- CENTRO - SUR
B24: 44983 | C24: ='26 FEBRERO'!C68 -> 26 | D24: ='26 FEBRERO'!B68 -> 81 | F24: DOMINGO - CICLOVIA RUTA | H24: ='26 FEBRERO'!G68 -> 12518065
B25: 44983 | C25: ='26 FEBRERO'!U26 -> 4 | D25: ='26 FEBRERO'!T26 -> 18 | F25: DOMINGO - CAMIONES DE CONOS | H25: ='26 FEBRERO'!Y26 -> 3558877
B26: 44983 | C26: ='26 FEBRERO'!L26 -> 4 | D26: ='26 FEBRERO'!K26 -> 8 | F26: DOMINGO- ESCUELA DE LA BICICLETA | H26: ='26 FEBRERO'!P26 -> 1582993
L27: CICLOVÍA | M27: CICLOVÍA + RECREOVÍA
L28: =SUM(H24:I29) -> 17659935
B30: TOTAL | C30: =SUM(C24:C29) -> 34 | D30: =SUM(D24:D29) -> 107 | E30: =SUM(E24:E29) -> 0 | H30: =SUM(H24:H29) -> 17659935 | I30: =SUM(I24:I29) -> 0 | J30: 0
B32: ZONA NORTE- CENTRO - SUR
L36: CICLOVÍA | M36: CICLOVÍA + RECREOVÍA
L37: =SUM(H33:I38) -> 0
B39: TOTAL | C39: =SUM(C33:C38) -> 0 | D39: =SUM(D33:D38) -> 0 | E39: =SUM(E33:E38) -> 0 | H39: =SUM(H33:H38) -> 0 | I39: =SUM(I33:I38) -> 0 | J39: 0
B41: ZONA NORTE- CENTRO - SUR
L45: CICLOVÍA | M45: CICLOVÍA + RECREOVÍA
L46: =SUM(H42:I47) -> 0
B48: TOTAL | C48: =SUM(C42:C47) -> 0 | D48: =SUM(D42:D47) -> 0 | E48: =SUM(E42:E47) -> 0 | H48: =SUM(H42:H47) -> 0 | I48: =SUM(I42:I47) -> 0 | J48: 0
B50: ZONA NORTE- CENTRO - SUR
L54: CICLOVÍA | M54: CICLOVÍA + RECREOVÍA
L55: =SUM(H51:I56) -> 0
B57: TOTAL | C57: =SUM(C51:C56) -> 0 | D57: =SUM(D51:D56) -> 0 | E57: =SUM(E51:E56) -> 0 | H57: =SUM(H51:H56) -> 0 | I57: =SUM(I51:I56) -> 0 | J57: 0
B59: ZONA NORTE- CENTRO - SUR
L63: CICLOVÍA | M63: CICLOVÍA + RECREOVÍA
L64: =SUM(H60:I65) -> 0
B66: TOTAL | C66: =SUM(C60:C65) -> 0 | D66: =SUM(D60:D65) -> 0 | E66: =SUM(E60:E65) -> 0 | H66: =SUM(H60:H65) -> 0 | I66: =SUM(I60:I65) -> 0 | J66: 0
B68: ZONA NORTE- CENTRO - SUR
L72: CICLOVÍA | M72: CICLOVÍA + RECREOVÍA
L73: =SUM(H69:I74) -> 0
B75: TOTAL | C75: =SUM(C69:C74) -> 0 | D75: =SUM(D69:D74) -> 0 | E75: =SUM(E69:E74) -> 0 | H75: =SUM(H69:H74) -> 0 | I75: =SUM(I69:I74) -> 0 | J75: 0
H77: VALOR | I77: VALOR OPERARIOS ADICIONALES | J77: VALOR DESCUENTOS
B78: TOTAL | C78: =C21+C12+C30+C57+C48+C39 -> 101 | D78: =D21+D12+D30+D57+D48+D66+D39 -> 312 | E78: =E21+E12+E30+E57+E66+E48+E39 -> 0 | F78: TOTAL | H78: =SUM(H12,H21,H30,H39,H48,H57,H66,H75) -> 51779600 | I78: =I12+I21+I30+I57+I66+I48+I39 -> 0 | J78: =J12+J21+J30+J57+J66 -> 0 | L78: TOTAL ZONA NORTE | M78: TOTAL ZONA CENTRO | N78: TOTAL ZONA SUR | O78: VALOR TOTAL
F79: TOTAL CICLOVIA | G79: =H78+I78 -> 51779600 | L79: =SUM('12 FEBRERO '!M71,'19 FEBRERO'!M71,'26 FEBRERO'!M71) -> 14794437 | M79: =SUM('12 FEBRERO '!N71,'19 FEBRERO'!N71,'26 FEBRERO'!N71) -> 22620442 | N79: =SUM('12 FEBRERO '!O71,'19 FEBRERO'!O71,'26 FEBRERO'!O71) -> 14364721 | O79: =L79+M79+N79 -> 51779600
F80: TOTAL RECREOVÍA | G80: =K9 -> 13754047
B81: SERVICIOS ADICIONALES | L81: RECREOVÍA TOTAL
B82: FECHA (Ej. 19-Jul-09) | C82: HORA INICIO (Hora Militar) | D82: HORA FINAL (Hora Militar) | E82: EVENTO (Como aparece en el plan de acción) | F82: LUGAR Y DIRECCION | G82: PROYECTO DE INVERSIÓN (Como aparece en el plan de acción) | H82: PROGRAMA | I82: Disponibilidad | J82: Tipo de servicio | K82: valor | L82: =G80 -> 13754047
B83: 44971 | C83: 0.23958333 | D83: 0.77083333 | E83: MANZANAS DEL CUIDADO | F83: UDS (CALLE 63 X CRA 68) | G83: 7852 | H83: COMUNIDADES ACTIVIDAS Y SALUDABLES | I83: =+IF(J83=0,0,CONCATENATE(MID(J83,FIND("-",J83,1)+1,4),"ORAS")) -> 15 HORAS | J83: 19.CAMION TIPO25m³-15 HORAS-1 OP | K83: =+IF(J83=0,0,IF(J83="","",VLOOKUP('INFORME FINAL FEB2'!J83,[9]PLANTILLA!$H$139:$I$191,2,0))) -> 323189
B84: 44972 | C84: 0.23958333 | D84: 0.77083333 | E84: MANZANAS DEL CUIDADO | F84: UDS (CALLE 63 X CRA 68) | G84: 7852 | H84: COMUNIDADES ACTIVIDAS Y SALUDABLES | I84: =+IF(J84=0,0,CONCATENATE(MID(J84,FIND("-",J84,1)+1,4),"ORAS")) -> 15 HORAS | J84: 19.CAMION TIPO25m³-15 HORAS-1 OP | K84: =+IF(J84=0,0,IF(J84="","",VLOOKUP('INFORME FINAL FEB2'!J84,[9]PLANTILLA!$H$139:$I$191,2,0))) -> 323189
B85: martes, 16 de febrero de 2023 | C85: 0.5 | D85: 0.5625 | E85: MANZANAS DEL CUIDADO | F85: UDS (CALLE 63 X CRA 68) | G85: 7852 | H85: COMUNIDADES ACTIVIDAS Y SALUDABLES | I85: =+IF(J85=0,0,CONCATENATE(MID(J85,FIND("-",J85,1)+1,4),"ORAS")) -> 09 HORAS | J85: 24.CAMION TIPO25m³-09 HORAS-1 OP | K85: =+IF(J85=0,0,IF(J85="","",VLOOKUP('INFORME FINAL FEB2'!J85,[9]PLANTILLA!$H$139:$I$191,2,0))) -> 290841
B86: martes, 17 de febrero de 2023 | C86: 0.23958333 | D86: 0.77083333 | E86: MANZANAS DEL CUIDADO | F86: UDS (CALLE 63 X CRA 68) | G86: 7852 | H86: COMUNIDADES ACTIVIDAS Y SALUDABLES | I86: =+IF(J86=0,0,CONCATENATE(MID(J86,FIND("-",J86,1)+1,4),"ORAS")) -> 15 HORAS | J86: 19.CAMION TIPO25m³-15 HORAS-1 OP | K86: =+IF(J86=0,0,IF(J86="","",VLOOKUP('INFORME FINAL FEB2'!J86,[9]PLANTILLA!$H$139:$I$191,2,0))) -> 323189
B87: 44978 | C87: 0.23958333 | D87: 0.5625 | E87: MANZANAS DEL CUIDADO | F87: UDS (CALLE 63 X CRA 68) | G87: 7852 | H87: COMUNIDADES ACTIVIDAS Y SALUDABLES | I87: =+IF(J87=0,0,CONCATENATE(MID(J87,FIND("-",J87,1)+1,4),"ORAS")) -> 09 HORAS | J87: 24.CAMION TIPO25m³-09 HORAS-1 OP | K87: =+IF(J87=0,0,IF(J87="","",VLOOKUP('INFORME FINAL FEB2'!J87,[9]PLANTILLA!$H$139:$I$191,2,0))) -> 290841
B88: martes, 22 de febrero de 2023 | C88: 0.23958333 | D88: 0.5625 | E88: MANZANAS DEL CUIDADO | F88: UDS (CALLE 63 X CRA 68) | G88: 7852 | H88: COMUNIDADES ACTIVIDAS Y SALUDABLES | I88: =+IF(J88=0,0,CONCATENATE(MID(J88,FIND("-",J88,1)+1,4),"ORAS")) -> 15 HORAS | J88: 19.CAMION TIPO25m³-15 HORAS-1 OP | K88: =+IF(J88=0,0,IF(J88="","",VLOOKUP('INFORME FINAL FEB2'!J88,[9]PLANTILLA!$H$139:$I$191,2,0))) -> 323189
B89: martes, 23 de febrero de 2023 | C89: 0.28125 | D89: 0.77083333 | E89: MANZANAS DEL CUIDADO | F89: UDS (CALLE 63 X CRA 68) | G89: 7852 | H89: COMUNIDADES ACTIVIDAS Y SALUDABLES | I89: =+IF(J89=0,0,CONCATENATE(MID(J89,FIND("-",J89,1)+1,4),"ORAS")) -> 15 HORAS | J89: 19.CAMION TIPO25m³-15 HORAS-1 OP | K89: =+IF(J89=0,0,IF(J89="","",VLOOKUP('INFORME FINAL FEB2'!J89,[9]PLANTILLA!$H$139:$I$191,2,0))) -> 323189
B90: martes, 24 de febrero de 2023 | C90: 0.23958333 | D90: 0.5625 | E90: MANZANAS DEL CUIDADO | F90: UDS (CALLE 63 X CRA 68) | G90: 7852 | H90: COMUNIDADES ACTIVIDAS Y SALUDABLES | I90: =+IF(J90=0,0,CONCATENATE(MID(J90,FIND("-",J90,1)+1,4),"ORAS")) -> 09 HORAS | J90: 24.CAMION TIPO25m³-09 HORAS-1 OP | K90: =+IF(J90=0,0,IF(J90="","",VLOOKUP('INFORME FINAL FEB2'!J90,[9]PLANTILLA!$H$139:$I$191,2,0))) -> 290841
B91: martes, 28 de febrero de 2023 | C91: 0.23958333 | D91: 0.77083333 | E91: MANZANAS DEL CUIDADO | F91: UDS (CALLE 63 X CRA 68) | G91: 7852 | H91: COMUNIDADES ACTIVIDAS Y SALUDABLES | I91: =+IF(J91=0,0,CONCATENATE(MID(J91,FIND("-",J91,1)+1,4),"ORAS")) -> 09 HORAS | J91: 24.CAMION TIPO25m³-09 HORAS-1 OP | K91: =+IF(J91=0,0,IF(J91="","",VLOOKUP('INFORME FINAL FEB2'!J91,[9]PLANTILLA!$H$139:$I$191,2,0))) -> 290841
B92: martes, 13 de febrero de 2023 | C92: 0.33333333 | D92: 0.54166667 | E92: CAMPAMENTO DISCAPACIDAD | F92: CAYETANO CAÑIZALES | G92: 7851 | H92: RECREACIÓN Y DEPORTE PARA LA FORMACIÓN CIUDADANA | I92: =+IF(J92=0,0,CONCATENATE(MID(J92,FIND("-",J92,1)+1,4),"ORAS")) -> 09 HORAS | J92: 23.CAMION TIPO25m³-09 HORAS-2 OP | K92: =+IF(J92=0,0,IF(J92="","",VLOOKUP('INFORME FINAL FEB2'!J92,[9]PLANTILLA!$H$139:$I$191,2,0))) -> 345928
B93: martes, 16 de febrero de 2023 | C93: 0.35416667 | D93: 0.64583333 | E93: TRASLADO DE MATERIAL | F93: ESTADIO DE TECHO | G93: 7851 | H93: RECREACIÓN Y DEPORTE PARA LA FORMACIÓN CIUDADANA | I93: =+IF(J93=0,0,CONCATENATE(MID(J93,FIND("-",J93,1)+1,4),"ORAS")) -> 09 HORAS | J93: 24.CAMION TIPO25m³-09 HORAS-1 OP | K93: =+IF(J93=0,0,IF(J93="","",VLOOKUP('INFORME FINAL FEB2'!J93,[9]PLANTILLA!$H$139:$I$191,2,0))) -> 290841
B94: martes, 21 de febrero de 2023 | C94: 0.35416667 | D94: 0.5625 | E94: TRASLADO DE MATERIAL | F94: PRD | G94: 7851 | H94: RECREACIÓN Y DEPORTE PARA LA FORMACIÓN CIUDADANA | I94: =+IF(J94=0,0,CONCATENATE(MID(J94,FIND("-",J94,1)+1,4),"ORAS")) -> 09 HORAS | J94: 23.CAMION TIPO25m³-09 HORAS-2 OP | K94: =+IF(J94=0,0,IF(J94="","",VLOOKUP('INFORME FINAL FEB2'!J94,[9]PLANTILLA!$H$139:$I$191,2,0))) -> 345928
B95: martes, 21 de febrero de 2023 | C95: 0.25 | D95: 0.60416667 | E95: PRUEBAS FÍSICAS | F95: PALZA DE ARTESANOS - CICLOVÍA | G95: 7852 | H95: COMUNIDADES ACTIVIDAS Y SALUDABLES | I95: =+IF(J95=0,0,CONCATENATE(MID(J95,FIND("-",J95,1)+1,4),"ORAS")) -> 09 HORAS | J95: 22.CAMION TIPO25m³-09 HORAS-3 OP | K95: =+IF(J95=0,0,IF(J95="","",VLOOKUP('INFORME FINAL FEB2'!J95,[9]PLANTILLA!$H$139:$I$191,2,0))) -> 386383
B96: 44980 | C96: 0.33333333 | D96: 0.1875 | E96: TRASLADO DE MATERIAL | F96: TECHO | G96: 7851 | H96: RECREACIÓN Y DEPORTE PARA LA FORMACIÓN CIUDADANA | I96: =+IF(J96=0,0,CONCATENATE(MID(J96,FIND("-",J96,1)+1,4),"ORAS")) -> 09 HORAS | J96: 24.CAMION TIPO25m³-09 HORAS-1 OP | K96: =+IF(J96=0,0,IF(J96="","",VLOOKUP('INFORME FINAL FEB2'!J96,[9]PLANTILLA!$H$139:$I$191,2,0))) -> 290841
B97: 44981 | C97: 0.33333333 | D97: 0.45833333 | E97: TRASLADO DE MATERIAL | F97: SIMON BOLIVAR | G97: 7851 | H97: RECREACIÓN Y DEPORTE PARA LA FORMACIÓN CIUDADANA | I97: =+IF(J97=0,0,CONCATENATE(MID(J97,FIND("-",J97,1)+1,4),"ORAS")) -> 04 HORAS | J97: 26.CAMION TIPO25m³-04 HORAS-4 OP | K97: =+IF(J97=0,0,IF(J97="","",VLOOKUP('INFORME FINAL FEB2'!J97,[9]PLANTILLA!$H$139:$I$191,2,0))) -> 374201
B98: 44981 | C98: 0.33333333 | D98: 0.66666667 | E98: TRASLADO DE MATERIAL | F98: IDRD | G98: 7850 | H98: IMPLEMENTACIÓN DEPORTIVA | I98: =+IF(J98=0,0,CONCATENATE(MID(J98,FIND("-",J98,1)+1,4),"ORAS")) -> 15 HORAS | J98: 16.CAMION TIPO25m³-15 HORAS-4 OP | K98: =+IF(J98=0,0,IF(J98="","",VLOOKUP('INFORME FINAL FEB2'!J98,[9]PLANTILLA!$H$139:$I$191,2,0))) -> 501739
B99: 44981 | C99: 0.33333333 | D99: 0.66666667 | E99: TRASLADO DE MATERIAL | F99: IDRD | G99: 7850 | H99: IMPLEMENTACIÓN DEPORTIVA | I99: =+IF(J99=0,0,CONCATENATE(MID(J99,FIND("-",J99,1)+1,4),"ORAS")) -> 08 HORAS | J99: 41.OPERARIO-08 HORAS | K99: =+IF(J99=0,0,IF(J99="","",VLOOKUP('INFORME FINAL FEB2'!J99,[9]PLANTILLA!$H$139:$I$191,2,0))) -> 53577
B100: 44981 | C100: 0.33333333 | D100: 0.66666667 | E100: TRASLADO DE MATERIAL | F100: IDRD | G100: 7850 | H100: IMPLEMENTACIÓN DEPORTIVA | I100: =+IF(J100=0,0,CONCATENATE(MID(J100,FIND("-",J100,1)+1,4),"ORAS")) -> 08 HORAS | J100: 41.OPERARIO-08 HORAS | K100: =+IF(J100=0,0,IF(J100="","",VLOOKUP('INFORME FINAL FEB2'!J100,[9]PLANTILLA!$H$139:$I$191,2,0))) -> 53577
B101: 44982 | C101: 0.33333333 | D101: 0.5 | E101: SALIDA MTB | F101: PARQUE EL TUNAL | G101: 7851 | H101: RECREACIÓN Y DEPORTE PARA LA FORMACIÓN CIUDADANA | I101: =+IF(J101=0,0,CONCATENATE(MID(J101,FIND("-",J101,1)+1,4),"ORAS")) -> 09 HORAS | J101: 23.CAMION TIPO25m³-09 HORAS-2 OP | K101: =+IF(J101=0,0,IF(J101="","",VLOOKUP('INFORME FINAL FEB2'!J101,[9]PLANTILLA!$H$139:$I$191,2,0))) -> 345928 | DG101: X | DM101: 1 | DN101: X
B102: 44982 | C102: 0.33333333 | D102: 0.5 | E102: SALIDA MTB | F102: PARQUE EL TUNAL | G102: 7851 | H102: RECREACIÓN Y DEPORTE PARA LA FORMACIÓN CIUDADANA | I102: =+IF(J102=0,0,CONCATENATE(MID(J102,FIND("-",J102,1)+1,4),"ORAS")) -> 09 HORAS | J102: 35.4X4-09 HORAS | K102: =+IF(J102=0,0,IF(J102="","",VLOOKUP('INFORME FINAL FEB2'!J102,[9]PLANTILLA!$H$139:$I$191,2,0))) -> 242399 | DG102: X | DM102: 1 | DN102: X
B103: 44982 | C103: 0.33333333 | D103: 0.5 | E103: PLAZA DE LOS ARTESANOS | F103: SIMÓN BOLIVAR | G103: 7852 | H103: COMUNIDADES ACTIVIDAS Y SALUDABLES | I103: =+IF(J103=0,0,CONCATENATE(MID(J103,FIND("-",J103,1)+1,4),"ORAS")) -> 08 HORAS | J103: 51. 8 OPERARIO-08 HORAS | K103: =+IF(J103=0,0,IF(J103="","",VLOOKUP('INFORME FINAL FEB2'!J103,[9]PLANTILLA!$H$139:$I$191,2,0))) -> 428616 | DG103: X | DM103: 1 | DN103: X
B104: 44982 | C104: 0.33333333 | D104: 0.5 | E104: PLAZA DE LOS ARTESANOS | F104: SIMÓN BOLIVAR | G104: 7852 | H104: COMUNIDADES ACTIVIDAS Y SALUDABLES | I104: =+IF(J104=0,0,CONCATENATE(MID(J104,FIND("-",J104,1)+1,4),"ORAS")) -> 08 HORAS | J104: 50. 6 OPERARIO-08 HORAS | K104: =+IF(J104=0,0,IF(J104="","",VLOOKUP('INFORME FINAL FEB2'!J104,[9]PLANTILLA!$H$139:$I$191,2,0))) -> 535770 | DG104: X | DM104: 1 | DN104: X
I105: =+IF(J105=0,0,CONCATENATE(MID(J105,FIND("-",J105,1)+1,4),"ORAS")) -> 0 | J105: 0 | K105: =+IF(J105=0,0,IF(J105="","",VLOOKUP('INFORME FINAL FEB2'!J105,[9]PLANTILLA!$H$139:$I$191,2,0))) -> 0 | DG105: X | DM105: 1 | DN105: X
I106: =+IF(J106=0,0,CONCATENATE(MID(J106,FIND("-",J106,1)+1,4),"ORAS")) -> 0 | J106: 0 | K106: =+IF(J106=0,0,IF(J106="","",VLOOKUP('INFORME FINAL FEB2'!J106,[9]PLANTILLA!$H$139:$I$191,2,0))) -> 0 | DG106: X | DM106: 1 | DN106: X
I107: =+IF(J107=0,0,CONCATENATE(MID(J107,FIND("-",J107,1)+1,4),"ORAS")) -> 0 | J107: 0 | K107: =+IF(J107=0,0,IF(J107="","",VLOOKUP('INFORME FINAL FEB2'!J107,[9]PLANTILLA!$H$139:$I$191,2,0))) -> 0 | DG107: X | DM107: 1 | DN107: X
I108: =+IF(J108=0,0,CONCATENATE(MID(J108,FIND("-",J108,1)+1,4),"ORAS")) -> 0 | J108: 0 | K108: =+IF(J108=0,0,IF(J108="","",VLOOKUP('INFORME FINAL FEB2'!J108,[9]PLANTILLA!$H$139:$I$191,2,0))) -> 0 | DG108: X | DM108: 1 | DN108: X
I109: =+IF(J109=0,0,CONCATENATE(MID(J109,FIND("-",J109,1)+1,4),"ORAS")) -> 0 | J109: 0 | K109: =+IF(J109=0,0,IF(J109="","",VLOOKUP('INFORME FINAL FEB2'!J109,[9]PLANTILLA!$H$139:$I$191,2,0))) -> 0 | DG109: X | DM109: 1 | DN109: X
I110: =+IF(J110=0,0,CONCATENATE(MID(J110,FIND("-",J110,1)+1,4),"ORAS")) -> 0 | J110: 0 | K110: =+IF(J110=0,0,IF(J110="","",VLOOKUP('INFORME FINAL FEB2'!J110,[9]PLANTILLA!$H$139:$I$191,2,0))) -> 0 | DG110: X | DM110: 1 | DN110: X
I111: =+IF(J111=0,0,CONCATENATE(MID(J111,FIND("-",J111,1)+1,4),"ORAS")) -> 0 | J111: 0 | K111: =+IF(J111=0,0,IF(J111="","",VLOOKUP('INFORME FINAL FEB2'!J111,[9]PLANTILLA!$H$139:$I$191,2,0))) -> 0 | DG111: X | DM111: 1 | DN111: X
I112: =+IF(J112=0,0,CONCATENATE(MID(J112,FIND("-",J112,1)+1,4),"ORAS")) -> 0 | J112: 0 | K112: =+IF(J112=0,0,IF(J112="","",VLOOKUP('INFORME FINAL FEB2'!J112,[9]PLANTILLA!$H$139:$I$191,2,0))) -> 0 | DG112: X | DM112: 1 | DN112: X
I113: =+IF(J113=0,0,CONCATENATE(MID(J113,FIND("-",J113,1)+1,4),"ORAS")) -> 0 | J113: 0 | K113: =+IF(J113=0,0,IF(J113="","",VLOOKUP('INFORME FINAL FEB2'!J113,[9]PLANTILLA!$H$139:$I$191,2,0))) -> 0 | DG113: X | DM113: 1 | DN113: X
I114: =+IF(J114=0,0,CONCATENATE(MID(J114,FIND("-",J114,1)+1,4),"ORAS")) -> 0 | J114: 0 | K114: =+IF(J114=0,0,IF(J114="","",VLOOKUP('INFORME FINAL FEB2'!J114,[9]PLANTILLA!$H$139:$I$191,2,0))) -> 0 | DG114: X | DM114: 1 | DN114: X
I115: =+IF(J115=0,0,CONCATENATE(MID(J115,FIND("-",J115,1)+1,4),"ORAS")) -> 0 | J115: 0 | K115: =+IF(J115=0,0,IF(J115="","",VLOOKUP('INFORME FINAL FEB2'!J115,[9]PLANTILLA!$H$139:$I$191,2,0))) -> 0 | DG115: X | DM115: 1 | DN115: X
I116: =+IF(J116=0,0,CONCATENATE(MID(J116,FIND("-",J116,1)+1,4),"ORAS")) -> 0 | J116: 0 | K116: =+IF(J116=0,0,IF(J116="","",VLOOKUP('INFORME FINAL FEB2'!J116,[9]PLANTILLA!$H$139:$I$191,2,0))) -> 0
I117: =+IF(J117=0,0,CONCATENATE(MID(J117,FIND("-",J117,1)+1,4),"ORAS")) -> 0 | J117: 0 | K117: =+IF(J117=0,0,IF(J117="","",VLOOKUP('INFORME FINAL FEB2'!J117,[9]PLANTILLA!$H$139:$I$191,2,0))) -> 0
I118: =+IF(J118=0,0,CONCATENATE(MID(J118,FIND("-",J118,1)+1,4),"ORAS")) -> 0 | J118: 0 | K118: =+IF(J118=0,0,IF(J118="","",VLOOKUP('INFORME FINAL FEB2'!J118,[9]PLANTILLA!$H$139:$I$191,2,0))) -> 0
I119: =+IF(J119=0,0,CONCATENATE(MID(J119,FIND("-",J119,1)+1,4),"ORAS")) -> 0 | J119: 0 | K119: =+IF(J119=0,0,IF(J119="","",VLOOKUP('INFORME FINAL FEB2'!J119,[9]PLANTILLA!$H$139:$I$191,2,0))) -> 0
I120: =+IF(J120=0,0,CONCATENATE(MID(J120,FIND("-",J120,1)+1,4),"ORAS")) -> 0 | J120: 0 | K120: =+IF(J120=0,0,IF(J120="","",VLOOKUP('INFORME FINAL FEB2'!J120,[9]PLANTILLA!$H$139:$I$191,2,0))) -> 0
I121: =+IF(J121=0,0,CONCATENATE(MID(J121,FIND("-",J121,1)+1,4),"ORAS")) -> 0 | J121: 0 | K121: =+IF(J121=0,0,IF(J121="","",VLOOKUP('INFORME FINAL FEB2'!J121,[9]PLANTILLA!$H$139:$I$191,2,0))) -> 0
I122: =+IF(J122=0,0,CONCATENATE(MID(J122,FIND("-",J122,1)+1,4),"ORAS")) -> 0 | J122: 0 | K122: =+IF(J122=0,0,IF(J122="","",VLOOKUP('INFORME FINAL FEB2'!J122,[9]PLANTILLA!$H$139:$I$191,2,0))) -> 0
I123: =+IF(J123=0,0,CONCATENATE(MID(J123,FIND("-",J123,1)+1,4),"ORAS")) -> 0 | J123: 0 | K123: =+IF(J123=0,0,IF(J123="","",VLOOKUP('INFORME FINAL FEB2'!J123,[9]PLANTILLA!$H$139:$I$191,2,0))) -> 0
I124: =+IF(J124=0,0,CONCATENATE(MID(J124,FIND("-",J124,1)+1,4),"ORAS")) -> 0 | J124: 0 | K124: =+IF(J124=0,0,IF(J124="","",VLOOKUP('INFORME FINAL FEB2'!J124,[9]PLANTILLA!$H$139:$I$191,2,0))) -> 0
I125: =+IF(J125=0,0,CONCATENATE(MID(J125,FIND("-",J125,1)+1,4),"ORAS")) -> 0 | J125: 0 | K125: =+IF(J125=0,0,IF(J125="","",VLOOKUP('INFORME FINAL FEB2'!J125,[9]PLANTILLA!$H$139:$I$191,2,0))) -> 0
I126: =+IF(J126=0,0,CONCATENATE(MID(J126,FIND("-",J126,1)+1,4),"ORAS")) -> 0 | J126: 0 | K126: =+IF(J126=0,0,IF(J126="","",VLOOKUP('INFORME FINAL FEB2'!J126,[9]PLANTILLA!$H$139:$I$191,2,0))) -> 0
I127: =+IF(J127=0,0,CONCATENATE(MID(J127,FIND("-",J127,1)+1,4),"ORAS")) -> 0 | J127: 0 | K127: =+IF(J127=0,0,IF(J127="","",VLOOKUP('INFORME FINAL FEB2'!J127,[9]PLANTILLA!$H$139:$I$191,2,0))) -> 0
... I136: =+IF(J136=0,0,CONCATENATE(MID(J136,FIND("-",J136,1)+1,4),"ORAS")) -> 0 | J136: 0 | K136: =+IF(J136=0,0,IF(J136="","",VLOOKUP('INFORME FINAL FEB2'!J136,[9]PLANTILLA!$H$139:$I$191,2,0))) -> 0
I137: =+IF(J137=0,0,CONCATENATE(MID(J137,FIND("-",J137,1)+1,4),"ORAS")) -> 0 | K137: =+IF(J137=0,0,IF(J137="","",VLOOKUP('INFORME FINAL FEB2'!J137,[9]PLANTILLA!$H$139:$I$191,2,0))) -> 0
I138: =+IF(J138=0,0,CONCATENATE(MID(J138,FIND("-",J138,1)+1,4),"ORAS")) -> 0 | K138: =+IF(J138=0,0,IF(J138="","",VLOOKUP('INFORME FINAL FEB2'!J138,[9]PLANTILLA!$H$139:$I$191,2,0))) -> 0
...

Sheet SALDOS POR PROYECTO
A1: SEGUIMIENTO CONTRATO 1916 / 2022
A2: RP | B2: RUBRO | C2: VALOR RP | D2: SERVICIO AGOSOTO | E2: SALDO | G2: ADICIONAL MAURO
A3: 6539 | B3: 7850 | C3: 50000000 | D3: ='[10]INFORME FINAL AGOSTO'!K86+'[10]INFORME FINAL AGOSTO'!K87+'[10]INFORME FINAL AGOSTO'!K107+'[10]INFORME FINAL AGOSTO'!K108+'[10]INFORME FINAL AGOSTO'!K109+'[10]INFORME FINAL AGOSTO'!K110 -> 2559462 | E3: =C3-D3 -> 47440538
A4: 6540 | B4: 7851 | C4: 60000000 | D4: ='[10]INFORME FINAL AGOSTO'!K85+'[10]INFORME FINAL AGOSTO'!K91+'[10]INFORME FINAL AGOSTO'!K92+'[10]INFORME FINAL AGOSTO'!K93+'[10]INFORME FINAL AGOSTO'!K94+'[10]INFORME FINAL AGOSTO'!K95+'[10]INFORME FINAL AGOSTO'!K96+'[10]INFORME FINAL AGOSTO'!K97+'[10]INFORME FINAL AGOSTO'!K98+'[10]INFORME FINAL AGOSTO'!K99+'[10]INFORME FINAL AGOSTO'!K100+'[10]INFORME FINAL AGOSTO'!K101+'[10]INFORME FINAL AGOSTO'!K102+'[10]INFORME FINAL AGOSTO'!K103+'[10]INFORME FINAL AGOSTO'!K104+'[10]INFORME FINAL AGOSTO'!K106 -> 4468803 | E4: =C4-D4 -> 55531197
A5: 6538 | B5: 7852 | C5: 1271023000 | D5: ='[10]INFORME FINAL AGOSTO'!M11+'[10]INFORME FINAL AGOSTO'!K74+'[10]INFORME FINAL AGOSTO'!K75+'[10]INFORME FINAL AGOSTO'!K76+'[10]INFORME FINAL AGOSTO'!K77+'[10]INFORME FINAL AGOSTO'!K78+'[10]INFORME FINAL AGOSTO'!K79+'[10]INFORME FINAL AGOSTO'!K80+'[10]INFORME FINAL AGOSTO'!K81+'[10]INFORME FINAL AGOSTO'!K82+'[10]INFORME FINAL AGOSTO'!K83+'[10]INFORME FINAL AGOSTO'!K84+'[10]INFORME FINAL AGOSTO'!K88+'[10]INFORME FINAL AGOSTO'!K89+'[10]INFORME FINAL AGOSTO'!K90 -> 112482201 | E5: =C5-D5 -> 1158540799
A6: 6542 | B6: 7854 | C6: 10300000 | D6: 0 | E6: =C6-D6 -> 10300000
A7: 6541 | B7: SAF- 5119 | C7: 7000000 | D7: ='[10]INFORME FINAL AGOSTO'!K105+'[10]INFORME FINAL AGOSTO'!K111 -> 581682 | E7: =C7-D7 -> 6418318
A8: TOTAL CONTRATO | E8: =SUM(E3:E7) -> 1278230852
C9: =SUM(C3:C7) -> 1398323000 | D9: =SUM(D3:D7) -> 120092148
A10: SEGUIMIENTO CONTRATO 1916 / 2022 | I10: Saldo actual | J10: Proyección 7852 | K10: Cantidad de meses para cubrir | L10: Fecha para nuevo contrato
A11: RP | B11: RUBRO | C11: VALOR RP | D11: SERVICIO SEPTIEMBRE | E11: SALDO | I11: =E35 -> 873855857 | J11: =AVERAGE(D9,D18,D27,D36) -> 1.3111679e+08 | K11: =I11/J11 -> 6.6647138 | L11: 45047
A12: 6539 | B12: 7850 | C12: =E3 -> 47440538 | D12: =SUM('[11]INFORME FINAL SEPTIEMBRE'!$K$75,'[11]INFORME FINAL SEPTIEMBRE'!$K$76,'[11]INFORME FINAL SEPTIEMBRE'!$K$77,'[11]INFORME FINAL SEPTIEMBRE'!$K$80,'[11]INFORME FINAL SEPTIEMBRE'!$K$81,'[11]INFORME FINAL SEPTIEMBRE'!$K$82,'[11]INFORME FINAL SEPTIEMBRE'!$K$84,'[11]INFORME FINAL SEPTIEMBRE'!$K$85,'[11]INFORME FINAL SEPTIEMBRE'!$K$88,'[11]INFORME FINAL SEPTIEMBRE'!$K$89,'[11]INFORME FINAL SEPTIEMBRE'!$K$90,'[11]INFORME FINAL SEPTIEMBRE'!$K$92,'[11]INFORME FINAL SEPTIEMBRE'!$K$93,'[11]INFORME FINAL SEPTIEMBRE'!$K$96,'[11]INFORME FINAL SEPTIEMBRE'!$K$97,'[11]INFORME FINAL SEPTIEMBRE'!$K$98,'[11]INFORME FINAL SEPTIEMBRE'!$K$108,'[11]INFORME FINAL SEPTIEMBRE'!$K$109,'[11]INFORME FINAL SEPTIEMBRE'!$K$112,'[11]INFORME FINAL SEPTIEMBRE'!$K$113,'[11]INFORME FINAL SEPTIEMBRE'!$K$114,'[11]INFORME FINAL SEPTIEMBRE'!$K$115,'[11]INFORME FINAL SEPTIEMBRE'!$K$116,'[11]INFORME FINAL SEPTIEMBRE'!$K$117,'[11]INFORME FINAL SEPTIEMBRE'!$K$118,'[11]INFORME FINAL SEPTIEMBRE'!$K$119,'[11]INFORME FINAL SEPTIEMBRE'!$K$120,'[11]INFORME FINAL SEPTIEMBRE'!$K$121,'[11]INFORME FINAL SEPTIEMBRE'!$K$122,'[11]INFORME FINAL SEPTIEMBRE'!$K$123,'[11]INFORME FINAL SEPTIEMBRE'!$K$124,'[11]INFORME FINAL SEPTIEMBRE'!$K$125,'[11]INFORME FINAL SEPTIEMBRE'!$K$126,'[11]INFORME FINAL SEPTIEMBRE'!$K$127,'[11]INFORME FINAL SEPTIEMBRE'!$K$128,'[11]INFORME FINAL SEPTIEMBRE'!$K$129,'[11]INFORME FINAL SEPTIEMBRE'!$K$130,'[11]INFORME FINAL SEPTIEMBRE'!$K$131,'[11]INFORME FINAL SEPTIEMBRE'!$K$132,'[11]INFORME FINAL SEPTIEMBRE'!$K$133,'[11]INFORME FINAL SEPTIEMBRE'!$K$134,'[11]INFORME FINAL SEPTIEMBRE'!$K$135,'[11]INFORME FINAL SEPTIEMBRE'!$K$136,'[11]INFORME FINAL SEPTIEMBRE'!$K$137,'[11]INFORME FINAL SEPTIEMBRE'!$K$138,'[11]INFORME FINAL SEPTIEMBRE'!$K$139) -> 10993500 | E12: =C12-D12 -> 36447038
A13: 6540 | B13: 7851 | C13: =E4 -> 55531197 | D13: =SUM('[11]INFORME FINAL SEPTIEMBRE'!$K$79,'[11]INFORME FINAL SEPTIEMBRE'!$K$94,'[11]INFORME FINAL SEPTIEMBRE'!$K$105,'[11]INFORME FINAL SEPTIEMBRE'!$K$111) -> 1308114 | E13: =C13-D13 -> 54223083
A14: 6538 | B14: 7852 | C14: =E5 -> 1158540799 | D14: =SUM('[11]INFORME FINAL SEPTIEMBRE'!$O$70,'[11]INFORME FINAL SEPTIEMBRE'!$L$73,'[11]INFORME FINAL SEPTIEMBRE'!$K$99,'[11]INFORME FINAL SEPTIEMBRE'!$K$100,'[11]INFORME FINAL SEPTIEMBRE'!$K$101,'[11]INFORME FINAL SEPTIEMBRE'!$K$102,'[11]INFORME FINAL SEPTIEMBRE'!$K$103,'[11]INFORME FINAL SEPTIEMBRE'!$K$104,'[11]INFORME FINAL SEPTIEMBRE'!$K$140,'[11]INFORME FINAL SEPTIEMBRE'!$K$141,'[11]INFORME FINAL SEPTIEMBRE'!$K$142,'[11]INFORME FINAL SEPTIEMBRE'!$K$143,'[11]INFORME FINAL SEPTIEMBRE'!$K$144,'[11]INFORME FINAL SEPTIEMBRE'!$K$145,'[11]INFORME FINAL SEPTIEMBRE'!$K$146,'[11]INFORME FINAL SEPTIEMBRE'!$K$147,'[11]INFORME FINAL SEPTIEMBRE'!$K$148,'[11]INFORME FINAL SEPTIEMBRE'!$K$149,'[11]INFORME FINAL SEPTIEMBRE'!$K$150,'[11]INFORME FINAL SEPTIEMBRE'!$K$151,'[11]INFORME FINAL SEPTIEMBRE'!$K$152,'[11]INFORME FINAL SEPTIEMBRE'!$K$153,'[11]INFORME FINAL SEPTIEMBRE'!$K$154,'[11]INFORME FINAL SEPTIEMBRE'!$K$155) -> 102752853 | E14: =C14-D14 -> 1055787946
A15: 6542 | B15: 7854 | C15: =E6 -> 10300000 | D15: =SUM('[11]INFORME FINAL SEPTIEMBRE'!$K$78,'[11]INFORME FINAL SEPTIEMBRE'!$K$83,'[11]INFORME FINAL SEPTIEMBRE'!$K$86,'[11]INFORME FINAL SEPTIEMBRE'!$K$87,'[11]INFORME FINAL SEPTIEMBRE'!$K$110) -> 1129245 | E15: =C15-D15 -> 9170755
A16: 6541 | B16: SAF- 5119 | C16: =E7 -> 6418318 | D16: =SUM('[11]INFORME FINAL SEPTIEMBRE'!$K$74,'[11]INFORME FINAL SEPTIEMBRE'!$K$91,'[11]INFORME FINAL SEPTIEMBRE'!$K$95,'[11]INFORME FINAL SEPTIEMBRE'!$K$106,'[11]INFORME FINAL SEPTIEMBRE'!$K$107-30348) -> 1402218 | E16: =C16-D16 -> 5016100
A17: TOTAL CONTRATO | E17: =SUM(E12:E16) -> 1160644922
C18: =SUM(C12:C16) -> 1278230852 | D18: =SUM(D12:D16) -> 117585930
A19: SEGUIMIENTO CONTRATO 1916 / 2022
A20: RP | B20: RUBRO | C20: VALOR RP | D20: SERVICIO OCTUBRE | E20: SALDO
A21: 6539 | B21: 7850 | C21: =E12 -> 36447038 | D21: 5750775 | E21: =C21-D21 -> 30696263 | G21: 40455
A22: 6540 | B22: 7851 | C22: =E13 -> 54223083 | D22: 1674612 | E22: =C22-D22 -> 52548471
A23: 6538 | B23: 7852 | C23: =E14 -> 1055787946 | D23: 131977619 | E23: =C23-D23 -> 923810327 | G23: 190278
A24: 6542 | B24: 7854 | C24: =E15 -> 9170755 | D24: 2610108 | E24: =C24-D24 -> 6560647
A25: 6541 | B25: SAF- 5119 | C25: =E16 -> 5016100 | D25: 290841 | E25: =C25-D25 -> 4725259
A26: TOTAL CONTRATO | E26: =SUM(E21:E25) -> 1018340967
C27: =SUM(C21:C25) -> 1160644922 | D27: =SUM(D21:D25) -> 142303955
A28: SEGUIMIENTO CONTRATO 1916 / 2022
A29: RP | B29: RUBRO | C29: VALOR RP | D29: SERVICIO NOVIMEBRE | E29: SALDO
A30: 6539 | B30: 7850 | C30: =E21 -> 30696263 | D30: ='[12]INFORME FINAL NOVIEMEBRE'!K75+'[12]INFORME FINAL NOVIEMEBRE'!K76+'[12]INFORME FINAL NOVIEMEBRE'!K77+'[12]INFORME FINAL NOVIEMEBRE'!K88+'[12]INFORME FINAL NOVIEMEBRE'!K89+'[12]INFORME FINAL NOVIEMEBRE'!K90+'[12]INFORME FINAL NOVIEMEBRE'!K91+'[12]INFORME FINAL NOVIEMEBRE'!K92+'[12]INFORME FINAL NOVIEMEBRE'!K93 -> 4507514 | E30: =C30-D30 -> 26188749
A31: 6540 | B31: 7851 | C31: =E22 -> 52548471 | D31: ='[12]INFORME FINAL NOVIEMEBRE'!K74+'[12]INFORME FINAL NOVIEMEBRE'!K80+'[12]INFORME FINAL NOVIEMEBRE'!K83+'[12]INFORME FINAL NOVIEMEBRE'!K84+'[12]INFORME FINAL NOVIEMEBRE'!K95+'[12]INFORME FINAL NOVIEMEBRE'!K96+'[12]INFORME FINAL NOVIEMEBRE'!K97+'[12]INFORME FINAL NOVIEMEBRE'!K98+'[12]INFORME FINAL NOVIEMEBRE'!K103+'[12]INFORME FINAL NOVIEMEBRE'!K104+'[12]INFORME FINAL NOVIEMEBRE'!K134 -> 3317354 | E31: =C31-D31 -> 49231117
A32: 6538 | B32: 7852 | C32: =E23 -> 923810327 | D32: ='[12]INFORME FINAL NOVIEMEBRE'!O70+'[12]INFORME FINAL NOVIEMEBRE'!L73+'[12]INFORME FINAL NOVIEMEBRE'!K78+'[12]INFORME FINAL NOVIEMEBRE'!K79+'[12]INFORME FINAL NOVIEMEBRE'!K100+'[12]INFORME FINAL NOVIEMEBRE'!K108+'[12]INFORME FINAL NOVIEMEBRE'!K109+'[12]INFORME FINAL NOVIEMEBRE'!K110+'[12]INFORME FINAL NOVIEMEBRE'!K111+'[12]INFORME FINAL NOVIEMEBRE'!K112+'[12]INFORME FINAL NOVIEMEBRE'!K113+'[12]INFORME FINAL NOVIEMEBRE'!K114+'[12]INFORME FINAL NOVIEMEBRE'!K115+'[12]INFORME FINAL NOVIEMEBRE'!K116+'[12]INFORME FINAL NOVIEMEBRE'!K117+'[12]INFORME FINAL NOVIEMEBRE'!K118+'[12]INFORME FINAL NOVIEMEBRE'!K119+'[12]INFORME FINAL NOVIEMEBRE'!K120+'[12]INFORME FINAL NOVIEMEBRE'!K121+'[12]INFORME FINAL NOVIEMEBRE'!K122+'[12]INFORME FINAL NOVIEMEBRE'!K123+'[12]INFORME FINAL NOVIEMEBRE'!K124+'[12]INFORME FINAL NOVIEMEBRE'!K125+'[12]INFORME FINAL NOVIEMEBRE'!K126+'[12]INFORME FINAL NOVIEMEBRE'!K127+'[12]INFORME FINAL NOVIEMEBRE'!K128+'[12]INFORME FINAL NOVIEMEBRE'!K129+'[12]INFORME FINAL NOVIEMEBRE'!K130+'[12]INFORME FINAL NOVIEMEBRE'!K131+'[12]INFORME FINAL NOVIEMEBRE'!K132+'[12]INFORME FINAL NOVIEMEBRE'!K133+'[12]INFORME FINAL NOVIEMEBRE'!K136 -> 133799308 | E32: =C32-D32 -> 790011019
A33: 6542 | B33: 7854 | C33: =E24 -> 6560647 | D33: ='[12]INFORME FINAL NOVIEMEBRE'!K81+'[12]INFORME FINAL NOVIEMEBRE'!K82+'[12]INFORME FINAL NOVIEMEBRE'!K85+'[12]INFORME FINAL NOVIEMEBRE'!K86+'[12]INFORME FINAL NOVIEMEBRE'!K87+'[12]INFORME FINAL NOVIEMEBRE'!K99+'[12]INFORME FINAL NOVIEMEBRE'!K101+'[12]INFORME FINAL NOVIEMEBRE'!K102+'[12]INFORME FINAL NOVIEMEBRE'!K105+'[12]INFORME FINAL NOVIEMEBRE'!K106+'[12]INFORME FINAL NOVIEMEBRE'!K107 -> 2224165 | E33: =C33-D33 -> 4336482
A34: 6541 | B34: SAF- 5119 | C34: =E25 -> 4725259 | D34: ='[12]INFORME FINAL NOVIEMEBRE'!K94+'[12]INFORME FINAL NOVIEMEBRE'!K135 -> 636769 | E34: =C34-D34 -> 4088490
A35: TOTAL CONTRATO | E35: =SUM(E30:E34) -> 873855857
C36: =SUM(C30:C34) -> 1018340967 | D36: =SUM(D30:D34) -> 144485110
A37: SEGUIMIENTO CONTRATO 1916 / 2022
A38: RP | B38: RUBRO | C38: VALOR RP | D38: SERVICIO DICIEMBRE | E38: SALDO
A39: 6539 | B39: 7850 | C39: =E30 -> 26188749 | D39: =SUM('[13]INFORME FINAL DICIEMBRE'!$K$77,'[13]INFORME FINAL DICIEMBRE'!$K$78,'[13]INFORME FINAL DICIEMBRE'!$K$81,'[13]INFORME FINAL DICIEMBRE'!$K$85,'[13]INFORME FINAL DICIEMBRE'!$K$86,'[13]INFORME FINAL DICIEMBRE'!$K$87,'[13]INFORME FINAL DICIEMBRE'!$K$88,'[13]INFORME FINAL DICIEMBRE'!$K$89,'[13]INFORME FINAL DICIEMBRE'!$K$90,'[13]INFORME FINAL DICIEMBRE'!$K$91,'[13]INFORME FINAL DICIEMBRE'!$K$92,'[13]INFORME FINAL DICIEMBRE'!$K$93,'[13]INFORME FINAL DICIEMBRE'!$K$94,'[13]INFORME FINAL DICIEMBRE'!$K$98,'[13]INFORME FINAL DICIEMBRE'!$K$99,'[13]INFORME FINAL DICIEMBRE'!$K$103,'[13]INFORME FINAL DICIEMBRE'!$K$106,'[13]INFORME FINAL DICIEMBRE'!$K$110,'[13]INFORME FINAL DICIEMBRE'!$K$112,'[13]INFORME FINAL DICIEMBRE'!$K$113) -> 8625016 | E39: =C39-D39 -> 17563733
A40: 6540 | B40: 7851 | C40: =E31 -> 49231117 | D40: =SUM('[14]INFORME FINAL DICIEMBRE'!K76,'[14]INFORME FINAL DICIEMBRE'!K79,'[14]INFORME FINAL DICIEMBRE'!K80,'[14]INFORME FINAL DICIEMBRE'!K102,'[14]INFORME FINAL DICIEMBRE'!K104,'[14]INFORME FINAL DICIEMBRE'!K107,'[14]INFORME FINAL DICIEMBRE'!K114,'[14]INFORME FINAL DICIEMBRE'!K115,'[14]INFORME FINAL DICIEMBRE'!K116,'[14]INFORME FINAL DICIEMBRE'!K117,'[14]INFORME FINAL DICIEMBRE'!K118,'[14]INFORME FINAL DICIEMBRE'!K119,'[14]INFORME FINAL DICIEMBRE'!K120,'[14]INFORME FINAL DICIEMBRE'!K121) -> 4036889 | E40: =C40-D40 -> 45194228
A41: 6538 | B41: 7852 | C41: =E32 -> 790011019 | D41: =SUM('[14]INFORME FINAL DICIEMBRE'!K9:K12,'[14]INFORME FINAL DICIEMBRE'!O70,'[14]INFORME FINAL DICIEMBRE'!K74,'[14]INFORME FINAL DICIEMBRE'!K75,'[14]INFORME FINAL DICIEMBRE'!K84,'[14]INFORME FINAL DICIEMBRE'!K95,'[14]INFORME FINAL DICIEMBRE'!K100,'[14]INFORME FINAL DICIEMBRE'!K101,'[14]INFORME FINAL DICIEMBRE'!K105,'[14]INFORME FINAL DICIEMBRE'!K111,'[14]INFORME FINAL DICIEMBRE'!K122,'[14]INFORME FINAL DICIEMBRE'!K123,'[14]INFORME FINAL DICIEMBRE'!K124,'[14]INFORME FINAL DICIEMBRE'!K125,'[14]INFORME FINAL DICIEMBRE'!K126,'[14]INFORME FINAL DICIEMBRE'!K127,'[14]INFORME FINAL DICIEMBRE'!K128,'[14]INFORME FINAL DICIEMBRE'!K129,'[14]INFORME FINAL DICIEMBRE'!K130,'[14]INFORME FINAL DICIEMBRE'!K131,'[14]INFORME FINAL DICIEMBRE'!K132,'[14]INFORME FINAL DICIEMBRE'!K133,'[14]INFORME FINAL DICIEMBRE'!K134,'[14]INFORME FINAL DICIEMBRE'!K135,'[14]INFORME FINAL DICIEMBRE'!K136,'[14]INFORME FINAL DICIEMBRE'!K137-2423772) -> 120547069 | E41: =C41-D41 -> 669463950
A42: 6542 | B42: 7854 | C42: =E33 -> 4336482 | D42: =SUM('[14]INFORME FINAL DICIEMBRE'!K82,'[14]INFORME FINAL DICIEMBRE'!K83,'[14]INFORME FINAL DICIEMBRE'!K96,'[14]INFORME FINAL DICIEMBRE'!K97,'[14]INFORME FINAL DICIEMBRE'!K108,'[14]INFORME FINAL DICIEMBRE'!K109) -> 1327507 | E42: =C42-D42 -> 3008975
A43: 6541 | B43: SAF- 5119 | C43: =E34 -> 4088490 | D43: 0 | E43: =C43-D43 -> 4088490
A44: TOTAL CONTRATO | E44: =SUM(E39:E43) -> 739319376
C45: =SUM(C39:C43) -> 873855857 | D45: =SUM(D39:D43) -> 134536481
A46: SEGUIMIENTO CONTRATO 1916 / 2022
A47: RP | B47: RUBRO | C47: VALOR RP | D47: SERVICIO ENERO - FEB 07 | E47: SALDO
A48: 6539 | B48: 7850 | C48: =E39 -> 17563733 | D48: 0 | E48: =C48-D48 -> 17563733
A49: 6540 | B49: 7851 | C49: =E40 -> 45194228 | D49: =SUM('[9]INFORME FINAL ENE - FEB'!K103,'[9]INFORME FINAL ENE - FEB'!K104,'[9]INFORME FINAL ENE - FEB'!K105,'[9]INFORME FINAL ENE - FEB'!K106,'[9]INFORME FINAL ENE - FEB'!K107,'[9]INFORME FINAL ENE - FEB'!K108,'[9]INFORME FINAL ENE - FEB'!K109,'[9]INFORME FINAL ENE - FEB'!K110,'[9]INFORME FINAL ENE - FEB'!K123,'[9]INFORME FINAL ENE - FEB'!K124,'[9]INFORME FINAL ENE - FEB'!K125,'[9]INFORME FINAL ENE - FEB'!K126,'[9]INFORME FINAL ENE - FEB'!K127,'[9]INFORME FINAL ENE - FEB'!K128,'[9]INFORME FINAL ENE - FEB'!K129,'[9]INFORME FINAL ENE - FEB'!K130,'[9]INFORME FINAL ENE - FEB'!K131,'[9]INFORME FINAL ENE - FEB'!K132,'[9]INFORME FINAL ENE - FEB'!K133,'[9]INFORME FINAL ENE - FEB'!K134,'[9]INFORME FINAL ENE - FEB'!K135) -> 6132711 | E49: =C49-D49 -> 39061517
A50: 6538 | B50: 7852 | C50: =E41 -> 669463950 | D50: =SUM('[9]INFORME FINAL ENE - FEB'!K83,'[9]INFORME FINAL ENE - FEB'!K84,'[9]INFORME FINAL ENE - FEB'!K85,'[9]INFORME FINAL ENE - FEB'!K86,'[9]INFORME FINAL ENE - FEB'!K87,'[9]INFORME FINAL ENE - FEB'!K88,'[9]INFORME FINAL ENE - FEB'!K89,'[9]INFORME FINAL ENE - FEB'!K90,'[9]INFORME FINAL ENE - FEB'!K91,'[9]INFORME FINAL ENE - FEB'!K92,'[9]INFORME FINAL ENE - FEB'!K93,'[9]INFORME FINAL ENE - FEB'!K94,'[9]INFORME FINAL ENE - FEB'!K95,'[9]INFORME FINAL ENE - FEB'!K96,'[9]INFORME FINAL ENE - FEB'!K97,'[9]INFORME FINAL ENE - FEB'!K98,'[9]INFORME FINAL ENE - FEB'!K99,'[9]INFORME FINAL ENE - FEB'!K100,'[9]INFORME FINAL ENE - FEB'!K101,'[9]INFORME FINAL ENE - FEB'!K102,'[9]INFORME FINAL ENE - FEB'!K111,'[9]INFORME FINAL ENE - FEB'!K112,'[9]INFORME FINAL ENE - FEB'!K113,'[9]INFORME FINAL ENE - FEB'!K114,'[9]INFORME FINAL ENE - FEB'!K115,'[9]INFORME FINAL ENE - FEB'!K116,'[9]INFORME FINAL ENE - FEB'!K117,'[9]INFORME FINAL ENE - FEB'!K118,'[9]INFORME FINAL ENE - FEB'!K9:K12,'[9]INFORME FINAL ENE - FEB'!O79) -> 146637987 | E50: =C50-D50 -> 522825963
A51: 6542 | B51: 7854 | C51: =E42 -> 3008975 | D51: =SUM('[9]INFORME FINAL ENE - FEB'!K119,'[9]INFORME FINAL ENE - FEB'!K120,'[9]INFORME FINAL ENE - FEB'!K121,'[9]INFORME FINAL ENE - FEB'!K122) -> 1512734 | E51: =C51-D51 -> 1496241
A52: 6541 | B52: SAF- 5119 | C52: =E43 -> 4088490 | D52: 0 | E52: =C52-D52 -> 4088490
A53: TOTAL CONTRATO | E53: =SUM(E48:E52) -> 585035944
C54: =SUM(C48:C52) -> 739319376 | D54: =SUM(D48:D52) -> 154283432
A55: SEGUIMIENTO CONTRATO 1916 / 2022
A56: RP | B56: RUBRO | C56: VALOR RP | D56: SERVICIO - FEB 08 - FEB 28 | E56: SALDO
A57: 6539 | B57: 7850 | C57: =E48 -> 17563733 | D57: =SUM('INFORME FINAL FEB2'!K98,'INFORME FINAL FEB2'!K99,'INFORME FINAL FEB2'!K100) -> 608893 | E57: =C57-D57 -> 16954840
A58: 6540 | B58: 7851 | C58: =E49 -> 39061517 | D58: =SUM('INFORME FINAL FEB2'!K92,'INFORME FINAL FEB2'!K93,'INFORME FINAL FEB2'!K94,'INFORME FINAL FEB2'!K96,'INFORME FINAL FEB2'!K97,'INFORME FINAL FEB2'!K101,'INFORME FINAL FEB2'!K102) -> 2236066 | E58: =C58-D58 -> 36825451
A59: 6538 | B59: 7852 | C59: =E50 -> 522825963 | D59: =SUM('INFORME FINAL FEB2'!O79,'INFORME FINAL FEB2'!L82,'INFORME FINAL FEB2'!K83,'INFORME FINAL FEB2'!K84,'INFORME FINAL FEB2'!K85,'INFORME FINAL FEB2'!K86,'INFORME FINAL FEB2'!K87,'INFORME FINAL FEB2'!K88,'INFORME FINAL FEB2'!K89,'INFORME FINAL FEB2'!K90,'INFORME FINAL FEB2'!K91,'INFORME FINAL FEB2'!K95,'INFORME FINAL FEB2'!K103,'INFORME FINAL FEB2'!K104) -> 69663725 | E59: =C59-D59 -> 453162238
A60: 6542 | B60: 7854 | C60: =E51 -> 1496241 | D60: 0 | E60: =C60-D60 -> 1496241
A61: 6541 | B61: SAF- 5119 | C61: =E52 -> 4088490 | D61: 0 | E61: =C61-D61 -> 4088490
A62: TOTAL CONTRATO | E62: =SUM(E57:E61) -> 512527260
C63: =SUM(C57:C61) -> 585035944 | D63: =SUM(D57:D61) -> 72508684
A64: SEGUIMIENTO CONTRATO 1916 / 2022
A65: RP | B65: RUBRO | C65: VALOR RP | D65: SERVICIO - FEB 08 - FEB 28 | E65: SALDO
A66: 6539 | B66: 7850 | C66: =E57 -> 16954840 | E66: =C66-D66 -> 16954840
A67: 6540 | B67: 7851 | C67: =E58 -> 36825451 | E67: =C67-D67 -> 36825451
A68: 6538 | B68: 7852 | C68: =E59 -> 453162238 | E68: =C68-D68 -> 453162238
A69: 6542 | B69: 7854 | C69: =E60 -> 1496241 | E69: =C69-D69 -> 1496241
A70: 6541 | B70: SAF- 5119 | C70: =E61 -> 4088490 | E70: =C70-D70 -> 4088490
A71: TOTAL CONTRATO | E71: =SUM(E66:E70) -> 512527260
C72: =SUM(C66:C70) -> 512527260 | D72: =SUM(D66:D70) -> 0

Sheet INFORME FINAL ENE - FEB
B1: LOGISTICA Y REDES DE DISTRIBUCION S.A.S- IDRD 2022 ZONA NORTE-CENTRO-SUR | Z1: 504881
B2: CONTRATO 1916 DE 2022 - CORTE DEL 1 ENERO DE 2023 AL 05 DE FEBRERO DE 2023 | Z2: 53564
B3: FECHA | C3: CAMIONES | D3: OPERARIOS | E3: OPERARIOS ADICIONALES | F3: JORNADA | G3: DESCRIPCION DEL DESCUENTO | H3: VALOR TOTAL CAMIONES | I3: VALOR OPERARIOS ADICIONALES | J3: VALOR DESCUENTOS | K3: RECREOVÍA | L3: .
B5: ZONA NORTE- CENTRO - SUR | K5: MES ENERO Y FEBRERO RECREOVIA: CAMIONES CON 4 OPERARIOS (15 HORAS) 12 - CAMIONES CON 3 OPERARIOS (15 HORAS) 12 - CAMIONES CON 2 OPERARIOS (15 HORAS) 0 - CAMIONES CON 4 OPERARIOS (9 HORAS) 0 - OPERARIOS (8 HORAS) 227 - OPERARIOS (6 HORAS) 220
B6: 44934 | C6: ='[9]8 ENERO'!C67 -> 26 | D6: ='[9]8 ENERO'!B67 -> 66 | F6: DOMINGO - CICLOVIA RUTA | H6: ='[9]8 ENERO'!G67 -> 11516634
B7: 44934 | C7: ='[9]8 ENERO'!U25 -> 4 | D7: ='[9]8 ENERO'!T25 -> 12 | F7: DOMINGO - CAMIONES DE CONOS | H7: ='[9]8 ENERO'!Y25 -> 2847476
B8: 44934 | C8: ='[9]8 ENERO'!L25 -> 2 | D8: ='[9]8 ENERO'!K25 -> 3 | F8: DOMINGO- ESCUELA DE LA BICICLETA | H8: ='[9]8 ENERO'!P25 -> 682585
K9: 31815123
L10: CICLOVÍA | M10: CICLOVÍA + RECREOVÍA
L11: =SUM(H6:I11) -> 15046695 | M11: =L11+K9+L19+L28+L55+L37+L46+L64 -> 121707164
B12: TOTAL | C12: =SUM(C6:C8) -> 32 | D12: =SUM(D6:D8) -> 81 | E12: =SUM(E6:E11) -> 0 | H12: =SUM(H6:H11) -> 15046695 | I12: =SUM(I11) -> 0 | J12: 0
J13: ,
B14: ZONA NORTE- CENTRO - SUR
B15: 44935 | C15: ='[9]9 ENERO '!C67 -> 21 | D15: ='[9]9 ENERO '!B67 -> 57 | F15: DOMINGO - CICLOVIA RUTA | H15: ='[9]9 ENERO '!G67 -> 9638455
B16: 44935 | C16: ='[9]9 ENERO '!U25 -> 4 | D16: ='[9]9 ENERO '!T25 -> 12 | F16: DOMINGO - CAMIONES DE CONOS | H16: ='[9]9 ENERO '!Y25 -> 2847476
B17: 44935 | C17: ='[9]9 ENERO '!L25 -> 2 | D17: ='[9]9 ENERO '!K25 -> 3 | F17: DOMINGO- ESCUELA DE LA BICICLETA | H17: ='[9]9 ENERO '!P25 -> 682585
L18: CICLOVÍA | M18: CICLOVÍA + RECREOVÍA
L19: =SUM(H15:I20) -> 13168516
B21: TOTAL | C21: =SUM(C15:C20) -> 27 | D21: =SUM(D15:D20) -> 72 | E21: =SUM(E15:E20) -> 0 | H21: =SUM(H15:H20) -> 13168516 | J21: 0
B23: ZONA NORTE- CENTRO - SUR
B24: 44941 | C24: ='[9]15 ENERO'!C67 -> 26 | D24: ='[9]15 ENERO'!B67 -> 73 | F24: DOMINGO - CICLOVIA RUTA | H24: ='[9]15 ENERO'!G67 -> 11959136
B25: 44941 | C25: ='[9]15 ENERO'!U25 -> 4 | D25: ='[9]15 ENERO'!T25 -> 11 | F25: DOMINGO - CAMIONES DE CONOS | H25: ='[9]15 ENERO'!Y25 -> 2793899
B26: 44941 | C26: ='[9]15 ENERO'!L25 -> 1 | D26: ='[9]15 ENERO'!K25 -> 3 | F26: DOMINGO- ESCUELA DE LA BICICLETA | H26: ='[9]15 ENERO'!P25 -> 682585
L27: CICLOVÍA | M27: CICLOVÍA + RECREOVÍA
L28: =SUM(H24:I29) -> 15435620
B30: TOTAL | C30: =SUM(C24:C29) -> 31 | D30: =SUM(D24:D29) -> 87 | E30: =SUM(E24:E29) -> 0 | H30: =SUM(H24:H29) -> 15435620 | I30: =SUM(I24:I29) -> 0 | J30: 0
B32: ZONA NORTE- CENTRO - SUR
B33: 44948 | C33: ='[9]22 ENERO'!C67 -> 26 | D33: ='[9]22 ENERO'!B67 -> 72 | F33: DOMINGO - CICLOVIA RUTA | H33: ='[9]22 ENERO'!G67 -> 11862438
B34: 44948 | C34: ='[9]22 ENERO'!U25 -> 4 | D34: ='[9]22 ENERO'!T25 -> 13 | F34: DOMINGO - CAMIONES DE CONOS | H34: ='[9]22 ENERO'!Y25 -> 2902147
B35: 44948 | C35: ='[9]22 ENERO'!L25 -> 3 | D35: ='[9]22 ENERO'!K25 -> 4 | F35: DOMINGO- ESCUELA DE LA BICICLETA | H35: ='[9]22 ENERO'!P25 -> 1011982
L36: CICLOVÍA | M36: CICLOVÍA + RECREOVÍA
L37: =SUM(H33:I38) -> 15776567
B39: TOTAL | C39: =SUM(C33:C38) -> 33 | D39: =SUM(D33:D38) -> 89 | E39: =SUM(E33:E38) -> 0 | H39: =SUM(H33:H38) -> 15776567 | I39: =SUM(I33:I38) -> 0 | J39: 0
B41: ZONA NORTE- CENTRO - SUR
B42: 44955 | C42: ='[9]29 ENERO '!C67 -> 26 | D42: ='[9]29 ENERO '!B67 -> 79 | F42: DOMINGO - CICLOVIA RUTA | H42: ='[9]29 ENERO '!G67 -> 12323753
B43: 44955 | C43: ='[9]29 ENERO '!U25 -> 4 | D43: ='[9]29 ENERO '!T25 -> 16 | F43: DOMINGO - CAMIONES DE CONOS | H43: ='[9]29 ENERO '!Y25 -> 3073650
B44: 44955 | C44: ='[9]29 ENERO '!L25 -> 2 | D44: ='[9]29 ENERO '!K25 -> 3 | F44: DOMINGO- ESCUELA DE LA BICICLETA | H44: ='[9]29 ENERO '!P25 -> 682585
L45: CICLOVÍA | M45: CICLOVÍA + RECREOVÍA
L46: =SUM(H42:I47) -> 16079988
B48: TOTAL | C48: =SUM(C42:C47) -> 32 | D48: =SUM(D42:D47) -> 98 | E48: =SUM(E42:E47) -> 0 | H48: =SUM(H42:H47) -> 16079988 | I48: =SUM(I42:I47) -> 0 | J48: 0
B50: ZONA NORTE- CENTRO - SUR
B51: 44959 | C51: ='[9]02 FEBRERO MAÑANA '!C67 -> 14 | D51: ='[9]02 FEBRERO MAÑANA '!B67 -> 54 | F51: DOMINGO - CICLOVIA RUTA | H51: ='[9]02 FEBRERO MAÑANA '!G67 -> 4517446
B52: 44959 | C52: ='[9]02 FEBRERO MAÑANA '!U25 -> 2 | D52: ='[9]02 FEBRERO MAÑANA '!T25 -> 22 | F52: DOMINGO - CAMIONES DE CONOS | H52: ='[9]02 FEBRERO MAÑANA '!Y25 -> 2298785
B53: 44959 | C53: ='[9]02 FEBRERO MAÑANA '!L25 -> 1 | D53: ='[9]02 FEBRERO MAÑANA '!K25 -> 4 | F53: DOMINGO- ESCUELA DE LA BICICLETA | H53: ='[9]02 FEBRERO MAÑANA '!P25 -> 509192
L54: CICLOVÍA | M54: CICLOVÍA + RECREOVÍA
L55: =SUM(H51:I56) -> 7325423
B57: TOTAL | C57: =SUM(C51:C56) -> 17 | D57: =SUM(D51:D56) -> 80 | E57: =SUM(E51:E56) -> 0 | H57: =SUM(H51:H56) -> 7325423 | I57: =SUM(I51:I56) -> 0 | J57: 0
B59: ZONA NORTE- CENTRO - SUR
B60: 44959 | C60: ='[9]02 FEBRERO TARDE'!C67 -> 14 | D60: ='[9]02 FEBRERO TARDE'!B67 -> 53 | F60: DOMINGO - CICLOVIA RUTA | H60: ='[9]02 FEBRERO TARDE'!G67 -> 4397999
B61: 44959 | C61: ='[9]02 FEBRERO TARDE'!U25 -> 3 | D61: ='[9]02 FEBRERO TARDE'!T25 -> 7 | F61: DOMINGO - CAMIONES DE CONOS | H61: ='[9]02 FEBRERO TARDE'!Y25 -> 2661233
B62: 44959 | C62: ='[9]02 FEBRERO TARDE'!L25 -> 0 | D62: ='[9]02 FEBRERO TARDE'!K25 -> 0 | F62: DOMINGO- ESCUELA DE LA BICICLETA | H62: ='[9]02 FEBRERO TARDE'!P25 -> 0
L63: CICLOVÍA | M63: CICLOVÍA + RECREOVÍA
L64: =SUM(H60:I65) -> 7059232
B66: TOTAL | C66: =SUM(C60:C65) -> 17 | D66: =SUM(D60:D65) -> 60 | E66: =SUM(E60:E65) -> 0 | H66: =SUM(H60:H65) -> 7059232 | I66: =SUM(I60:I65) -> 0 | J66: 0
B68: ZONA NORTE- CENTRO - SUR
B69: 44962 | C69: ='[9]05 FEBRERO '!C67 -> 26 | D69: ='[9]05 FEBRERO '!B67 -> 76 | F69: DOMINGO - CICLOVIA RUTA | H69: ='[9]05 FEBRERO '!G67 -> 12159740
B70: 44962 | C70: ='[9]05 FEBRERO '!U25 -> 4 | D70: ='[9]05 FEBRERO '!T25 -> 15 | F70: DOMINGO - CAMIONES DE CONOS | H70: ='[9]05 FEBRERO '!Y25 -> 3015234
B71: 44962 | C71: ='[9]05 FEBRERO '!L25 -> 3 | D71: ='[9]05 FEBRERO '!K25 -> 3 | F71: DOMINGO- ESCUELA DE LA BICICLETA | H71: ='[9]05 FEBRERO '!P25 -> 1191777
L72: CICLOVÍA | M72: CICLOVÍA + RECREOVÍA
L73: =SUM(H69:I74) -> 16366751
B75: TOTAL | C75: =SUM(C69:C74) -> 33 | D75: =SUM(D69:D74) -> 94 | E75: =SUM(E69:E74) -> 0 | H75: =SUM(H69:H74) -> 16366751 | I75: =SUM(I69:I74) -> 0 | J75: 0
H77: VALOR | I77: VALOR OPERARIOS ADICIONALES | J77: VALOR DESCUENTOS
B78: TOTAL | C78: =C21+C12+C30+C57+C48+C39 -> 172 | D78: =D21+D12+D30+D57+D48+D66+D39 -> 567 | E78: =E21+E12+E30+E57+E66+E48+E39 -> 0 | F78: TOTAL | H78: =SUM(H12,H21,H30,H39,H48,H57,H66,H75) -> 106258792 | I78: =I12+I21+I30+I57+I66+I48+I39 -> 0 | J78: =J12+J21+J30+J57+J66 -> 0 | L78: TOTAL ZONA NORTE | M78: TOTAL ZONA CENTRO | N78: TOTAL ZONA SUR | O78: VALOR TOTAL
F79: TOTAL CICLOVIA | G79: =H78+I78 -> 106258792 | L79: =SUM('[9]8 ENERO'!M70,'[9]9 ENERO '!M70,'[9]15 ENERO'!M70,'[9]22 ENERO'!M70,'[9]29 ENERO '!M70,'[9]02 FEBRERO MAÑANA '!M70,'[9]02 FEBRERO TARDE'!M70,'[9]05 FEBRERO '!M70) -> 28332541 | M79: =SUM('[9]8 ENERO'!N70,'[9]9 ENERO '!N70,'[9]15 ENERO'!N70,'[9]22 ENERO'!N70,'[9]29 ENERO '!N70,'[9]02 FEBRERO MAÑANA '!N70,'[9]02 FEBRERO TARDE'!N70,'[9]05 FEBRERO '!N70) -> 47853628 | N79: =SUM('[9]8 ENERO'!O70,'[9]9 ENERO '!O70,'[9]15 ENERO'!O70,'[9]22 ENERO'!O70,'[9]29 ENERO '!O70,'[9]02 FEBRERO MAÑANA '!O70,'[9]02 FEBRERO TARDE'!O70,'[9]05 FEBRERO '!O70) -> 30072623 | O79: =L79+M79+N79 -> 106258792
F80: TOTAL RECREOVÍA | G80: =K9 -> 31815123
B81: SERVICIOS ADICIONALES | L81: RECREOVÍA TOTAL
B82: FECHA (Ej. 19-Jul-09) | C82: HORA INICIO (Hora Militar) | D82: HORA FINAL (Hora Militar) | E82: EVENTO (Como aparece en el plan de acción) | F82: LUGAR Y DIRECCION | G82: PROYECTO DE INVERSIÓN (Como aparece en el plan de acción) | H82: PROGRAMA | I82: Disponibilidad | J82: Tipo de servicio | K82: valor | L82: =G80 -> 31815123
B83: 44957 | C83: 0.23958333 | D83: 0.77083333 | E83: MANZANAS DEL CUIDADO | F83: UDS (CALLE 63 X CRA 68) | G83: 7852 | H83: COMUNIDADES ACTIVIDAS Y SALUDABLES | I83: =+IF(J83=0,0,CONCATENATE(MID(J83,FIND("-",J83,1)+1,4),"ORAS")) -> 15 HORAS | J83: 19.CAMION TIPO25m³-15 HORAS-1 OP | K83: =+IF(J83=0,0,IF(J83="","",VLOOKUP('INFORME FINAL ENE - FEB'!J83,[9]PLANTILLA!$H$139:$I$191,2,0))) -> 323189
B84: 44930 | C84: 0.23958333 | D84: 0.77083333 | E84: MANZANAS DEL CUIDADO | F84: UDS (CALLE 63 X CRA 68) | G84: 7852 | H84: COMUNIDADES ACTIVIDAS Y SALUDABLES | I84: =+IF(J84=0,0,CONCATENATE(MID(J84,FIND("-",J84,1)+1,4),"ORAS")) -> 15 HORAS | J84: 19.CAMION TIPO25m³-15 HORAS-1 OP | K84: =+IF(J84=0,0,IF(J84="","",VLOOKUP('INFORME FINAL ENE - FEB'!J84,[9]PLANTILLA!$H$139:$I$191,2,0))) -> 323189
B85: 44931 | C85: 0.5 | D85: 0.5625 | E85: MANZANAS DEL CUIDADO | F85: UDS (CALLE 63 X CRA 68) | G85: 7852 | H85: COMUNIDADES ACTIVIDAS Y SALUDABLES | I85: =+IF(J85=0,0,CONCATENATE(MID(J85,FIND("-",J85,1)+1,4),"ORAS")) -> 09 HORAS | J85: 24.CAMION TIPO25m³-09 HORAS-1 OP | K85: =+IF(J85=0,0,IF(J85="","",VLOOKUP('INFORME FINAL ENE - FEB'!J85,[9]PLANTILLA!$H$139:$I$191,2,0))) -> 290841
B86: 44932 | C86: 0.23958333 | D86: 0.77083333 | E86: MANZANAS DEL CUIDADO | F86: UDS (CALLE 63 X CRA 68) | G86: 7852 | H86: COMUNIDADES ACTIVIDAS Y SALUDABLES | I86: =+IF(J86=0,0,CONCATENATE(MID(J86,FIND("-",J86,1)+1,4),"ORAS")) -> 15 HORAS | J86: 19.CAMION TIPO25m³-15 HORAS-1 OP | K86: =+IF(J86=0,0,IF(J86="","",VLOOKUP('INFORME FINAL ENE - FEB'!J86,[9]PLANTILLA!$H$139:$I$191,2,0))) -> 323189
B87: 44936 | C87: 0.23958333 | D87: 0.5625 | E87: MANZANAS DEL CUIDADO | F87: UDS (CALLE 63 X CRA 68) | G87: 7852 | H87: COMUNIDADES ACTIVIDAS Y SALUDABLES | I87: =+IF(J87=0,0,CONCATENATE(MID(J87,FIND("-",J87,1)+1,4),"ORAS")) -> 09 HORAS | J87: 24.CAMION TIPO25m³-09 HORAS-1 OP | K87: =+IF(J87=0,0,IF(J87="","",VLOOKUP('INFORME FINAL ENE - FEB'!J87,[9]PLANTILLA!$H$139:$I$191,2,0))) -> 290841
B88: 44937 | C88: 0.23958333 | D88: 0.5625 | E88: MANZANAS DEL CUIDADO | F88: UDS (CALLE 63 X CRA 68) | G88: 7852 | H88: COMUNIDADES ACTIVIDAS Y SALUDABLES | I88: =+IF(J88=0,0,CONCATENATE(MID(J88,FIND("-",J88,1)+1,4),"ORAS")) -> 09 HORAS | J88: 24.CAMION TIPO25m³-09 HORAS-1 OP | K88: =+IF(J88=0,0,IF(J88="","",VLOOKUP('INFORME FINAL ENE - FEB'!J88,[9]PLANTILLA!$H$139:$I$191,2,0))) -> 290841
B89: 44938 | C89: 0.28125 | D89: 0.77083333 | E89: MANZANAS DEL CUIDADO | F89: UDS (CALLE 63 X CRA 68) | G89: 7852 | H89: COMUNIDADES ACTIVIDAS Y SALUDABLES | I89: =+IF(J89=0,0,CONCATENATE(MID(J89,FIND("-",J89,1)+1,4),"ORAS")) -> 15 HORAS | J89: 19.CAMION TIPO25m³-15 HORAS-1 OP | K89: =+IF(J89=0,0,IF(J89="","",VLOOKUP('INFORME FINAL ENE - FEB'!J89,[9]PLANTILLA!$H$139:$I$191,2,0))) -> 323189
B90: 44939 | C90: 0.23958333 | D90: 0.5625 | E90: MANZANAS DEL CUIDADO | F90: UDS (CALLE 63 X CRA 68) | G90: 7852 | H90: COMUNIDADES ACTIVIDAS Y SALUDABLES | I90: =+IF(J90=0,0,CONCATENATE(MID(J90,FIND("-",J90,1)+1,4),"ORAS")) -> 09 HORAS | J90: 24.CAMION TIPO25m³-09 HORAS-1 OP | K90: =+IF(J90=0,0,IF(J90="","",VLOOKUP('INFORME FINAL ENE - FEB'!J90,[9]PLANTILLA!$H$139:$I$191,2,0))) -> 290841
B91: 44943 | C91: 0.23958333 | D91: 0.77083333 | E91: MANZANAS DEL CUIDADO | F91: UDS (CALLE 63 X CRA 68) | G91: 7852 | H91: COMUNIDADES ACTIVIDAS Y SALUDABLES | I91: =+IF(J91=0,0,CONCATENATE(MID(J91,FIND("-",J91,1)+1,4),"ORAS")) -> 15 HORAS | J91: 19.CAMION TIPO25m³-15 HORAS-1 OP | K91: =+IF(J91=0,0,IF(J91="","",VLOOKUP('INFORME FINAL ENE - FEB'!J91,[9]PLANTILLA!$H$139:$I$191,2,0))) -> 323189
B92: 44944 | C92: 0.23958333 | D92: 0.77083333 | E92: MANZANAS DEL CUIDADO | F92: UDS (CALLE 63 X CRA 68) | G92: 7852 | H92: COMUNIDADES ACTIVIDAS Y SALUDABLES | I92: =+IF(J92=0,0,CONCATENATE(MID(J92,FIND("-",J92,1)+1,4),"ORAS")) -> 15 HORAS | J92: 19.CAMION TIPO25m³-15 HORAS-1 OP | K92: =+IF(J92=0,0,IF(J92="","",VLOOKUP('INFORME FINAL ENE - FEB'!J92,[9]PLANTILLA!$H$139:$I$191,2,0))) -> 323189
B93: 44945 | C93: 0.5 | D93: 0.5625 | E93: MANZANAS DEL CUIDADO | F93: UDS (CALLE 63 X CRA 68) | G93: 7852 | H93: COMUNIDADES ACTIVIDAS Y SALUDABLES | I93: =+IF(J93=0,0,CONCATENATE(MID(J93,FIND("-",J93,1)+1,4),"ORAS")) -> 09 HORAS | J93: 24.CAMION TIPO25m³-09 HORAS-1 OP | K93: =+IF(J93=0,0,IF(J93="","",VLOOKUP('INFORME FINAL ENE - FEB'!J93,[9]PLANTILLA!$H$139:$I$191,2,0))) -> 290841
B94: 44946 | C94: 0.23958333 | D94: 0.77083333 | E94: MANZANAS DEL CUIDADO | F94: UDS (CALLE 63 X CRA 68) | G94: 7852 | H94: COMUNIDADES ACTIVIDAS Y SALUDABLES | I94: =+IF(J94=0,0,CONCATENATE(MID(J94,FIND("-",J94,1)+1,4),"ORAS")) -> 15 HORAS | J94: 19.CAMION TIPO25m³-15 HORAS-1 OP | K94: =+IF(J94=0,0,IF(J94="","",VLOOKUP('INFORME FINAL ENE - FEB'!J94,[9]PLANTILLA!$H$139:$I$191,2,0))) -> 323189
... B100: 44928 | C100: 0.22916667 | D100: 0.5625 | E100: MANZANAS DEL CUIDADO | F100: UDS (CALLE 63 X CRA 68) | G100: 7852 | H100: COMUNIDADES ACTIVIDAS Y SALUDABLES | I100: =+IF(J100=0,0,CONCATENATE(MID(J100,FIND("-",J100,1)+1,4),"ORAS")) -> 09 HORAS | J100: 24.CAMION TIPO25m³-09 HORAS-1 OP | K100: =+IF(J100=0,0,IF(J100="","",VLOOKUP('INFORME FINAL ENE - FEB'!J100,[9]PLANTILLA!$H$139:$I$191,2,0))) -> 290841
B101: 44929 | C101: 0.22916667 | D101: 0.75 | E101: MANZANAS DEL CUIDADO | F101: UDS (CALLE 63 X CRA 68) | G101: 7852 | H101: COMUNIDADES ACTIVIDAS Y SALUDABLES | I101: =+IF(J101=0,0,CONCATENATE(MID(J101,FIND("-",J101,1)+1,4),"ORAS")) -> 15 HORAS | J101: 19.CAMION TIPO25m³-15 HORAS-1 OP | K101: =+IF(J101=0,0,IF(J101="","",VLOOKUP('INFORME FINAL ENE - FEB'!J101,[9]PLANTILLA!$H$139:$I$191,2,0))) -> 323189 | DG101: X | DM101: 1 | DN101: X
B102: 44933 | C102: 0.22916667 | D102: 0.5625 | E102: MANZANAS DEL CUIDADO | F102: UDS (CALLE 63 X CRA 68) | G102: 7852 | H102: COMUNIDADES ACTIVIDAS Y SALUDABLES | I102: =+IF(J102=0,0,CONCATENATE(MID(J102,FIND("-",J102,1)+1,4),"ORAS")) -> 09 HORAS | J102: 24.CAMION TIPO25m³-09 HORAS-1 OP | K102: =+IF(J102=0,0,IF(J102="","",VLOOKUP('INFORME FINAL ENE - FEB'!J102,[9]PLANTILLA!$H$139:$I$191,2,0))) -> 290841 | DG102: X | DM102: 1 | DN102: X
B103: 44956 | C103: 0.33333333 | D103: 0.6875 | E103: TRASLADO DE ELMENTOS CICLOVÍA | F103: CALLE 3 - PLAZA DE LOS ARTESANOS | G103: 7851 | H103: RECREACIÓN Y DEPORTE PARA LA FORMACIÓN CIUDADANA | I103: =+IF(J103=0,0,CONCATENATE(MID(J103,FIND("-",J103,1)+1,4),"ORAS")) -> 09 HORAS | J103: 8.CAMION TIPO40m³-09 HORAS-2 OP | K103: =+IF(J103=0,0,IF(J103="","",VLOOKUP('INFORME FINAL ENE - FEB'!J103,[9]PLANTILLA!$H$139:$I$191,2,0))) -> 392186 | DG103: X | DM103: 1 | DN103: X
B104: 44956 | C104: 0.41666667 | D104: 0.6875 | E104: TRASLADO DE ELMENTOS CICLOVÍA | F104: CALLE 3 - PLAZA DE LOS ARTESANOS | G104: 7851 | H104: RECREACIÓN Y DEPORTE PARA LA FORMACIÓN CIUDADANA | I104: =+IF(J104=0,0,CONCATENATE(MID(J104,FIND("-",J104,1)+1,4),"ORAS")) -> 09 HORAS | J104: 8.CAMION TIPO40m³-09 HORAS-2 OP | K104: =+IF(J104=0,0,IF(J104="","",VLOOKUP('INFORME FINAL ENE - FEB'!J104,[9]PLANTILLA!$H$139:$I$191,2,0))) -> 392186 | DG104: X | DM104: 1 | DN104: X
B105: 44956 | C105: 0.375 | D105: 0.6875 | E105: TRASLADO DE ELMENTOS CICLOVÍA | F105: CALLE 3 - PLAZA DE LOS ARTESANOS | G105: 7851 | H105: RECREACIÓN Y DEPORTE PARA LA FORMACIÓN CIUDADANA | I105: =+IF(J105=0,0,CONCATENATE(MID(J105,FIND("-",J105,1)+1,4),"ORAS")) -> 09 HORAS | J105: 23.CAMION TIPO25m³-09 HORAS-2 OP | K105: =+IF(J105=0,0,IF(J105="","",VLOOKUP('INFORME FINAL ENE - FEB'!J105,[9]PLANTILLA!$H$139:$I$191,2,0))) -> 345928 | DG105: X | DM105: 1 | DN105: X
B106: 44956 | C106: 0.35416667 | D106: 0.6875 | E106: TRASLADO DE ELMENTOS CICLOVÍA | F106: CALLE 3 - PLAZA DE LOS ARTESANOS | G106: 7851 | H106: RECREACIÓN Y DEPORTE PARA LA FORMACIÓN CIUDADANA | I106: =+IF(J106=0,0,CONCATENATE(MID(J106,FIND("-",J106,1)+1,4),"ORAS")) -> 09 HORAS | J106: 23.CAMION TIPO25m³-09 HORAS-2 OP | K106: =+IF(J106=0,0,IF(J106="","",VLOOKUP('INFORME FINAL ENE - FEB'!J106,[9]PLANTILLA!$H$139:$I$191,2,0))) -> 345928 | DG106: X | DM106: 1 | DN106: X
B107: 44956 | C107: 0.41666667 | D107: 0.72916667 | E107: TRASLADO DE ELMENTOS CICLOVÍA | F107: CALLE 3 - PLAZA DE LOS ARTESANOS | G107: 7851 | H107: RECREACIÓN Y DEPORTE PARA LA FORMACIÓN CIUDADANA | I107: =+IF(J107=0,0,CONCATENATE(MID(J107,FIND("-",J107,1)+1,4),"ORAS")) -> 09 HORAS | J107: 23.CAMION TIPO25m³-09 HORAS-2 OP | K107: =+IF(J107=0,0,IF(J107="","",VLOOKUP('INFORME FINAL ENE - FEB'!J107,[9]PLANTILLA!$H$139:$I$191,2,0))) -> 345928 | DG107: X | DM107: 1 | DN107: X
B108: 44956 | C108: 0.39583333 | D108: 0.6875 | E108: TRASLADO DE ELMENTOS CICLOVÍA | F108: CALLE 3 - PLAZA DE LOS ARTESANOS | G108: 7851 | H108: RECREACIÓN Y DEPORTE PARA LA FORMACIÓN CIUDADANA | I108: =+IF(J108=0,0,CONCATENATE(MID(J108,FIND("-",J108,1)+1,4),"ORAS")) -> 09 HORAS | J108: 24.CAMION TIPO25m³-09 HORAS-1 OP | K108: =+IF(J108=0,0,IF(J108="","",VLOOKUP('INFORME FINAL ENE - FEB'!J108,[9]PLANTILLA!$H$139:$I$191,2,0))) -> 290841 | DG108: X | DM108: 1 | DN108: X
B109: 44952 | C109: 0.33333333 | D109: 0.75 | E109: TRASLADO DE ELMENTOS CICLOVÍA | F109: CALLE 3 - PLAZA DE LOS ARTESANOS | G109: 7851 | H109: RECREACIÓN Y DEPORTE PARA LA FORMACIÓN CIUDADANA | I109: =+IF(J109=0,0,CONCATENATE(MID(J109,FIND("-",J109,1)+1,4),"ORAS")) -> 09 HORAS | J109: 35.4X4-09 HORAS | K109: =+IF(J109=0,0,IF(J109="","",VLOOKUP('INFORME FINAL ENE - FEB'!J109,[9]PLANTILLA!$H$139:$I$191,2,0))) -> 242399 | DG109: X | DM109: 1 | DN109: X
B110: 44952 | C110: 0.33333333 | D110: 0.75 | E110: TRASLADO DE ELMENTOS CICLOVÍA | F110: CALLE 3 - PLAZA DE LOS ARTESANOS | G110: 7851 | H110: RECREACIÓN Y DEPORTE PARA LA FORMACIÓN CIUDADANA | I110: =+IF(J110=0,0,CONCATENATE(MID(J110,FIND("-",J110,1)+1,4),"ORAS")) -> 09 HORAS | J110: 21.CAMION TIPO25m³-09 HORAS-4 OP | K110: =+IF(J110=0,0,IF(J110="","",VLOOKUP('INFORME FINAL ENE - FEB'!J110,[9]PLANTILLA!$H$139:$I$191,2,0))) -> 433978 | DG110: X | DM110: 1 | DN110: X
B111: 44911 | C111: 0.22916667 | D111: 0.5625 | E111: MANZANAS DEL CUIDADO | F111: UDS (CALLE 63 X CRA 68) | G111: 7852 | H111: COMUNIDADES ACTIVIDAS Y SALUDABLES | I111: =+IF(J111=0,0,CONCATENATE(MID(J111,FIND("-",J111,1)+1,4),"ORAS")) -> 09 HORAS | J111: 24.CAMION TIPO25m³-09 HORAS-1 OP | K111: =+IF(J111=0,0,IF(J111="","",VLOOKUP('INFORME FINAL ENE - FEB'!J111,[9]PLANTILLA!$H$139:$I$191,2,0))) -> 290841 | DG111: X | DM111: 1 | DN111: X
B112: 44915 | C112: 0.23958333 | D112: 0.77083333 | E112: MANZANAS DEL CUIDADO | F112: UDS (CALLE 63 X CRA 68) | G112: 7852 | H112: COMUNIDADES ACTIVIDAS Y SALUDABLES | I112: =+IF(J112=0,0,CONCATENATE(MID(J112,FIND("-",J112,1)+1,4),"ORAS")) -> 15 HORAS | J112: 19.CAMION TIPO25m³-15 HORAS-1 OP | K112: =+IF(J112=0,0,IF(J112="","",VLOOKUP('INFORME FINAL ENE - FEB'!J112,[9]PLANTILLA!$H$139:$I$191,2,0))) -> 323189 | DG112: X | DM112: 1 | DN112: X
... B115: 44918 | C115: 0.23958333 | D115: 0.77083333 | E115: MANZANAS DEL CUIDADO | F115: UDS (CALLE 63 X CRA 68) | G115: 7852 | H115: COMUNIDADES ACTIVIDAS Y SALUDABLES | I115: =+IF(J115=0,0,CONCATENATE(MID(J115,FIND("-",J115,1)+1,4),"ORAS")) -> 15 HORAS | J115: 19.CAMION TIPO25m³-15 HORAS-1 OP | K115: =+IF(J115=0,0,IF(J115="","",VLOOKUP('INFORME FINAL ENE - FEB'!J115,[9]PLANTILLA!$H$139:$I$191,2,0))) -> 323189 | DG115: X | DM115: 1 | DN115: X
B116: 44922 | C116: 0.23958333 | D116: 0.5625 | E116: MANZANAS DEL CUIDADO | F116: UDS (CALLE 63 X CRA 68) | G116: 7852 | H116: COMUNIDADES ACTIVIDAS Y SALUDABLES | I116: =+IF(J116=0,0,CONCATENATE(MID(J116,FIND("-",J116,1)+1,4),"ORAS")) -> 09 HORAS | J116: 24.CAMION TIPO25m³-09 HORAS-1 OP | K116: =+IF(J116=0,0,IF(J116="","",VLOOKUP('INFORME FINAL ENE - FEB'!J116,[9]PLANTILLA!$H$139:$I$191,2,0))) -> 290841
B117: 44923 | C117: 0.23958333 | D117: 0.5625 | E117: MANZANAS DEL CUIDADO | F117: UDS (CALLE 63 X CRA 68) | G117: 7852 | H117: COMUNIDADES ACTIVIDAS Y SALUDABLES | I117: =+IF(J117=0,0,CONCATENATE(MID(J117,FIND("-",J117,1)+1,4),"ORAS")) -> 09 HORAS | J117: 24.CAMION TIPO25m³-09 HORAS-1 OP | K117: =+IF(J117=0,0,IF(J117="","",VLOOKUP('INFORME FINAL ENE - FEB'!J117,[9]PLANTILLA!$H$139:$I$191,2,0))) -> 290841
B118: 44924 | C118: 0.23958333 | D118: 0.77083333 | E118: MANZANAS DEL CUIDADO | F118: UDS (CALLE 63 X CRA 68) | G118: 7852 | H118: COMUNIDADES ACTIVIDAS Y SALUDABLES | I118: =+IF(J118=0,0,CONCATENATE(MID(J118,FIND("-",J118,1)+1,4),"ORAS")) -> 15 HORAS | J118: 19.CAMION TIPO25m³-15 HORAS-1 OP | K118: =+IF(J118=0,0,IF(J118="","",VLOOKUP('INFORME FINAL ENE - FEB'!J118,[9]PLANTILLA!$H$139:$I$191,2,0))) -> 323189
B119: 44957 | C119: 0.29166667 | D119: 0.66666667 | E119: JEC - TRASLADO MATERIAL VERAGUAS | F119: TRASLADO MATERIAL VERAGUAS | G119: 7854 | H119: FORMACIÓN CIUDADANA | I119: =+IF(J119=0,0,CONCATENATE(MID(J119,FIND("-",J119,1)+1,4),"ORAS")) -> 09 HORAS | J119: 7.CAMION TIPO40m³-09 HORAS-3 OP | K119: =+IF(J119=0,0,IF(J119="","",VLOOKUP('INFORME FINAL ENE - FEB'!J119,[9]PLANTILLA!$H$139:$I$191,2,0))) -> 450204
B120: 44957 | C120: 0.33333333 | D120: 0.5 | E120: JEC - TRASLADO MATERIAL VERAGUAS | F120: TRASLADO MATERIAL VERAGUAS | G120: 7854 | H120: FORMACIÓN CIUDADANA | I120: =+IF(J120=0,0,CONCATENATE(MID(J120,FIND("-",J120,1)+1,4),"ORAS")) -> 04 HORAS | J120: 12.CAMION TIPO40m³-04 HORAS-3 OP | K120: =+IF(J120=0,0,IF(J120="","",VLOOKUP('INFORME FINAL ENE - FEB'!J120,[9]PLANTILLA!$H$139:$I$191,2,0))) -> 369327
B121: 44958 | C121: 0.29166667 | D121: 0.66666667 | E121: JEC - TRASLADO MATERIAL VERAGUAS | F121: TRASLADO MATERIAL VERAGUAS | G121: 7854 | H121: FORMACIÓN CIUDADANA | I121: =+IF(J121=0,0,CONCATENATE(MID(J121,FIND("-",J121,1)+1,4),"ORAS")) -> 04 HORAS | J121: 12.CAMION TIPO40m³-04 HORAS-3 OP | K121: =+IF(J121=0,0,IF(J121="","",VLOOKUP('INFORME FINAL ENE - FEB'!J121,[9]PLANTILLA!$H$139:$I$191,2,0))) -> 369327
B122: 44958 | C122: 0.33333333 | D122: 0.5 | E122: JEC - TRASLADO MATERIAL VERAGUAS | F122: TRASLADO MATERIAL VERAGUAS | G122: 7854 | H122: FORMACIÓN CIUDADANA | I122: =+IF(J122=0,0,CONCATENATE(MID(J122,FIND("-",J122,1)+1,4),"ORAS")) -> 04 HORAS | J122: 27.CAMION TIPO25m³-04 HORAS-3 OP | K122: =+IF(J122=0,0,IF(J122="","",VLOOKUP('INFORME FINAL ENE - FEB'!J122,[9]PLANTILLA!$H$139:$I$191,2,0))) -> 323876
...
